Workbook
Name \0: #REF!
Name \1: [1]PLANILHA!#REF!
Name \11: [2]PLANILHA!#REF!
Name \2: #REF!
Name \a: [3]COMPOS1!#REF!
Name \b: [4]SID_NI_5!#REF!
Name \c: [4]SID_NI_5!#REF!
Name \D: #REF!
Name \E: #REF!
Name \F: #REF!
Name \fagf: #REF!
Name \I: #REF!
Name \p: [4]SID_NI_5!#REF!
Name \R: #REF!
Name \S: #REF!
Name \SA: #REF!
Name \w: [5]PLANILHA!#REF!
Name \x: #REF!
Name \z: [6]MARSHALL!$M$3
Name \ZACVDERVREW: #N/A
Name _\: #REF!
Name _\1: #REF!
Name _\11: #REF!
Name _\a: #REF!
Name _\b: #REF!
Name _\c: #REF!
Name _\F: #REF!
Name _\fagf: #REF!
Name _\I: #REF!
Name _\p: #REF!
Name _\R: #REF!
Name _\S: #REF!
Name _\w: #REF!
Name _\z: #REF!
Name _\ZACVDERVREW: #N/A
Name __\1: #REF!
Name __\11: #REF!
Name __\a: #REF!
Name __\b: #REF!
Name __\c: #REF!
Name __\F: #REF!
Name __\fagf: #REF!
Name __\fagf: #REF!
Name __\I: #REF!
Name __\I: #REF!
Name __\p: #REF!
Name __\R: #REF!
Name __\S: #REF!
Name __\S: #REF!
Name __\w: #REF!
Name __\z: #REF!
Name __\ZACVDERVREW: #N/A
Name ___\1: #REF!
Name ___\11: #REF!
Name ___\a: #REF!
Name ___\b: #REF!
Name ___\c: #REF!
Name ___\F: #REF!
Name ___\fagf: #REF!
Name ___\I: #REF!

Sheet BINÔMIO 
A1: GOVERNO DO ESTADO DE PERNAMBUCO DEPARTAMENTO DE ESTRADAS DE RODAGEM
A2: OBJETO: | B2: EXECUÇÃO DAS OBRAS DE RESTAURAÇÃO DA RODOVIA PE-460
A3: RODOVIA : | B3: PE - 460
A4: TRECHO: | B4: ACESSO AO PORTO DA BARRA DE TARRACHIL
A5: EXTENSÃO: | B5: 4,86KM
A6: MAPA DE COTAÇÕES COM ESTUDO DE BINÔMIO
A7: FORNECEDOR | B7: DESCRIÇÃO | C7: DATA COTAÇÃO | D7: PREÇO COTADO (M³) | E7: PREÇO COTADO (T) | F7: FRETE | G7: ÍNDICE ADOTADO | H7: DATA BASE ORÇAMENTO | I7: ÍNDICE DE REAJUSTAMENTO | K7: FATOR DE REGRESSÃO | L7: PREÇO EM JULH-25 (R$/m³.) | M7: PREÇO EM JULH-25 (R$/T.) | N7: DENSIDADE | O7: DIST. FIXA ESTIMADA (KM) | R7: TRANSPORTE | S7: PREÇO UNITÁRIO DO TRANSPORTE | W7: VALOR DO TRANSPORTE | X7: BINÔMIO (AQUISIÇÃO + TRANSPORTE)
I8: ÍNDICE COTAÇÃO | J8: ÍNDICE DATA BASE | O8: P | P8: RP | Q8: LN | R8: DESCRIÇÃO | S8: P (5914389) | T8: RP (5914374) | U8: LN (5914359) | V8: UND | W8: TOTAL | X8: VALOR TOTAL | Y8: UND
A9: BRITA 0 (M0005) | B9: BRITA FORT | C9: 45877 | D9: 115 | E9: _ | F9: FOB | G9: PAVIMENTAÇÃO | H9: 45839 | I9: 589.643 | J9: 587.477 | K9: =J9/I9 -> 0.99632659 | L9: =ROUND(D9*K9,2) -> 114.58 | M9: =ROUND(L9/N9,2) -> 76.39 | N9: 1.5 | O9: ='ROTA PEDREIRA'!G76 -> 198 | P9: 0 | Q9: ='ROTA PEDREIRA'!G77 -> 2.83 | R9: CAMINHÃO BASCULANTE 10m³ | S9: 0.82 | T9: 0.99 | U9: 1.24 | V9: R$/T.km | W9: =N9*(O9*S9+P9*T9+Q9*U9) -> 248.8038 | X9: =L9+W9 -> 363.3838 | Y9: R$/m³. | AA9: =X9 -> 363.3838
B10: SN BARBOSA (PEDREIRA BARBOSA) | C10: 45863 | D10: 143 | E10: _ | F10: FOB | G10: PAVIMENTAÇÃO | H10: 45839 | I10: 587.477 | J10: 587.477 | K10: =J10/I10 -> 1 | L10: =ROUND(D10*K10,2) -> 143 | M10: =ROUND(L10/N10,2) -> 95.33 | N10: 1.5 | O10: ='ROTA PEDREIRA'!G136 -> 82.8 | P10: 0 | Q10: ='ROTA PEDREIRA'!G137 -> 2.52 | R10: CAMINHÃO BASCULANTE 10m³ | S10: 0.82 | T10: 0.99 | U10: 1.24 | V10: R$/T.km | W10: =N10*(O10*S10+P10*T10+Q10*U10) -> 106.5312 | X10: =L10+W10 -> 249.5312 | Y10: R$/m³. | AA10: =X10 -> 249.5312
B11: PAVIKAR MINERAÇÃO | C11: 45964 | D11: =E11*N11 -> 190.5 | E11: 127 | F11: FOB | G11: PAVIMENTAÇÃO | H11: 45839 | I11: 590.239 | J11: 587.477 | K11: =J11/I11 -> 0.99532054 | L11: =ROUND(D11*K11,2) -> 189.61 | M11: =ROUND(L11/N11,2) -> 126.41 | N11: 1.5 | O11: ='ROTA PEDREIRA'!G196 -> 168 | P11: 0 | Q11: ='ROTA PEDREIRA'!G197 -> 2.52 | R11: CAMINHÃO BASCULANTE 10m³ | S11: 0.82 | T11: 0.99 | U11: 1.24 | V11: R$/T.km | W11: =N11*(O11*S11+P11*T11+Q11*U11) -> 211.3272 | X11: =L11+W11 -> 400.9372 | Y11: R$/m³. | AA11: =X11 -> 400.9372
B12: PREMOCIL | C12: 45868 | D12: 120 | E12: _ | F12: FOB | G12: PAVIMENTAÇÃO | H12: 45839 | I12: 587.477 | J12: 587.477 | K12: =J12/I12 -> 1 | L12: =ROUND(D12*K12,2) -> 120 | M12: =ROUND(L12/N12,2) -> 80 | N12: 1.5 | O12: ='ROTA PEDREIRA'!G256 -> 140 | P12: 0 | Q12: ='ROTA PEDREIRA'!G257 -> 2.52 | R12: CAMINHÃO BASCULANTE 10m³ | S12: 0.82 | T12: 0.99 | U12: 1.24 | V12: R$/T.km | W12: =N12*(O12*S12+P12*T12+Q12*U12) -> 176.8872 | X12: =L12+W12 -> 296.8872 | Y12: R$/m³. | AA12: =X12 -> 296.8872
A13: BRITA 1 (M0191) | B13: BRITA FORT | C13: 45877 | D13: 110 | E13: _ | F13: FOB | G13: PAVIMENTAÇÃO | H13: 45839 | I13: 589.643 | J13: 587.477 | K13: =J13/I13 -> 0.99632659 | L13: =ROUND(D13*K13,2) -> 109.6 | M13: =ROUND(L13/N13,2) -> 73.07 | N13: 1.5 | O13: =O9 -> 198 | P13: 0 | Q13: =Q9 -> 2.83 | R13: CAMINHÃO BASCULANTE 10m³ | S13: 0.82 | T13: 0.99 | U13: 1.24 | V13: R$/T.km | W13: =N13*(O13*S13+P13*T13+Q13*U13) -> 248.8038 | X13: =L13+W13 -> 358.4038 | Y13: R$/m³. | AA13: =X13 -> 358.4038
B14: SN BARBOSA (PEDREIRA BARBOSA) | C14: 45863 | D14: 132 | E14: _ | F14: FOB | G14: PAVIMENTAÇÃO | H14: 45839 | I14: 587.477 | J14: 587.477 | K14: =J14/I14 -> 1 | L14: =ROUND(D14*K14,2) -> 132 | M14: =ROUND(L14/N14,2) -> 88 | N14: 1.5 | O14: =O10 -> 82.8 | P14: =P10 -> 0 | Q14: =Q10 -> 2.52 | R14: CAMINHÃO BASCULANTE 10m³ | S14: 0.82 | T14: 0.99 | U14: 1.24 | V14: R$/T.km | W14: =N14*(O14*S14+P14*T14+Q14*U14) -> 106.5312 | X14: =L14+W14 -> 238.5312 | Y14: R$/m³. | AA14: =X14 -> 238.5312
B15: PAVIKAR MINERAÇÃO | C15: 45964 | D15: =E15*N15 -> 175.5 | E15: 117 | F15: FOB | G15: PAVIMENTAÇÃO | H15: 45839 | I15: 590.239 | J15: 587.477 | K15: =J15/I15 -> 0.99532054 | L15: =ROUND(D15*K15,2) -> 174.68 | M15: =ROUND(L15/N15,2) -> 116.45 | N15: 1.5 | O15: =O11 -> 168 | P15: =P11 -> 0 | Q15: =Q11 -> 2.52 | R15: CAMINHÃO BASCULANTE 10m³ | S15: 0.82 | T15: 0.99 | U15: 1.24 | V15: R$/T.km | W15: =N15*(O15*S15+P15*T15+Q15*U15) -> 211.3272 | X15: =L15+W15 -> 386.0072 | Y15: R$/m³. | AA15: =X15 -> 386.0072
B16: PREMOCIL | C16: 45868 | D16: 120 | E16: _ | F16: FOB | G16: PAVIMENTAÇÃO | H16: 45839 | I16: 587.477 | J16: 587.477 | K16: =J16/I16 -> 1 | L16: =ROUND(D16*K16,2) -> 120 | M16: =ROUND(L16/N16,2) -> 80 | N16: 1.5 | O16: =O12 -> 140 | P16: 0 | Q16: =Q12 -> 2.52 | R16: CAMINHÃO BASCULANTE 10m³ | S16: 0.82 | T16: 0.99 | U16: 1.24 | V16: R$/T.km | W16: =N16*(O16*S16+P16*T16+Q16*U16) -> 176.8872 | X16: =L16+W16 -> 296.8872 | Y16: R$/m³. | AA16: =X16 -> 296.8872
A17: BRITA 2 (M0192) | B17: BRITA FORT | C17: 45877 | D17: 110 | E17: _ | F17: FOB | G17: DRENAGEM | H17: 45839 | I17: 487.228 | J17: 484.688 | K17: =J17/I17 -> 0.99478683 | L17: =ROUND(D17*K17,2) -> 109.43 | M17: =ROUND(L17/N17,2) -> 72.95 | N17: 1.5 | O17: ='ROTA PEDREIRA'!G56 -> 198 | P17: 0 | Q17: ='ROTA PEDREIRA'!G57 -> 2.7415 | R17: CAMINHÃO BASCULANTE 10m³ | S17: 0.82 | T17: 0.99 | U17: 1.24 | V17: R$/T.km | W17: =N17*(O17*S17+P17*T17+Q17*U17) -> 248.63919 | X17: =L17+W17 -> 358.06919 | Y17: R$/m³. | AA17: =X17 -> 358.06919
B18: SN BARBOSA (PEDREIRA BARBOSA) | C18: 45863 | D18: 132 | E18: _ | F18: FOB | G18: DRENAGEM | H18: 45839 | I18: 484.688 | J18: 484.688 | K18: =J18/I18 -> 1 | L18: =ROUND(D18*K18,2) -> 132 | M18: =ROUND(L18/N18,2) -> 88 | N18: 1.5 | O18: =O14 -> 82.8 | P18: =P14 -> 0 | Q18: ='ROTA PEDREIRA'!G118 -> 2.4315 | R18: CAMINHÃO BASCULANTE 10m³ | S18: 0.82 | T18: 0.99 | U18: 1.24 | V18: R$/T.km | W18: =N18*(O18*S18+P18*T18+Q18*U18) -> 106.36659 | X18: =L18+W18 -> 238.36659 | Y18: R$/m³. | AA18: =X18 -> 238.36659
B19: PAVIKAR MINERAÇÃO | C19: 45964 | D19: =E19*N19 -> 163.5 | E19: 109 | F19: FOB | G19: DRENAGEM | H19: 45839 | I19: 491.278 | J19: 484.688 | K19: =J19/I19 -> 0.98658601 | L19: =ROUND(D19*K19,2) -> 161.31 | M19: =ROUND(L19/N19,2) -> 107.54 | N19: 1.5 | O19: =O15 -> 168 | P19: =P15 -> 0 | Q19: =Q18 -> 2.4315 | R19: CAMINHÃO BASCULANTE 10m³ | S19: 0.82 | T19: 0.99 | U19: 1.24 | V19: R$/T.km | W19: =N19*(O19*S19+P19*T19+Q19*U19) -> 211.16259 | X19: =L19+W19 -> 372.47259 | Y19: R$/m³. | AA19: =X19 -> 372.47259
B20: PREMOCIL | C20: 45868 | D20: 120 | E20: _ | F20: FOB | G20: DRENAGEM | H20: 45839 | I20: 484.688 | J20: 484.688 | K20: =J20/I20 -> 1 | L20: =ROUND(D20*K20,2) -> 120 | M20: =ROUND(L20/N20,2) -> 80 | N20: 1.5 | O20: =O16 -> 140 | P20: 0 | Q20: =Q19 -> 2.4315 | R20: CAMINHÃO BASCULANTE 10m³ | S20: 0.82 | T20: 0.99 | U20: 1.24 | V20: R$/T.km | W20: =N20*(O20*S20+P20*T20+Q20*U20) -> 176.72259 | X20: =L20+W20 -> 296.72259 | Y20: R$/m³. | AA20: =X20 -> 296.72259
A21: PEDRA DE MÃO (M1097) | B21: BRITA FORT | C21: 45877 | D21: 90 | E21: _ | F21: FOB | G21: DRENAGEM | H21: 45839 | I21: 487.228 | J21: 484.688 | K21: =J21/I21 -> 0.99478683 | L21: =ROUND(D21*K21,2) -> 89.53 | M21: =ROUND(L21/N21,2) -> 59.69 | N21: 1.5 | O21: =O17 -> 198 | P21: =P17 -> 0 | Q21: =Q17 -> 2.7415 | R21: CAMINHÃO BASCULANTE 10m³ | S21: 0.82 | T21: 0.99 | U21: 1.24 | V21: R$/T.km | W21: =N21*(O21*S21+P21*T21+Q21*U21) -> 248.63919 | X21: =L21+W21 -> 338.16919 | Y21: R$/m³. | AA21: =X21 -> 338.16919
B22: SN BARBOSA (PEDREIRA BARBOSA) | C22: 45863 | D22: 121 | E22: _ | F22: FOB | G22: DRENAGEM | H22: 45839 | I22: 484.688 | J22: 484.688 | K22: =J22/I22 -> 1 | L22: =ROUND(D22*K22,2) -> 121 | M22: =ROUND(L22/N22,2) -> 80.67 | N22: 1.5 | O22: =O18 -> 82.8 | P22: =P18 -> 0 | Q22: =Q18 -> 2.4315 | R22: CAMINHÃO BASCULANTE 10m³ | S22: 0.82 | T22: 0.99 | U22: 1.24 | V22: R$/T.km | W22: =N22*(O22*S22+P22*T22+Q22*U22) -> 106.36659 | X22: =L22+W22 -> 227.36659 | Y22: R$/m³. | AA22: =X22 -> 227.36659
B23: PAVIKAR MINERAÇÃO | C23: 45964 | D23: =E23*N23 -> 163.5 | E23: 109 | F23: FOB | G23: DRENAGEM | H23: 45839 | I23: 491.278 | J23: 484.688 | K23: =J23/I23 -> 0.98658601 | L23: =ROUND(D23*K23,2) -> 161.31 | M23: =ROUND(L23/N23,2) -> 107.54 | N23: 1.5 | O23: =O19 -> 168 | P23: =P19 -> 0 | Q23: =Q19 -> 2.4315 | R23: CAMINHÃO BASCULANTE 10m³ | S23: 0.82 | T23: 0.99 | U23: 1.24 | V23: R$/T.km | W23: =N23*(O23*S23+P23*T23+Q23*U23) -> 211.16259 | X23: =L23+W23 -> 372.47259 | Y23: R$/m³. | AA23: =X23 -> 372.47259
B24: PREMOCIL | C24: 45868 | D24: 90 | E24: _ | F24: FOB | G24: DRENAGEM | H24: 45839 | I24: 484.688 | J24: 484.688 | K24: =J24/I24 -> 1 | L24: =ROUND(D24*K24,2) -> 90 | M24: =ROUND(L24/N24,2) -> 60 | N24: 1.5 | O24: =O20 -> 140 | P24: 0 | Q24: =Q20 -> 2.4315 | R24: CAMINHÃO BASCULANTE 10m³ | S24: 0.82 | T24: 0.99 | U24: 1.24 | V24: R$/T.km | W24: =N24*(O24*S24+P24*T24+Q24*U24) -> 176.72259 | X24: =L24+W24 -> 266.72259 | Y24: R$/m³. | AA24: =X24 -> 266.72259
A25: PÓ DE PEDRA (M1135) | B25: BRITA FORT | C25: 45877 | D25: 50 | E25: _ | F25: FOB | G25: PAVIMENTAÇÃO | H25: 45839 | I25: 589.643 | J25: 587.477 | K25: =J25/I25 -> 0.99632659 | L25: =ROUND(D25*K25,2) -> 49.82 | M25: =ROUND(L25/N25,2) -> 33.21 | N25: 1.5 | O25: =O21 -> 198 | P25: =P21 -> 0 | Q25: =Q9 -> 2.83 | R25: CAMINHÃO BASCULANTE 10m³ | S25: 0.82 | T25: 0.99 | U25: 1.24 | V25: R$/T.km | W25: =N25*(O25*S25+P25*T25+Q25*U25) -> 248.8038 | X25: =L25+W25 -> 298.6238 | Y25: R$/m³. | AA25: =X25 -> 298.6238
B26: PAVIKAR MINERAÇÃO | C26: 45964 | D26: =E26*N26 -> 138 | E26: 92 | F26: FOB | G26: PAVIMENTAÇÃO | H26: 45839 | I26: 590.239 | J26: 587.477 | K26: =J26/I26 -> 0.99532054 | L26: =ROUND(D26*K26,2) -> 137.35 | M26: =ROUND(L26/N26,2) -> 91.57 | N26: 1.5 | O26: =O23 -> 168 | P26: =P23 -> 0 | Q26: =Q11 -> 2.52 | R26: CAMINHÃO BASCULANTE 10m³ | S26: 0.82 | T26: 0.99 | U26: 1.24 | V26: R$/T.km | W26: =N26*(O26*S26+P26*T26+Q26*U26) -> 211.3272 | X26: =L26+W26 -> 348.6772 | Y26: R$/m³. | AA26: =X26 -> 348.6772
B27: PREMOCIL | C27: 45868 | D27: 110 | E27: _ | F27: FOB | G27: PAVIMENTAÇÃO | H27: 45839 | I27: 587.477 | J27: 587.477 | K27: =J27/I27 -> 1 | L27: =ROUND(D27*K27,2) -> 110 | M27: =ROUND(L27/N27,2) -> 73.33 | N27: 1.5 | O27: =O24 -> 140 | P27: 0 | Q27: =Q26 -> 2.52 | R27: CAMINHÃO BASCULANTE 10m³ | S27: 0.82 | T27: 0.99 | U27: 1.24 | V27: R$/T.km | W27: =N27*(O27*S27+P27*T27+Q27*U27) -> 176.8872 | X27: =L27+W27 -> 286.8872 | Y27: R$/m³. | AA27: =X27 -> 286.8872
A28: FORNECEDOR | B28: DESCRIÇÃO | C28: DATA COTAÇÃO | D28: PREÇO COTADO (M³) | E28: PREÇO COTADO (T) | F28: FRETE | G28: ÍNDICE ADOTADO | H28: DATA BASE ORÇAMENTO | I28: ÍNDICE DE REAJUSTAMENTO | K28: FATOR DE REGRESSÃO | L28: PREÇO EM JULH-25 (R$/m³.) | M28: PREÇO EM JULH-25 (R$/T.) | N28: DENSIDADE | O28: DIST. FIXA ESTIMADA (KM) | R28: TRANSPORTE | S28: PREÇO UNITÁRIO DO TRANSPORTE | W28: VALOR DO TRANSPORTE | X28: BINÔMIO (AQUISIÇÃO + TRANSPORTE)
I29: ÍNDICE COTAÇÃO | J29: ÍNDICE DATA BASE | O29: P | P29: RP | Q29: LN | R29: DESCRIÇÃO | S29: P (5914389) | T29: RP (5914374) | U29: LN (5914359) | V29: UND | W29: TOTAL | X29: VALOR TOTAL | Y29: UND
A30: MASSA ASFÁLTICA | B30: ROTAÇÃO EMPREENDIMENTOS | C30: 45824 | E30: 499.07 | F30: FOB | G30: PAVIMENTAÇÃO | H30: 45839 | I30: 586.211 | J30: 579.756 | K30: =J30/I30 -> 0.98898861 | M30: =ROUND(K30*E30,2) -> 493.57 | O30: ='ROTA MASSA'!G40 -> 137 | P30: 0 | Q30: ='ROTA MASSA'!G38 -> 2.4315 | R30: CAMINHÃO BASCULANTE 10m³ | S30: 0.82 | T30: 0.99 | U30: 1.24 | V30: R$/T.km | W30: =(O30*S30+P30*T30+Q30*U30) -> 115.35506 | X30: =M30+W30 -> 608.92506 | Y30: R$/T. | AA30: =SMALL(X30:X32,1) -> 608.92506
B31: CONSTRUTORA GONÇALO | C31: 45972 | E31: 870 | F31: FOB | G31: PAVIMENTAÇÃO | H31: 45839 | I31: 590.239 | J31: 579.756 | K31: =J31/I31 -> 0.9822394 | M31: =ROUND(K31*E31,2) -> 854.55 | O31: ='ROTA MASSA'!G79 -> 138 | P31: 0 | Q31: ='ROTA MASSA'!G80 -> 2.4315 | R31: CAMINHÃO BASCULANTE 10m³ | S31: 0.82 | T31: 0.99 | U31: 1.24 | V31: R$/T.km | W31: =(O31*S31+P31*T31+Q31*U31) -> 116.17506 | X31: =M31+W31 -> 970.72506 | Y31: R$/T. | AA31: =AA30 -> 608.92506
B32: PLANNA | C32: 45785 | E32: 950 | F32: FOB | G32: PAVIMENTAÇÃO | H32: 45839 | I32: 587.552 | J32: 579.756 | K32: =J32/I32 -> 0.98673139 | M32: =ROUND(K32*E32,2) -> 937.39 | O32: ='ROTA MASSA'!G120 -> 214 | P32: 0 | Q32: ='ROTA MASSA'!G121 -> 2.4315 | R32: CAMINHÃO BASCULANTE 10m³ | S32: 0.82 | T32: 0.99 | U32: 1.24 | V32: R$/T.km | W32: =(O32*S32+P32*T32+Q32*U32) -> 178.49506 | X32: =M32+W32 -> 1115.8851 | Y32: R$/T. | AA32: =AA31 -> 608.92506
A34: OBS: Devido a indisponibilidade dos indíces de reajustamento de novembro de 2025, foram adotados os indíces de reajustamento de Outubro de 2025.
A35: OBS 2: Não foi realizado estudo de viabilidade para produção própria de massa asfáltica, uma vez que, considerando a extensão reduzida (4,86 km), torna-se inviável a implantação de uma usina de asfalto dedicada. Dessa forma, optou-se pela utilização de massa asfáltica comercial, solução mais adequada e economicamente justificável para as condições deste trecho rodoviário.

Sheet ROTA PEDREIRA
A1: CÁLCULO DE DMT (PEDREIRA-OBRA):
A3: BRITA FORT
O37: =2.45+2.43 -> 4.88
E45: 198
E46: 0.31
H47: =(((121-0)*20)+(11.5))/1000 -> 2.4315 | J47: =((243-121)*20+(3-11.5))/1000 -> 2.4315 | P47: ESTACA | R47: KM
B48: =A3 -> BRITA FORT | O48: INICIAL | P48: 0 | Q48: 0 | R48: =(P48*20)+Q48 -> 0
O49: FINAL | P49: 243 | Q49: 3 | R49: =(P49*20)+Q49 -> 4863
F50: =CONCATENATE("E",P48,"+",TEXT(Q48,"0,00")) -> E0+0,00 | J50: =CONCATENATE("E",P50,"+",TEXT(Q50,"0,00")) -> E121+11,50 | L50: E243+3,00 | O50: MEIO | P50: 121 | Q50: 11.5 | R50: =ROUND((R49-R48)/2,2) -> 2431.5
O51: CANTEIRO | P51: 121 | Q51: 0 | R51: =(P51*20)+Q51 -> 2420
C52: DMT (BRITAFORT - ESTACA 0 - PAV)= | G52: =E45 -> 198 | H52: km | O52: Dist. Até a pista | P52: =ROUND((R50-R48)/1000,2) -> 2.43
C53: DMT (BRITAFORT - ESTACA 0 - LN)= | G53: =E46+E48 -> 0.31 | H53: km
C54: DMT(E+0,00 - E121+11,50 - LN) | G54: =H47 -> 2.4315 | H54: km
C55: =CONCATENATE("DMT (",B48," - PISTA)") -> DMT (BRITA FORT - PISTA) | G55: =SUM(G52:G54) -> 200.7415 | H55: km
F56: PAV= | G56: =G52 -> 198 | H56: km
F57: LN= | G57: =G55-G56 -> 2.7415 | H57: km
I60: CANTEIRO
J62: 0.1
J63: 0
E64: =E45 -> 198
E65: =E46 -> 0.31
H66: =((121)*20)/1000 -> 2.42 | J66: =(((243-121)*20)+(3))/1000 -> 2.443 | P66: ESTACA | R66: KM
B67: BRITA FORT | O67: INICIAL | P67: 0 | Q67: 0 | R67: =(P67*20)+Q67 -> 0
O68: FINAL | P68: 243 | Q68: 3 | R68: =(P68*20)+Q68 -> 4863
F69: =CONCATENATE("E",P67,"+",TEXT(Q67,"0,00")) -> E0+0,00 | J69: E121+0,00 | L69: E243+3,00 | O69: MEIO | P69: 121 | Q69: 11.5 | R69: =ROUND((R68-R67)/2,2) -> 2431.5
O70: CANTEIRO | P70: 121 | Q70: 0 | R70: =(P70*20)+Q70 -> 2420
C71: DMT (BRITAFORT - ESTACA 0 - PAV)= | G71: =E64 -> 198 | H71: km | O71: Dist. Até a pista | P71: =ROUND((R69-R67)/1000,2) -> 2.43
C72: DMT (BRITAFORT - ESTACA 0 - LN)= | G72: =E65+E67 -> 0.31 | H72: km
C73: DMT(E+0,00 - E121 - LN) | G73: =H66 -> 2.42 | H73: km
C74: DMT(E121+0,00 - CANTEIRO - LN)= | G74: =J62 -> 0.1 | H74: km
C75: DMT(BRITAFORT - CANTEIRO)= | G75: =SUM(G71:G74) -> 200.83 | H75: km
F76: PAV= | G76: =G71 -> 198 | H76: km
F77: LN= | G77: =G75-G76 -> 2.83 | H77: km
A78: PEDREIRA BARBOSA
E107: 82.8
E108: 0
H109: =((121-0)*20+(11.5))/1000 -> 2.4315 | J109: =((243-121)*20+(3-11.5))/1000 -> 2.4315 | P109: ESTACA | R109: KM
B110: =A78 -> PEDREIRA BARBOSA | O110: INICIAL | P110: 0 | Q110: 0 | R110: =(P110*20)+Q110 -> 0
O111: FINAL | P111: 243 | Q111: 3 | R111: =(P111*20)+Q111 -> 4863
F112: =CONCATENATE("E",P110,"+",TEXT(Q110,"0,00")) -> E0+0,00 | J112: =CONCATENATE("E",P112,"+",TEXT(Q112,"0,00")) -> E121+11,50 | L112: E243+3,00 | O112: MEIO | P112: 121 | Q112: 11.5 | R112: =ROUND((R111-R110)/2,2) -> 2431.5
O113: CANTEIRO | P113: 121 | Q113: 0 | R113: =(P113*20)+Q113 -> 2420
C114: DMT (PEDREIRA BARBOSA - ESTACA 0 - PAV)= | G114: =E107 -> 82.8 | H114: km | O114: Dist. Até a pista | P114: =ROUND((R112-R110)/1000,2) -> 2.43
C115: DMT(E+0,00 - E121+11,50 - LN) | G115: =H109 -> 2.4315 | H115: km
C116: =CONCATENATE("DMT (",B110," - PISTA)") -> DMT (PEDREIRA BARBOSA - PISTA) | G116: =SUM(G114:G115) -> 85.2315 | H116: km
F117: PAV= | G117: =G114 -> 82.8 | H117: km
F118: LN= | G118: =G116-G117 -> 2.4315 | H118: km
P119: =((121-75)*20+(10))/1000 -> 0.93
P120: =((33-0)*20+(0))/1000 -> 0.66
I121: CANTEIRO | P121: =((85-10)*20+(5))/1000 -> 1.505
P122: 0.2
J123: 0.1
J124: 0
E125: =E107 -> 82.8
E126: =E108 -> 0
H127: =((121-0)*20)/1000 -> 2.42 | J127: =((243-121)*20+(3))/1000 -> 2.443 | P127: ESTACA | R127: KM
B128: =B110 -> PEDREIRA BARBOSA | O128: INICIAL | P128: 0 | Q128: 0 | R128: =(P128*20)+Q128 -> 0
O129: FINAL | P129: 243 | Q129: 3 | R129: =(P129*20)+Q129 -> 4863
F130: =CONCATENATE("E",P128,"+",TEXT(Q128,"0,00")) -> E0+0,00 | J130: E121+0,00 | L130: E243+3,00 | O130: MEIO | P130: 121 | Q130: 11.5 | R130: =ROUND((R129-R128)/2,2) -> 2431.5
O131: CANTEIRO | P131: 121 | Q131: 0 | R131: =(P131*20)+Q131 -> 2420
C132: DMT (PEDREIRA BARBOSA - ESTACA 0 - PAV)= | G132: =E125 -> 82.8 | H132: km | O132: Dist. Até a pista | P132: =ROUND((R130-R128)/1000,2) -> 2.43
C133: DMT(E+0,00 - E121 - LN) | G133: =H127 -> 2.42 | H133: km
C134: DMT(E121+0,00 - CANTEIRO - LN)= | G134: =J123 -> 0.1 | H134: km
C135: DMT(PEDREIRA BARBOSA - CANTEIRO)= | G135: =SUM(G132:G134) -> 85.32 | H135: km
F136: PAV= | G136: =G132 -> 82.8 | H136: km
F137: LN= | G137: =G135-G136 -> 2.52 | H137: km
A139: PAVIKAR MINERAÇÃO
E167: 168
E168: 0
H169: =((121-0)*20+(11.5))/1000 -> 2.4315 | J169: =((243-121)*20+(3-11.5))/1000 -> 2.4315 | P169: ESTACA | R169: KM
B170: =A139 -> PAVIKAR MINERAÇÃO | O170: INICIAL | P170: 0 | Q170: 0 | R170: =(P170*20)+Q170 -> 0
O171: FINAL | P171: 243 | Q171: 3 | R171: =(P171*20)+Q171 -> 4863
F172: =CONCATENATE("E",P170,"+",TEXT(Q170,"0,00")) -> E0+0,00 | J172: =CONCATENATE("E",P172,"+",TEXT(Q172,"0,00")) -> E121+11,50 | L172: E243+3,00 | O172: MEIO | P172: 121 | Q172: 11.5 | R172: =ROUND((R171-R170)/2,2) -> 2431.5
O173: CANTEIRO | P173: 121 | Q173: 0 | R173: =(P173*20)+Q173 -> 2420
C174: DMT (PEDREIRA BARBOSA - ESTACA 0 - PAV)= | G174: =E167 -> 168 | H174: km | O174: Dist. Até a pista | P174: =ROUND((R172-R170)/1000,2) -> 2.43
C175: DMT(E+0,00 - E121+11,50 - LN) | G175: =H169 -> 2.4315 | H175: km
C176: =CONCATENATE("DMT (",B170," - PISTA)") -> DMT (PAVIKAR MINERAÇÃO - PISTA) | G176: =SUM(G174:G175) -> 170.4315 | H176: km
F177: PAV= | G177: =G174 -> 168 | H177: km
F178: LN= | G178: =G176-G177 -> 2.4315 | H178: km
I181: CANTEIRO
J183: 0.1
J184: 0
E185: =E167 -> 168
E186: =E168 -> 0
H187: =((121-0)*20)/1000 -> 2.42 | J187: =((243-121)*20+(3))/1000 -> 2.443 | P187: ESTACA | R187: KM
B188: =B170 -> PAVIKAR MINERAÇÃO | O188: INICIAL | P188: 0 | Q188: 0 | R188: =(P188*20)+Q188 -> 0
O189: FINAL | P189: 243 | Q189: 3 | R189: =(P189*20)+Q189 -> 4863
F190: =CONCATENATE("E",P188,"+",TEXT(Q188,"0,00")) -> E0+0,00 | J190: E121+0,00 | L190: E243+3,00 | O190: MEIO | P190: 121 | Q190: 11.5 | R190: =ROUND((R189-R188)/2,2) -> 2431.5
O191: CANTEIRO | P191: 121 | Q191: 0 | R191: =(P191*20)+Q191 -> 2420
C192: DMT (PEDREIRA BARBOSA - ESTACA 0 - PAV)= | G192: =E185 -> 168 | H192: km | O192: Dist. Até a pista | P192: =ROUND((R190-R188)/1000,2) -> 2.43
C193: DMT(E+0,00 - E121 - LN) | G193: =H187 -> 2.42 | H193: km | I193: 82
C194: DMT(E121+0,00 - CANTEIRO - LN)= | G194: =J183 -> 0.1 | H194: km
C195: DMT(PEDREIRA BARBOSA - CANTEIRO)= | G195: =SUM(G192:G194) -> 170.52 | H195: km
F196: PAV= | G196: =G192 -> 168 | H196: km
F197: LN= | G197: =G195-G196 -> 2.52 | H197: km
A199: PREMOCIL
E227: 140
E228: 0
H229: =((121-0)*20+(11.5))/1000 -> 2.4315 | J229: =((243-121)*20+(3-11.5))/1000 -> 2.4315 | P229: ESTACA | R229: KM
B230: =A199 -> PREMOCIL | O230: INICIAL | P230: 0 | Q230: 0 | R230: =(P230*20)+Q230 -> 0
O231: FINAL | P231: 243 | Q231: 3 | R231: =(P231*20)+Q231 -> 4863
...

Sheet ROTA MASSA
A1: CÁLCULO DE DMT (MASSA ASFÁLTICA-PISTA):
A3: ROTAÇÃO EMPREENDIMENTOS
P8: 983789496
E30: 137
E31: 0
H32: =((121-0)*20+(11.5))/1000 -> 2.4315 | J32: =((243-121)*20+(3-11.5))/1000 -> 2.4315 | P32: ESTACA | R32: KM
B33: =A3 -> ROTAÇÃO EMPREENDIMENTOS | O33: INICIAL | P33: 0 | Q33: 0 | R33: =(P33*20)+Q33 -> 0
O34: FINAL | P34: 243 | Q34: 3 | R34: =(P34*20)+Q34 -> 4863
F35: =CONCATENATE("E",P33,"+",TEXT(Q33,"0,00")) -> E0+0,00 | J35: =CONCATENATE("E",P35,"+",TEXT(Q35,"0,00")) -> E121+11,50 | L35: E243+3,00 | O35: MEIO | P35: 121 | Q35: 11.5 | R35: =ROUND((R34-R33)/2,2) -> 2431.5
O36: CANTEIRO | P36: 121 | Q36: 0 | R36: =(P36*20)+Q36 -> 2420
C37: DMT (ROTAÇÃO- ESTACA 0 - PAV)= | G37: =E30 -> 137 | H37: km | O37: Dist. Até a pista | P37: =ROUND((R35-R33)/1000,2) -> 2.43
C38: DMT(E+0,00 - E121+11,50 - LN) | G38: =H32 -> 2.4315 | H38: km
C39: =CONCATENATE("DMT (",B33," - PISTA)") -> DMT (ROTAÇÃO EMPREENDIMENTOS - PISTA) | G39: =SUM(G37:G38) -> 139.4315 | H39: km
F40: PAV= | G40: =G37 -> 137 | H40: km
F41: LN= | G41: =G39-G40 -> 2.4315 | H41: km
A43: CONST. GONÇALO
P48: 983789496
E69: 138
E70: 0
H71: =((121-0)*20+(11.5))/1000 -> 2.4315 | J71: =((243-121)*20+(3-11.5))/1000 -> 2.4315 | P71: ESTACA | R71: KM
B72: =A43 -> CONST. GONÇALO | O72: INICIAL | P72: 0 | Q72: 0 | R72: =(P72*20)+Q72 -> 0
O73: FINAL | P73: 243 | Q73: 3 | R73: =(P73*20)+Q73 -> 4863
F74: =CONCATENATE("E",P72,"+",TEXT(Q72,"0,00")) -> E0+0,00 | J74: =CONCATENATE("E",P74,"+",TEXT(Q74,"0,00")) -> E121+11,50 | L74: E243+3,00 | O74: MEIO | P74: 121 | Q74: 11.5 | R74: =ROUND((R73-R72)/2,2) -> 2431.5
O75: CANTEIRO | P75: 121 | Q75: 0 | R75: =(P75*20)+Q75 -> 2420
C76: DMT (CONST. GONÇALO - ESTACA 0 - PAV)= | G76: =E69 -> 138 | H76: km | O76: Dist. Até a pista | P76: =ROUND((R74-R72)/1000,2) -> 2.43
C77: DMT(E+0,00 - E121+11,50 - LN) | G77: =H71 -> 2.4315 | H77: km
C78: =CONCATENATE("DMT (",B72," - PISTA)") -> DMT (CONST. GONÇALO - PISTA) | G78: =SUM(G76:G77) -> 140.4315 | H78: km
F79: PAV= | G79: =G76 -> 138 | H79: km
F80: LN= | G80: =G78-G79 -> 2.4315 | H80: km
A82: CÁLCULO DE DMT (MASSA ASFÁLTICA-PISTA):
A84: PLANNA ASFALTO
P89: 983789496
E110: 214
E111: 0
H112: =((121-0)*20+(11.5))/1000 -> 2.4315 | J112: =((243-121)*20+(3-11.5))/1000 -> 2.4315 | P112: ESTACA | R112: KM
B113: =A84 -> PLANNA ASFALTO | O113: INICIAL | P113: 0 | Q113: 0 | R113: =(P113*20)+Q113 -> 0
O114: FINAL | P114: 243 | Q114: 3 | R114: =(P114*20)+Q114 -> 4863
F115: =CONCATENATE("E",P113,"+",TEXT(Q113,"0,00")) -> E0+0,00 | J115: =CONCATENATE("E",P115,"+",TEXT(Q115,"0,00")) -> E121+11,50 | L115: E243+3,00 | O115: MEIO | P115: 121 | Q115: 11.5 | R115: =ROUND((R114-R113)/2,2) -> 2431.5
O116: CANTEIRO | P116: 121 | Q116: 0 | R116: =(P116*20)+Q116 -> 2420
C117: DMT (PLANNA - ESTACA 0 - PAV)= | G117: =E110 -> 214 | H117: km | O117: Dist. Até a pista | P117: =ROUND((R115-R113)/1000,2) -> 2.43
C118: DMT(E+0,00 - E121+11,50 - LN) | G118: =H112 -> 2.4315 | H118: km
C119: =CONCATENATE("DMT (",B113," - PISTA)") -> DMT (PLANNA ASFALTO - PISTA) | G119: =SUM(G117:G118) -> 216.4315 | H119: km
F120: PAV= | G120: =G117 -> 214 | H120: km
F121: LN= | G121: =G119-G120 -> 2.4315 | H121: km

Sheet RESUMO_ONE
B1: DEPARTAMENTO DE ESTRADAS DE RODAGEM DE PERNAMBUCO DIRETORIA DE PLANEJAMENTO E PROJETOS RESUMO DO ORÇAMENTO SINTÉTICO
B4: Setor: DIRETORIA DE PLANEJAMENTO E PROJETOS
A6: =ORÇAMENTO_ONE!A6 -> Serviço: RESTAURAÇÃO DA RODOVIA PE-460 | I6: =ORÇAMENTO_ONE!I6 -> Ano: 2025
A7: =ORÇAMENTO_ONE!A7 -> Orçamento: EXECUÇÃO DE OBRAS E SERVIÇOS DE ENGENHARIA PARA RESTAURAÇÃO DA PE-460, NO MUNICÍPIO DE BELÉM DE SÃO FRANCISCO - PE (SEM DESONERAÇÂO) | I7: =ORÇAMENTO_ONE!I7 -> Rodovia: PE-460
A8: =ORÇAMENTO_ONE!A8 -> SEGMENTO: ACESSO AO PORTO DA BARRA DE TARRACHIL | I8: =ORÇAMENTO_ONE!I8 -> Extensão: 4,86 km
A9: =ORÇAMENTO_ONE!A9 -> BDI: 23,78% (Geral) e 17,42% (Diferenciado) | F9: =ORÇAMENTO_ONE!F9 -> Data Base: JULHO/2025 | I9: =ORÇAMENTO_ONE!I9 -> Preço Total: | J9: =SUM(J24) -> 13493762
A12: RESUMO DO ORÇAMENTO - ONERADO
A13: Referência | B13: Descrição | I13: % | J13: Preço (R$)
A14: 001 | B14: ADMINISTRAÇÃO DE OBRA | I14: =J14/$J$24 -> 0.053881491 | J14: =VLOOKUP(B14,ORÇAMENTO_ONE!$E:$K,7,FALSE) -> 727064.04 | L14: 1
A15: 002 | B15: CANTEIRO DE OBRA | C15: CANTEIRO DE OBRA | D15: CANTEIRO DE OBRA | E15: CANTEIRO DE OBRA | I15: =J15/$J$24 -> 0.006355561 | J15: =VLOOKUP(B15,ORÇAMENTO_ONE!$E:$K,7,FALSE) -> 85760.43 | L15: 2
A16: 003 | B16: MOBILIZAÇÃO E DESMOBILIZAÇÃO DE OBRA | C16: MOBILIZAÇÃO E DESMOBILIZAÇÃO | D16: MOBILIZAÇÃO E DESMOBILIZAÇÃO | E16: MOBILIZAÇÃO E DESMOBILIZAÇÃO | I16: =J16/$J$24 -> 0.023834863 | J16: =VLOOKUP(B16,ORÇAMENTO_ONE!$E:$K,7,FALSE) -> 321621.98
A17: 004 | B17: TERRAPLENAGEM | C17: TERRAPLENAGEM | D17: TERRAPLENAGEM | E17: TERRAPLENAGEM | I17: =J17/$J$24 -> 0.019175787 | J17: =VLOOKUP(B17,ORÇAMENTO_ONE!$E:$K,7,FALSE) -> 258753.52
A18: 005 | B18: DRENAGEM | C18: PAVIMENTAÇÃO E URBANISMO | D18: PAVIMENTAÇÃO E URBANISMO | E18: PAVIMENTAÇÃO E URBANISMO | I18: =J18/$J$24 -> 0.072294713 | J18: =VLOOKUP(B18,ORÇAMENTO_ONE!$E:$K,7,FALSE) -> 975527.68
A19: 006 | B19: PAVIMENTAÇÃO | C19: DRENAGEM | D19: DRENAGEM | E19: DRENAGEM | I19: =J19/$J$24 -> 0.78353855 | J19: =VLOOKUP(B19,ORÇAMENTO_ONE!$E:$K,7,FALSE) -> 10572883
A20: 007 | B20: SINALIZAÇÃO | C20: OBRA DE ARTE CORRENTE | D20: OBRA DE ARTE CORRENTE | E20: OBRA DE ARTE CORRENTE | I20: =J20/$J$24 -> 0.022276213 | J20: =VLOOKUP(B20,ORÇAMENTO_ONE!$E:$K,7,FALSE) -> 300589.92
A21: 008 | B21: SINALIZAÇÃO DE OBRAS | C21: SINALIZAÇÃO | D21: SINALIZAÇÃO | E21: SINALIZAÇÃO | I21: =J21/$J$24 -> 0.006291129 | J21: =VLOOKUP(B21,ORÇAMENTO_ONE!$E:$K,7,FALSE) -> 84891
A22: 009 | B22: PROTEÇÃO AMBIENTAL | C22: SINALIZAÇÃO PROVISÓRIA | D22: SINALIZAÇÃO PROVISÓRIA | E22: SINALIZAÇÃO PROVISÓRIA | I22: =J22/$J$24 -> 0.0015647156 | J22: =VLOOKUP(B22,ORÇAMENTO_ONE!$E:$K,7,FALSE) -> 21113.9
A23: 010 | B23: OBRAS COMPLEMENTARES | C23: PROTEÇÃO AMBIENTAL | D23: PROTEÇÃO AMBIENTAL | E23: PROTEÇÃO AMBIENTAL | I23: =J23/$J$24 -> 0.010786977 | J23: =VLOOKUP(B23,ORÇAMENTO_ONE!$E:$K,7,FALSE) -> 145556.91
A24: TOTAIS GERAIS: | I24: =SUM(I14:I23) -> 1 | J24: =SUM(J14:K23) -> 13493762

Sheet ORÇAMENTO_ONE
B1: DEPARTAMENTO DE ESTRADAS DE RODAGEM DE PERNAMBUCO DIRETORIA DE PLANEJAMENTO E PROJETOS RELATÓRIO SINTÉTICO DO ORÇAMENTO | M1: BDI GERAL | N1: 23.78
M2: BDI DIF | N2: 17.42
B4: Setor: DIRETORIA DE PLANEJAMENTO E PROJETOS
A6: Serviço: RESTAURAÇÃO DA RODOVIA PE-460 | I6: Ano: 2025
A7: Orçamento: EXECUÇÃO DE OBRAS E SERVIÇOS DE ENGENHARIA PARA RESTAURAÇÃO DA PE-460, NO MUNICÍPIO DE BELÉM DE SÃO FRANCISCO - PE (SEM DESONERAÇÂO) | I7: Rodovia: PE-460
A8: SEGMENTO: ACESSO AO PORTO DA BARRA DE TARRACHIL | I8: Extensão: 4,86 km
A9: =CONCATENATE("BDI: ",N1,"% (Geral) e ",N2,"% (Diferenciado)") -> BDI: 23,78% (Geral) e 17,42% (Diferenciado) | F9: Data Base: JULHO/2025 | I9: Preço Total: | J9: =K106 -> 145556.91
A11: RELATÓRIO SINTÉTICO DO ORÇAMENTO - ONERADO
A12: Item | B12: Código | C12: Código Aux. | D12: Fonte | E12: Descrição Completa | F12: Unid. | G12: Qtde | H12: Custo Unitário | I12: BDI (%) | J12: Preço Unitário | K12: Preço Total
A13: 001 | E13: ADMINISTRAÇÃO DE OBRA | K13: =SUBTOTAL(9,K14) -> 727064.04
A14: 001.001 | B14: CPU0017 | C14: CPU0017 | D14: Apropriada | E14: ADMINISTRAÇÃO LOCAL DE OBRA | F14: un | G14: 1 | H14: 587384.1 | I14: =$N$1 -> 23.78 | J14: =ROUND(H14*((I14/100)+1),2) -> 727064.04 | K14: =TRUNC(G14*J14,2) -> 727064.04
A15: 002 | E15: CANTEIRO DE OBRA | K15: =SUBTOTAL(9,K16:K17) -> 85760.43
A16: 002.001 | B16: CPU0018 | C16: CPU0018 | D16: Apropriada | E16: INSTALAÇÃO DE CANTEIRO DE OBRA | F16: un | G16: 1 | H16: 36534.62 | I16: =$N$1 -> 23.78 | J16: =ROUND(H16*((I16/100)+1),2) -> 45222.55 | K16: =TRUNC(G16*J16,2) -> 45222.55
A17: 002.002 | B17: 0903802 | C17: C09019 | D17: DNIT PE 07/2025 | E17: BACIA DE CONTENÇÃO PARA TANQUE DE EMULSÃO DE 30.000 L - INCLUSIVE DEMOLIÇÃO | F17: un | G17: 2 | H17: 16374.97 | I17: =$N$1 -> 23.78 | J17: =ROUND(H17*((I17/100)+1),2) -> 20268.94 | K17: =TRUNC(G17*J17,2) -> 40537.88
A18: 003 | E18: MOBILIZAÇÃO E DESMOBILIZAÇÃO DE OBRA | K18: =SUBTOTAL(9,K19) -> 321621.98
A19: 003.001 | B19: CPU0019 | C19: CPU0019 | D19: Apropriada | E19: MOBILIZAÇÃO E DESMOBILIZAÇÃO DE EQUIPAMENTOS E PESSOAL | F19: un | G19: 1 | H19: 259833.56 | I19: =$N$1 -> 23.78 | J19: =ROUND(H19*((I19/100)+1),2) -> 321621.98 | K19: =TRUNC(G19*J19,2) -> 321621.98
A20: 004 | E20: TERRAPLENAGEM | K20: =SUBTOTAL(9,K21:K33) -> 258753.52
A21: 004.001 | B21: 5501700 | C21: C55010 | D21: DNIT PE 07/2025 | E21: DESMATAMENTO, DESTOCAMENTO E LIMPEZA DE ÁREA COM ÁRVORES DE DIÂMETRO ATÉ 0,15 M | F21: m² | G21: 18497.12 | H21: 0.7 | I21: =$N$1 -> 23.78 | J21: =ROUND(H21*((I21/100)+1),2) -> 0.87 | K21: =TRUNC(G21*J21,2) -> 16092.49
A22: 004.002 | B22: 5501710 | C22: C55264 | D22: DNIT PE 07/2025 | E22: ESCAVAÇÃO, CARGA E TRANSPORTE EM MATERIAL DE 1ª CATEGORIA - DMT DE 50 M | F22: m³ | G22: 4973 | H22: 3.72 | I22: =$N$1 -> 23.78 | J22: =ROUND(H22*((I22/100)+1),2) -> 4.6 | K22: =TRUNC(G22*J22,2) -> 22875.8
A23: 004.003 | B23: 5502109 | C23: C55029 | D23: DNIT PE 07/2025 | E23: ESCAVAÇÃO, CARGA E TRANSPORTE DE MATERIAL DE 1ª CATEGORIA - DMT DE 50 A 200 M - CAMINHO DE SERVIÇO EM LEITO NATURAL - COM ESCAVADEIRA E CAMINHÃO BASCULANTE DE 14 M³ | F23: m³ | G23: 30 | H23: 6.31 | I23: =$N$1 -> 23.78 | J23: =ROUND(H23*((I23/100)+1),2) -> 7.81 | K23: =TRUNC(G23*J23,2) -> 234.3
A24: 004.004 | B24: 5502110 | C24: C55035 | D24: DNIT PE 07/2025 | E24: ESCAVAÇÃO, CARGA E TRANSPORTE DE MATERIAL DE 1ª CATEGORIA - DMT DE 200 A 400 M - CAMINHO DE SERVIÇO EM LEITO NATURAL - COM ESCAVADEIRA E CAMINHÃO BASCULANTE DE 14 M³ | F24: m³ | G24: 298 | H24: 6.74 | I24: =$N$1 -> 23.78 | J24: =ROUND(H24*((I24/100)+1),2) -> 8.34 | K24: =TRUNC(G24*J24,2) -> 2485.32
A25: 004.005 | B25: 5502111 | C25: C55041 | D25: DNIT PE 07/2025 | E25: ESCAVAÇÃO, CARGA E TRANSPORTE DE MATERIAL DE 1ª CATEGORIA - DMT DE 400 A 600 M - CAMINHO DE SERVIÇO EM LEITO NATURAL - COM ESCAVADEIRA E CAMINHÃO BASCULANTE DE 14 M³ | F25: m³ | G25: 433 | H25: 7.12 | I25: =$N$1 -> 23.78 | J25: =ROUND(H25*((I25/100)+1),2) -> 8.81 | K25: =TRUNC(G25*J25,2) -> 3814.73
A26: 004.006 | B26: 5502112 | C26: C55047 | D26: DNIT PE 07/2025 | E26: ESCAVAÇÃO, CARGA E TRANSPORTE DE MATERIAL DE 1ª CATEGORIA - DMT DE 600 A 800 M - CAMINHO DE SERVIÇO EM LEITO NATURAL - COM ESCAVADEIRA E CAMINHÃO BASCULANTE DE 14 M³ | F26: m³ | G26: 411 | H26: 7.87 | I26: =$N$1 -> 23.78 | J26: =ROUND(H26*((I26/100)+1),2) -> 9.74 | K26: =TRUNC(G26*J26,2) -> 4003.14
A27: 004.007 | B27: 5502113 | C27: C55052 | D27: DNIT PE 07/2025 | E27: ESCAVAÇÃO, CARGA E TRANSPORTE DE MATERIAL DE 1ª CATEGORIA - DMT DE 800 A 1.000 M - CAMINHO DE SERVIÇO EM LEITO NATURAL - COM ESCAVADEIRA E CAMINHÃO BASCULANTE DE 14 M³ | F27: m³ | G27: 1 | H27: 8.16 | I27: =$N$1 -> 23.78 | J27: =ROUND(H27*((I27/100)+1),2) -> 10.1 | K27: =TRUNC(G27*J27,2) -> 10.1
A28: 004.008 | B28: 5502167 | C28: C55069 | D28: DNIT PE 07/2025 | E28: ESCAVAÇÃO, CARGA E TRANSPORTE DE MATERIAL DE 1ª CATEGORIA - DMT DE 1.200 A 1.400 M - CAMINHO DE SERVIÇO PAVIMENTADO - COM ESCAVADEIRA E CAMINHÃO BASCULANTE DE 14 M³ | F28: m³ | G28: 54 | H28: 7.72 | I28: =$N$1 -> 23.78 | J28: =ROUND(H28*((I28/100)+1),2) -> 9.56 | K28: =TRUNC(G28*J28,2) -> 516.24
A29: 004.009 | B29: 5502116 | C29: C55071 | D29: DNIT PE 07/2025 | E29: ESCAVAÇÃO, CARGA E TRANSPORTE DE MATERIAL DE 1ª CATEGORIA - DMT DE 1.400 A 1.600 M - CAMINHO DE SERVIÇO EM LEITO NATURAL - COM ESCAVADEIRA E CAMINHÃO BASCULANTE DE 14 M³ | F29: m³ | G29: 7656 | H29: 9.41 | I29: =$N$1 -> 23.78 | J29: =ROUND(H29*((I29/100)+1),2) -> 11.65 | K29: =TRUNC(G29*J29,2) -> 89192.4
A30: 004.010 | B30: 5502118 | C30: C55083 | D30: DNIT PE 07/2025 | E30: ESCAVAÇÃO, CARGA E TRANSPORTE DE MATERIAL DE 1ª CATEGORIA - DMT DE 1.800 A 2.000 M - CAMINHO DE SERVIÇO EM LEITO NATURAL - COM ESCAVADEIRA E CAMINHÃO BASCULANTE DE 14 M³ | F30: m³ | G30: 20 | H30: 9.99 | I30: =$N$1 -> 23.78 | J30: =ROUND(H30*((I30/100)+1),2) -> 12.37 | K30: =TRUNC(G30*J30,2) -> 247.4
A31: 004.011 | B31: 5502119 | C31: C55089 | D31: DNIT PE 07/2025 | E31: ESCAVAÇÃO, CARGA E TRANSPORTE DE MATERIAL DE 1ª CATEGORIA - DMT DE 2.000 A 2.500 M - CAMINHO DE SERVIÇO EM LEITO NATURAL - COM ESCAVADEIRA E CAMINHÃO BASCULANTE DE 14 M³ | F31: m³ | G31: 1558 | H31: 10.91 | I31: =$N$1 -> 23.78 | J31: =ROUND(H31*((I31/100)+1),2) -> 13.5 | K31: =TRUNC(G31*J31,2) -> 21033
A32: 004.012 | B32: 5502978 | C32: C55007 | D32: DNIT PE 07/2025 | E32: COMPACTAÇÃO DE ATERROS A 100% DO PROCTOR NORMAL | F32: m³ | G32: 711.28 | H32: 5.6 | I32: =$N$1 -> 23.78 | J32: =ROUND(H32*((I32/100)+1),2) -> 6.93 | K32: =TRUNC(G32*J32,2) -> 4929.17
A33: 004.013 | B33: 5503041 | C33: C55006 | D33: DNIT PE 07/2025 | E33: COMPACTAÇÃO DE ATERROS A 100% DO PROCTOR INTERMEDIÁRIO | F33: m³ | G33: 11635.84 | H33: 6.48 | I33: =$N$1 -> 23.78 | J33: =ROUND(H33*((I33/100)+1),2) -> 8.02 | K33: =TRUNC(G33*J33,2) -> 93319.43
A34: 005 | E34: DRENAGEM | K34: =SUBTOTAL(9,K35:K57) -> 975527.68
A35: 005.001 | E35: OBRAS DE ARTE CORRENTES | K35: =SUBTOTAL(9,K36:K48) -> 278300.6
A36: 005.001.001 | B36: 0804029 | C36: C08406 | D36: DNIT PE 07/2025 | E36: CORPO DE BSTC D = 0,80 M PA1 - AREIA, BRITA E PEDRA DE MÃO COMERCIAIS | F36: m | G36: 24 | H36: 663.46 | I36: =$N$1 -> 23.78 | J36: =ROUND(H36*((I36/100)+1),2) -> 821.23 | K36: =TRUNC(G36*J36,2) -> 19709.52
A37: 005.001.002 | B37: 0605653 | C37: C06144 | D37: DNIT PE 07/2025 | E37: BUEIRO METÁLICO COM CHAPAS MÚLTIPLAS MP 100 GALVANIZADAS - D = 0,80 M - BRITA COMERCIAL | F37: m | G37: 7 | H37: 1856.5 | I37: =$N$1 -> 23.78 | J37: =ROUND(H37*((I37/100)+1),2) -> 2297.98 | K37: =TRUNC(G37*J37,2) -> 16085.86
A38: 005.001.003 | B38: 0804045 | C38: C08422 | D38: DNIT PE 07/2025 | E38: CORPO DE BSTC D = 1,20 M PA1 - AREIA, BRITA E PEDRA DE MÃO COMERCIAIS | F38: m | G38: 13 | H38: 1029.8 | I38: =$N$1 -> 23.78 | J38: =ROUND(H38*((I38/100)+1),2) -> 1274.69 | K38: =TRUNC(G38*J38,2) -> 16570.97
A39: 005.001.004 | B39: 0804053 | C39: C08430 | D39: DNIT PE 07/2025 | E39: CORPO DE BSTC D = 1,50 M PA1 - AREIA, BRITA E PEDRA DE MÃO COMERCIAIS | F39: m | G39: 13 | H39: 1627.46 | I39: =$N$1 -> 23.78 | J39: =ROUND(H39*((I39/100)+1),2) -> 2014.47 | K39: =TRUNC(G39*J39,2) -> 26188.11
A40: 005.001.005 | B40: 0705287 | C40: C07183 | D40: DNIT PE 07/2025 | E40: CORPO DE BDCC 2,50 X 2,50 M - MOLDADO NO LOCAL - ALTURA DO ATERRO 1,00 A 2,50 M - AREIA E BRITA COMERCIAIS | F40: m | G40: 6 | H40: 7356.86 | I40: =$N$1 -> 23.78 | J40: =ROUND(H40*((I40/100)+1),2) -> 9106.32 | K40: =TRUNC(G40*J40,2) -> 54637.92
A41: 005.001.006 | B41: 0705241 | C41: C07017 | D41: DNIT PE 07/2025 | E41: BOCA DE BSCC 2,50 X 2,50 M - ESCONSIDADE 0° - AREIA E BRITA COMERCIAIS | F41: un | G41: 2 | H41: 26303.16 | I41: =$N$1 -> 23.78 | J41: =ROUND(H41*((I41/100)+1),2) -> 32558.05 | K41: =TRUNC(G41*J41,2) -> 65116.1
A42: 005.001.007 | B42: 0804101 | C42: C08050 | D42: DNIT PE 07/2025 | E42: BOCA DE BSTC D = 0,80 M - ESCONSIDADE 0° - AREIA E BRITA COMERCIAIS - ALAS RETAS | F42: un | G42: 8 | H42: 1420.93 | I42: =$N$1 -> 23.78 | J42: =ROUND(H42*((I42/100)+1),2) -> 1758.83 | K42: =TRUNC(G42*J42,2) -> 14070.64
A43: 005.001.008 | B43: 0804141 | C43: C08106 | D43: DNIT PE 07/2025 | E43: BOCA DE BSTC D = 1,20 M - ESCONSIDADE 0° - AREIA E BRITA COMERCIAIS - ALAS RETAS | F43: un | G43: 2 | H43: 2966.21 | I43: =$N$1 -> 23.78 | J43: =ROUND(H43*((I43/100)+1),2) -> 3671.57 | K43: =TRUNC(G43*J43,2) -> 7343.14
A44: 005.001.009 | B44: 0804161 | C44: C08134 | D44: DNIT PE 07/2025 | E44: BOCA DE BSTC D = 1,50 M - ESCONSIDADE 0° - AREIA E BRITA COMERCIAIS - ALAS RETAS | F44: un | G44: 2 | H44: 5115.59 | I44: =$N$1 -> 23.78 | J44: =ROUND(H44*((I44/100)+1),2) -> 6332.08 | K44: =TRUNC(G44*J44,2) -> 12664.16
A45: 005.001.010 | B45: 4915712 | C45: C49016 | D45: DNIT PE 07/2025 | E45: LIMPEZA DE BUEIRO | F45: m³ | G45: 12.78 | H45: 22.27 | I45: =$N$1 -> 23.78 | J45: =ROUND(H45*((I45/100)+1),2) -> 27.57 | K45: =TRUNC(G45*J45,2) -> 352.34
A46: 005.001.011 | B46: 4805751 | C46: C48039 | D46: DNIT PE 07/2025 | E46: ESCAVAÇÃO MANUAL EM MATERIAL DE 1ª CATEGORIA NA PROFUNDIDADE DE 1 A 2 M | F46: m³ | G46: 229.25 | H46: 56.58 | I46: =$N$1 -> 23.78 | J46: =ROUND(H46*((I46/100)+1),2) -> 70.03 | K46: =TRUNC(G46*J46,2) -> 16054.37
A47: 005.001.012 | B47: 4815671 | C47: C48080 | D47: DNIT PE 07/2025 | E47: REATERRO E COMPACTAÇÃO COM SOQUETE VIBRATÓRIO | F47: m³ | G47: 81.29 | H47: 18.47 | I47: =$N$1 -> 23.78 | J47: =ROUND(H47*((I47/100)+1),2) -> 22.86 | K47: =TRUNC(G47*J47,2) -> 1858.28
A48: 005.001.013 | B48: 1600438 | C48: C16002 | D48: DNIT PE 07/2025 | E48: DEMOLIÇÃO MANUAL DE CONCRETO ARMADO | F48: m³ | G48: 36.53 | H48: 611.48 | I48: =$N$1 -> 23.78 | J48: =ROUND(H48*((I48/100)+1),2) -> 756.89 | K48: =TRUNC(G48*J48,2) -> 27649.19
A49: 005.002 | E49: DRENAGEM SUPERFICIAL | K49: =SUBTOTAL(9,K50:K57) -> 697227.08
A50: 005.002.001 | B50: CPU0007 | C50: CPU0007 | D50: Apropriada | E50: MEIO-FIO DE CONCRETO - MFC 01 - AREIA E BRITA COMERCIAIS - FÔRMA DE MADEIRA | F50: m | G50: 4283.72 | H50: 117.74 | I50: =$N$1 -> 23.78 | J50: =ROUND(H50*((I50/100)+1),2) -> 145.74 | K50: =TRUNC(G50*J50,2) -> 624309.35
A51: 005.002.002 | B51: CPU0008 | C51: CPU0008 | D51: Apropriada | E51: MEIO-FIO DE CONCRETO - MFC 05 - AREIA E BRITA COMERCIAIS - FÔRMA DE MADEIRA | F51: m | G51: 595.75 | H51: 72.4 | I51: =$N$1 -> 23.78 | J51: =ROUND(H51*((I51/100)+1),2) -> 89.62 | K51: =TRUNC(G51*J51,2) -> 53391.11
A52: 005.002.003 | B52: CPU0001 | C52: CPU0001 | D52: Apropriada | E52: ENTRADA PARA DESCIDA D'ÁGUA - EDA 01 - AREIA E BRITA COMERCIAIS | F52: un | G52: 27 | H52: 64.28 | I52: =$N$1 -> 23.78 | J52: =ROUND(H52*((I52/100)+1),2) -> 79.57 | K52: =TRUNC(G52*J52,2) -> 2148.39
A53: 005.002.004 | B53: CPU0002 | C53: CPU0002 | D53: Apropriada | E53: ENTRADA PARA DESCIDA D'ÁGUA - EDA 02 - AREIA E BRITA COMERCIAIS | F53: un | G53: 12 | H53: 79.56 | I53: =$N$1 -> 23.78 | J53: =ROUND(H53*((I53/100)+1),2) -> 98.48 | K53: =TRUNC(G53*J53,2) -> 1181.76
A54: 005.002.005 | B54: CPU0003 | C54: CPU0003 | D54: Apropriada | E54: DESCIDA D'ÁGUA DE ATERROS TIPO RÁPIDO - DAR 02 - AREIA E BRITA COMERCIAIS | F54: m | G54: 6 | H54: 170.65 | I54: =$N$1 -> 23.78 | J54: =ROUND(H54*((I54/100)+1),2) -> 211.23 | K54: =TRUNC(G54*J54,2) -> 1267.38
A55: 005.002.006 | B55: CPU0004 | C55: CPU0004 | D55: Apropriada | E55: DESCIDA D'ÁGUA DE ATERROS TIPO RÁPIDO - DAR 03 - AREIA E BRITA COMERCIAIS | F55: m | G55: 30 | H55: 237.82 | I55: =$N$1 -> 23.78 | J55: =ROUND(H55*((I55/100)+1),2) -> 294.37 | K55: =TRUNC(G55*J55,2) -> 8831.1
A56: 005.002.007 | B56: CPU0006 | C56: CPU0006 | D56: Apropriada | E56: DISSIPADOR DE ENERGIA - DEB 01 - AREIA, BRITA E PEDRA DE MÃO COMERCIAIS | F56: un | G56: 3 | H56: 596.99 | I56: =$N$1 -> 23.78 | J56: =ROUND(H56*((I56/100)+1),2) -> 738.95 | K56: =TRUNC(G56*J56,2) -> 2216.85
A57: 005.002.008 | B57: CPU0005 | C57: CPU0005 | D57: Apropriada | E57: DISSIPADOR DE ENERGIA - DEB 05 - AREIA, BRITA E PEDRA DE MÃO COMERCIAIS | F57: un | G57: 2 | H57: 1567.76 | I57: =$N$1 -> 23.78 | J57: =ROUND(H57*((I57/100)+1),2) -> 1940.57 | K57: =TRUNC(G57*J57,2) -> 3881.14
A58: 006 | E58: PAVIMENTAÇÃO | K58: =SUBTOTAL(9,K59:K72) -> 10572883
A59: 006.001 | B59: 4915667 | C59: C49098 | D59: DNIT PE 07/2025 | E59: REMOÇÃO MECANIZADA DE REVESTIMENTO ASFÁLTICO | F59: m³ | G59: 234 | H59: 17.73 | I59: =$N$1 -> 23.78 | J59: =ROUND(H59*((I59/100)+1),2) -> 21.95 | K59: =TRUNC(G59*J59,2) -> 5136.3
A60: 006.002 | B60: 4915669 | C60: C49097 | D60: DNIT PE 07/2025 | E60: REMOÇÃO MECANIZADA DE CAMADA GRANULAR DO PAVIMENTO | F60: m³ | G60: 1626 | H60: 11.99 | I60: =$N$1 -> 23.78 | J60: =ROUND(H60*((I60/100)+1),2) -> 14.84 | K60: =TRUNC(G60*J60,2) -> 24129.84
A61: 006.003 | B61: CPU0027 | C61: CPU0027 | D61: Apropriada | E61: SUB-BASE ESTABILIZADA GRANULOMETRICAMENTE COM MISTURA BRITA SOLO (75% - 25%) NA PISTA COM MATERIAL DE JAZIDA E BRITA COMERCIAL - 100% PROCTOR MODIFICADO | F61: m³ | G61: 12757.2 | H61: 277.62 | I61: =$N$1 -> 23.78 | J61: =ROUND(H61*((I61/100)+1),2) -> 343.64 | K61: =TRUNC(G61*J61,2) -> 4383884.2
A62: 006.004 | B62: CPU0026 | C62: CPU0026 | D62: Apropriada | E62: BASE ESTABILIZADA GRANULOMETRICAMENTE COM MISTURA BRITA SOLO (75% - 25%) EM USINA COM MATERIAL DE JAZIDA E BRITA COMERCIAL | F62: m³ | G62: 5865.69 | H62: 282.41 | I62: =$N$1 -> 23.78 | J62: =ROUND(H62*((I62/100)+1),2) -> 349.57 | K62: =TRUNC(G62*J62,2) -> 2050469.2
A63: 006.005 | B63: 4011352 | C63: C40067 | D63: DNIT PE 07/2025 | E63: IMPRIMAÇÃO COM EMULSÃO ASFÁLTICA | F63: m² | G63: 39359.33 | H63: 0.69 | I63: =$N$1 -> 23.78 | J63: =ROUND(H63*((I63/100)+1),2) -> 0.85 | K63: =TRUNC(G63*J63,2) -> 33455.43
A64: 006.006 | B64: 4011212 | C64: C40238 | D64: DNIT PE 07/2025 | E64: VARREDURA DA SUPERFÍCIE PARA EXECUÇÃO DE REVESTIMENTO ASFÁLTICO | F64: m² | G64: 78718.66 | H64: 0.08 | I64: =$N$1 -> 23.78 | J64: =ROUND(H64*((I64/100)+1),2) -> 0.1 | K64: =TRUNC(G64*J64,2) -> 7871.86
A65: 006.007 | B65: 4011464 | C65: C40045 | D65: DNIT PE 07/2025 | E65: CONCRETO ASFÁLTICO - FAIXA C-12,5 - MASSA COMERCIAL | F65: t | G65: 4723.12 | H65: 136.06 | I65: =$N$1 -> 23.78 | J65: =ROUND(H65*((I65/100)+1),2) -> 168.42 | K65: =TRUNC(G65*J65,2) -> 795467.87
A66: 006.008 | B66: CPU0028 | C66: CPU0028 | D66: Apropriada | E66: AQUISIÇÃO DE MASSA ASFÁLTICA COMERCIAL FAIXA C | F66: t | G66: 4723.12 | H66: 493.57 | I66: =$N$2 -> 17.42 | J66: =ROUND(H66*((I66/100)+1),2) -> 579.55 | K66: =TRUNC(G66*J66,2) -> 2737284.2
A67: 006.009 | B67: 4011209 | C67: C40174 | D67: DNIT PE 07/2025 | E67: REGULARIZAÇÃO DO SUBLEITO - 100% PROCTOR INTERMEDIÁRIO | F67: m² | G67: 41080.13 | H67: 1.8 | I67: =$N$1 -> 23.78 | J67: =ROUND(H67*((I67/100)+1),2) -> 2.23 | K67: =TRUNC(G67*J67,2) -> 91608.68
A68: 006.010 | B68: CPU0009 | C68: CPU0009 | D68: Apropriada | E68: EXECUÇÃO DE PAVIMENTO EM PARALELEPÍPEDOS, REJUNTAMENTO COM ARGAMASSA TRAÇO 1:3 (CIMENTO E AREIA). | F68: m2 | G68: 2280 | H68: 87.69 | I68: =$N$1 -> 23.78 | J68: =ROUND(H68*((I68/100)+1),2) -> 108.54 | K68: =TRUNC(G68*J68,2) -> 247471.2
A69: 006.011 | E69: AQUISIÇÃO DE MATERIAIS BETUMINOSOS | K69: =SUBTOTAL(9,K70:K70) -> 164226.56
A70: 006.011.001 | B70: CPU0013 | C70: CPU0013 | D70: Apropriada | E70: AQUISIÇÃO DE EMULSÃO ASFÁLTICA PARA IMPRIMAÇÃO | F70: t | G70: 51.2 | H70: 2731.69 | I70: =$N$2 -> 17.42 | J70: =ROUND(H70*((I70/100)+1),2) -> 3207.55 | K70: =TRUNC(G70*J70,2) -> 164226.56
A71: 006.012 | E71: TRANSPORTE DE MATERIAIS BETUMINOSOS | K71: =SUBTOTAL(9,K72:K72) -> 31877.63
A72: 006.012.001 | B72: CPU0015 | C72: CPU0015 | D72: Apropriada | E72: TRANSPORTE DE EMULSÃO ASFÁLTICA PARA IMPRIMAÇÃO | F72: t | G72: 51.2 | H72: 530.24 | I72: =$N$2 -> 17.42 | J72: =ROUND(H72*((I72/100)+1),2) -> 622.61 | K72: =TRUNC(G72*J72,2) -> 31877.63
A73: 007 | E73: SINALIZAÇÃO | K73: =SUBTOTAL(9,K74:K90) -> 300589.92
A74: 007.001 | E74: SINALIZAÇÃO HORIZONTAL | K74: =SUBTOTAL(9,K75:K79) -> 205087.73
A75: 007.001.001 | B75: 5213401 | C75: C52208 | D75: DNIT PE 07/2025 | E75: PINTURA DE FAIXA COM TINTA ACRÍLICA - ESPESSURA DE 0,6 MM | F75: m² | G75: 1944.65 | H75: 28.94 | I75: =$N$1 -> 23.78 | J75: =ROUND(H75*((I75/100)+1),2) -> 35.82 | K75: =TRUNC(G75*J75,2) -> 69657.36
A76: 007.001.002 | B76: 5213405 | C76: C52225 | D76: DNIT PE 07/2025 | E76: PINTURA DE SETAS E ZEBRADOS COM TINTA ACRÍLICA - ESPESSURA DE 0,6 MM | F76: m² | G76: 128.5 | H76: 43.91 | I76: =$N$1 -> 23.78 | J76: =ROUND(H76*((I76/100)+1),2) -> 54.35 | K76: =TRUNC(G76*J76,2) -> 6983.97
A77: 007.001.003 | B77: 5219631 | C77: C52483 | D77: DNIT PE 07/2025 | E77: TACHA REFLETIVA EM RESINA SINTÉTICA - MONODIRECIONAL TIPO III - COM UM PINO - FORNECIMENTO E COLOCAÇÃO | F77: un | G77: 276 | H77: 52.15 | I77: =$N$1 -> 23.78 | J77: =ROUND(H77*((I77/100)+1),2) -> 64.55 | K77: =TRUNC(G77*J77,2) -> 17815.8
A78: 007.001.004 | B78: 5219623 | C78: C52475 | D78: DNIT PE 07/2025 | E78: TACHA REFLETIVA EM RESINA SINTÉTICA - BIDIRECIONAL TIPO III - COM UM PINO - FORNECIMENTO E COLOCAÇÃO | F78: un | G78: 1605 | H78: 54.39 | I78: =$N$1 -> 23.78 | J78: =ROUND(H78*((I78/100)+1),2) -> 67.32 | K78: =TRUNC(G78*J78,2) -> 108048.6
A79: 007.001.005 | B79: 5219631 | C79: C52483 | D79: DNIT PE 07/2025 | E79: TACHA REFLETIVA EM RESINA SINTÉTICA - MONODIRECIONAL TIPO III - COM UM PINO - FORNECIMENTO E COLOCAÇÃO | F79: un | G79: 40 | H79: 52.15 | I79: =$N$1 -> 23.78 | J79: =ROUND(H79*((I79/100)+1),2) -> 64.55 | K79: =TRUNC(G79*J79,2) -> 2582
A80: 007.002 | E80: SINALIZAÇÃO VERTICAL | K80: =SUBTOTAL(9,K81:K90) -> 95502.19
A81: 007.002.001 | B81: 5213442 | C81: C52066 | D81: DNIT PE 07/2025 | E81: PLACA DE REGULAMENTAÇÃO EM AÇO D = 1,00 M - PELÍCULA RETRORREFLETIVA TIPO I + SI - FORNECIMENTO E IMPLANTAÇÃO | F81: un | G81: 20 | H81: 697.63 | I81: =$N$1 -> 23.78 | J81: =ROUND(H81*((I81/100)+1),2) -> 863.53 | K81: =TRUNC(G81*J81,2) -> 17270.6
A82: 007.002.002 | B82: 5213446 | C82: C52070 | D82: DNIT PE 07/2025 | E82: PLACA DE REGULAMENTAÇÃO EM AÇO, R1 LADO 0,414 M - PELÍCULA RETRORREFLETIVA TIPO I + SI - FORNECIMENTO E IMPLANTAÇÃO | F82: un | G82: 3 | H82: 697.63 | I82: =$N$1 -> 23.78 | J82: =ROUND(H82*((I82/100)+1),2) -> 863.53 | K82: =TRUNC(G82*J82,2) -> 2590.59
A83: 007.002.003 | B83: 5213450 | C83: C52074 | D83: DNIT PE 07/2025 | E83: PLACA DE REGULAMENTAÇÃO EM AÇO, R2 LADO 1,00 M - PELÍCULA RETRORREFLETIVA TIPO I + SI - FORNECIMENTO E IMPLANTAÇÃO | F83: un | G83: 2 | H83: 442.6 | I83: =$N$1 -> 23.78 | J83: =ROUND(H83*((I83/100)+1),2) -> 547.85 | K83: =TRUNC(G83*J83,2) -> 1095.7
A84: 007.002.004 | B84: CPU0029 | C84: CPU0029 | D84: Apropriada | E84: PLACA EM AÇO - PELÍCULA I + IV - FORNECIMENTO E IMPLANTAÇÃO | F84: m² | G84: 10.8 | H84: 480.61 | I84: =$N$1 -> 23.78 | J84: =ROUND(H84*((I84/100)+1),2) -> 594.9 | K84: =TRUNC(G84*J84,2) -> 6424.92
A85: 007.002.005 | B85: 5213466 | C85: C52054 | D85: DNIT PE 07/2025 | E85: PLACA DE ADVERTÊNCIA EM AÇO, LADO DE 1,00 M - PELÍCULA RETRORREFLETIVA TIPO I + SI - FORNECIMENTO E IMPLANTAÇÃO | F85: un | G85: 2 | H85: 697.63 | I85: =$N$1 -> 23.78 | J85: =ROUND(H85*((I85/100)+1),2) -> 863.53 | K85: =TRUNC(G85*J85,2) -> 1727.06
A86: 007.002.006 | B86: 5213571 | C86: C52125 | D86: DNIT PE 07/2025 | E86: PLACA EM AÇO - PELÍCULA I + III - FORNECIMENTO E IMPLANTAÇÃO | F86: m² | G86: 31.38 | H86: 525.31 | I86: =$N$1 -> 23.78 | J86: =ROUND(H86*((I86/100)+1),2) -> 650.23 | K86: =TRUNC(G86*J86,2) -> 20404.21
A87: 007.002.007 | B87: 5213577 | C87: C52122 | D87: DNIT PE 07/2025 | E87: PLACA EM AÇO, MODULADA - ACIMA DE 2 M² - PELÍCULA I + III - FORNECIMENTO E IMPLANTAÇÃO | F87: m² | G87: 35.25 | H87: 640.83 | I87: =$N$1 -> 23.78 | J87: =ROUND(H87*((I87/100)+1),2) -> 793.22 | K87: =TRUNC(G87*J87,2) -> 27961
A88: 007.002.008 | B88: 5213477 | C88: C52088 | D88: DNIT PE 07/2025 | E88: PLACA DELINEADOR EM AÇO - 0,30 X 0,90 M - PELÍCULA RETRORREFLETIVA TIPO I + IV - FORNECIMENTO E IMPLANTAÇÃO | F88: un | G88: 6 | H88: 173.63 | I88: =$N$1 -> 23.78 | J88: =ROUND(H88*((I88/100)+1),2) -> 214.92 | K88: =TRUNC(G88*J88,2) -> 1289.52
A89: 007.002.009 | B89: 5213472 | C89: C52060 | D89: DNIT PE 07/2025 | E89: PLACA DE MARCO QUILOMÉTRICO EM AÇO - 0,60 X 0,865 M - PELÍCULA RETRORREFLETIVA TIPO I + I - FORNECIMENTO E IMPLANTAÇÃO | F89: un | G89: 9 | H89: 316.13 | I89: =$N$1 -> 23.78 | J89: =ROUND(H89*((I89/100)+1),2) -> 391.31 | K89: =TRUNC(G89*J89,2) -> 3521.79
A90: 007.002.010 | B90: 5216111 | C90: C52168 | D90: DNIT PE 07/2025 | E90: SUPORTE PARA PLACA DE SINALIZAÇÃO EM MADEIRA DE LEI TRATADA 8 X 8 CM - FORNECIMENTO E IMPLANTAÇÃO | F90: un | G90: 80 | H90: 133.47 | I90: =$N$1 -> 23.78 | J90: =ROUND(H90*((I90/100)+1),2) -> 165.21 | K90: =TRUNC(G90*J90,2) -> 13216.8
A91: 008 | E91: SINALIZAÇÃO DE OBRAS | K91: =SUBTOTAL(9,K92:K99) -> 84891
A92: 008.001 | B92: 5213850 | C92: C52200 | D92: DNIT PE 07/2025 | E92: OPERAÇÃO DE SINALIZAÇÃO POR BANDEIROLA DE TECIDO OU COM PLACA METÁLICA | F92: h | G92: 2640 | H92: 22.27 | I92: =$N$1 -> 23.78 | J92: =ROUND(H92*((I92/100)+1),2) -> 27.57 | K92: =TRUNC(G92*J92,2) -> 72784.8
A93: 008.002 | B93: 5213343 | C93: C52497 | D93: DNIT PE 07/2025 | E93: BARREIRA DE SINALIZAÇÃO TIPO I DE DIRECIONAMENTO OU BLOQUEIO - UTILIZAÇÃO DE 150 CICLOS - FORNECIMENTO, 01 IMPLANTAÇÃO E 01 RETIRADA DIÁRIA | F93: un.dia | G93: 1005 | H93: 4.3 | I93: =$N$1 -> 23.78 | J93: =ROUND(H93*((I93/100)+1),2) -> 5.32 | K93: =TRUNC(G93*J93,2) -> 5346.6
A94: 008.003 | B94: 5213835 | C94: C52014 | D94: DNIT PE 07/2025 | E94: CONE PLÁSTICO PARA CANALIZAÇÃO DE TRÂNSITO - UTILIZAÇÃO DE 150 CICLOS - FORNECIMENTO, 01 IMPLANTAÇÃO E 01 RETIRADA DIÁRIA | F94: un.dia | G94: 600 | H94: 0.77 | I94: =$N$1 -> 23.78 | J94: =ROUND(H94*((I94/100)+1),2) -> 0.95 | K94: =TRUNC(G94*J94,2) -> 570
A95: 008.004 | B95: 5212560 | C95: C52453 | D95: DNIT PE 07/2025 | E95: PLACA DE ADVERTÊNCIA PARA SINALIZAÇÃO DE OBRAS MONTADA EM SUPORTE METÁLICO MÓVEL, LADO 1,00 M - UTILIZAÇÃO DE 600 CICLOS - FORNECIMENTO, 01 IMPLANTAÇÃO E 01 RETIRADA DIÁRIA | F95: un.dia | G95: 420 | H95: 4.05 | I95: =$N$1 -> 23.78 | J95: =ROUND(H95*((I95/100)+1),2) -> 5.01 | K95: =TRUNC(G95*J95,2) -> 2104.2
A96: 008.005 | B96: 5213848 | C96: C52045 | D96: DNIT PE 07/2025 | E96: LUZ DE ADVERTÊNCIA E BATERIA PARA DISPOSITIVOS DE SINALIZAÇÃO - UTILIZAÇÃO DE 200 CICLOS - FORNECIMENTO, 01 IMPLANTAÇÃO E 01 RETIRADA DIÁRIA | F96: un.dia | G96: 600 | H96: 1.11 | I96: =$N$1 -> 23.78 | J96: =ROUND(H96*((I96/100)+1),2) -> 1.37 | K96: =TRUNC(G96*J96,2) -> 822
A97: 008.006 | B97: CPU0011 | C97: CPU0011 | D97: Apropriada | E97: PLACA PARA SINALIZAÇÃO DE OBRAS MONTADA EM CAVALETE METÁLICO - 1,50 X 1,00 M - UTILIZAÇÃO DE 600 CICLOS - FORNECIMENTO, 01 IMPLANTAÇÃO E 01 RETIRADA DIÁRIA - PELÍCULA TIPO I + IV | F97: un.dia | G97: 360 | H97: 2.54 | I97: =$N$1 -> 23.78 | J97: =ROUND(H97*((I97/100)+1),2) -> 3.14 | K97: =TRUNC(G97*J97,2) -> 1130.4
A98: 008.007 | B98: CPU0030 | C98: CPU0030 | D98: Apropriada | E98: PLACA PARA SINALIZAÇÃO DE OBRAS MONTADA EM CAVALETE METÁLICO - 1,50 X 0,80 M - UTILIZAÇÃO DE 600 CICLOS - FORNECIMENTO, 01 IMPLANTAÇÃO E 01 RETIRADA DIÁRIA - PELÍCULA TIPO I + IV | F98: un.dia | G98: 60 | H98: 2.2 | I98: =$N$1 -> 23.78 | J98: =ROUND(H98*((I98/100)+1),2) -> 2.72 | K98: =TRUNC(G98*J98,2) -> 163.2
A99: 008.008 | B99: CPU0012 | C99: CPU0012 | D99: Apropriada | E99: PLACA DE REGULAMENTAÇÃO PARA SINALIZAÇÃO DE OBRAS MONTADA EM SUPORTE METÁLICO MÓVEL - D = 1,00 M - UTILIZAÇÃO DE 600 CICLOS - FORNECIMENTO, 01 IMPLANTAÇÃO E 01 RETIRADA DIÁRIA - TIPO I+IV | F99: un.dia | G99: 420 | H99: 3.79 | I99: =$N$1 -> 23.78 | J99: =ROUND(H99*((I99/100)+1),2) -> 4.69 | K99: =TRUNC(G99*J99,2) -> 1969.8
A100: 009 | E100: PROTEÇÃO AMBIENTAL | K100: =SUBTOTAL(9,K101:K103) -> 21113.9
A101: 009.001 | B101: 4413990 | C101: C44022 | D101: DNIT PE 07/2025 | E101: PLANTIO DE MUDA DE ARBUSTO COM ALTURA ATÉ 0,50 M EM COVA DE 0,40 X 0,40 X 0,40 M | F101: un | G101: 52 | H101: 34.27 | I101: =$N$1 -> 23.78 | J101: =ROUND(H101*((I101/100)+1),2) -> 42.42 | K101: =TRUNC(G101*J101,2) -> 2205.84
A102: 009.002 | B102: 2003305 | C102: C20680 | D102: DNIT PE 07/2025 | E102: VALETA DE PROTEÇÃO DE CORTES COM REVESTIMENTO VEGETAL - VPCG 120-30 - ESCAVAÇÃO MECÂNICA | F102: m | G102: 110 | H102: 44.18 | I102: =$N$1 -> 23.78 | J102: =ROUND(H102*((I102/100)+1),2) -> 54.69 | K102: =TRUNC(G102*J102,2) -> 6015.9
A103: 009.003 | B103: 4413993 | C103: C44070 | D103: DNIT PE 07/2025 | E103: REVESTIMENTO VEGETAL POR SEMEADURA A LANÇO MANUAL DE GRAMÍNEAS E LEGUMINOSAS | F103: m² | G103: 17660.5 | H103: 0.59 | I103: =$N$1 -> 23.78 | J103: =ROUND(H103*((I103/100)+1),2) -> 0.73 | K103: =TRUNC(G103*J103,2) -> 12892.16
...

Sheet CRONO_ONE
A1: CRONOGRAMA FÍSICO FINANCEIRO - ONERADO
A2: =CONCATENATE("PE-460 - ",RESUMO_ONE!A8) -> PE-460 - SEGMENTO: ACESSO AO PORTO DA BARRA DE TARRACHIL
A3: ITEM | C3: VALOR R$ | D3: DIAS CORRIDOS
B4: ATIVIDADES | D4: 1 | E4: 2 | F4: 3 | G4: 4 | H4: 5 | I4: 6
A6: 1 | B6: =RESUMO_ONE!B14 -> ADMINISTRAÇÃO DE OBRA | C6: =C8/$C$40 -> 0.053881491 | D6: =D40/$J$40 -> 0.01931364 | E6: =E40/$J$40 -> 0.27901511 | F6: =F40/$J$40 -> 0.36183122 | G6: =G40/$J$40 -> 0.26888119 | H6: =H40/$J$40 -> 0.037905927 | I6: =I40/$J$40 -> 0.033052908 | J6: =SUM(D6:I6) -> 1 | K6: =J6=100% -> TRUE
C8: =VLOOKUP(B6,RESUMO_ONE!$B:$K,9,FALSE) -> 727064.04 | D8: =D6*$C$8 -> 14042.253 | E8: =E6*$C$8 -> 202861.86 | F8: =F6*$C$8 -> 263074.47 | G8: =G6*$C$8 -> 195493.84 | H8: =H6*$C$8 -> 27560.036 | I8: =I6*$C$8 -> 24031.581 | J8: =SUM(D8:I8) -> 727064.04 | K8: =J8=C8 -> TRUE
A9: 2 | B9: =RESUMO_ONE!B15 -> CANTEIRO DE OBRA | C9: =C11/$C$40 -> 0.006355561 | D9: 1 | J9: =SUM(D9:I9) -> 1 | K9: =J9=100% -> TRUE
C11: =VLOOKUP(B9,RESUMO_ONE!$B:$K,9,FALSE) -> 85760.43 | D11: =D9*$C$11 -> 85760.43 | J11: =SUM(D11:I11) -> 85760.43 | K11: =J11=C11 -> TRUE
A12: 3 | B12: =RESUMO_ONE!B16 -> MOBILIZAÇÃO E DESMOBILIZAÇÃO DE OBRA | C12: =C14/$C$40 -> 0.023834863 | D12: 0.5 | I12: 0.5 | J12: =SUM(D12:I12) -> 1 | K12: =J12=100% -> TRUE
C14: =VLOOKUP(B12,RESUMO_ONE!$B:$K,9,FALSE) -> 321621.98 | D14: =D12*$C$14 -> 160810.99 | I14: =I12*$C$14 -> 160810.99 | J14: =SUM(D14:I14) -> 321621.98 | K14: =J14=C14 -> TRUE
A15: 4 | B15: =RESUMO_ONE!B17 -> TERRAPLENAGEM | C15: =C17/$C$40 -> 0.019175787 | E15: 0.5 | F15: 0.5 | J15: =SUM(D15:I15) -> 1 | K15: =J15=100% -> TRUE
C17: =VLOOKUP(B15,RESUMO_ONE!$B:$K,9,FALSE) -> 258753.52 | E17: =E15*$C$17 -> 129376.76 | F17: =F15*$C$17 -> 129376.76 | J17: =SUM(D17:I17) -> 258753.52 | K17: =J17=C17 -> TRUE
A18: 5 | B18: =RESUMO_ONE!B18 -> DRENAGEM | C18: =C20/$C$40 -> 0.072294713 | E18: 0.25 | F18: 0.25 | G18: 0.25 | H18: 0.25 | J18: =SUM(D18:I18) -> 1 | K18: =J18=100% -> TRUE | M18: =100/6 -> 16.666667
C20: =VLOOKUP(B18,RESUMO_ONE!$B:$K,9,FALSE) -> 975527.68 | E20: =E18*$C$20 -> 243881.92 | F20: =F18*$C$20 -> 243881.92 | G20: =G18*$C$20 -> 243881.92 | H20: =H18*$C$20 -> 243881.92 | J20: =SUM(D20:I20) -> 975527.68 | K20: =J20=C20 -> TRUE
A21: 6 | B21: =RESUMO_ONE!B19 -> PAVIMENTAÇÃO | C21: =C23/$C$40 -> 0.78353855 | E21: 0.3 | F21: 0.4 | G21: 0.3 | J21: =SUM(D21:I21) -> 1 | K21: =J21=100% -> TRUE
C23: =VLOOKUP(B21,RESUMO_ONE!$B:$K,9,FALSE) -> 10572883 | E23: =E21*$C$23 -> 3171864.9 | F23: =F21*$C$23 -> 4229153.2 | G23: =G21*$C$23 -> 3171864.9 | J23: =SUM(D23:I23) -> 10572883 | K23: =J23=C23 -> TRUE
A24: 7 | B24: =RESUMO_ONE!B20 -> SINALIZAÇÃO | C24: =C26/$C$40 -> 0.022276213 | H24: 0.5 | I24: 0.5 | J24: =SUM(D24:I24) -> 1 | K24: =J24=100% -> TRUE
C26: =VLOOKUP(B24,RESUMO_ONE!$B:$K,9,FALSE) -> 300589.92 | H26: =H24*$C$26 -> 150294.96 | I26: =I24*$C$26 -> 150294.96 | J26: =SUM(D26:I26) -> 300589.92 | K26: =J26=C26 -> TRUE
A27: 8 | B27: =RESUMO_ONE!B21 -> SINALIZAÇÃO DE OBRAS | C27: =C29/$C$40 -> 0.006291129 | E27: 0.2 | F27: 0.2 | G27: 0.2 | H27: 0.2 | I27: 0.2 | J27: =SUM(D27:I27) -> 1 | K27: =J27=100% -> TRUE
C29: =VLOOKUP(B27,RESUMO_ONE!$B:$K,9,FALSE) -> 84891 | E29: =E27*$C$29 -> 16978.2 | F29: =F27*$C$29 -> 16978.2 | G29: =G27*$C$29 -> 16978.2 | H29: =H27*$C$29 -> 16978.2 | I29: =I27*$C$29 -> 16978.2 | J29: =SUM(D29:I29) -> 84891 | K29: =J29=C29 -> TRUE
A30: 9 | B30: =RESUMO_ONE!B22 -> PROTEÇÃO AMBIENTAL | C30: =C32/$C$40 -> 0.0015647156 | I30: 1 | J30: =SUM(D30:I30) -> 1 | K30: =J30=100% -> TRUE
C32: =VLOOKUP(B30,RESUMO_ONE!$B:$K,9,FALSE) -> 21113.9 | I32: =I30*$C$32 -> 21113.9 | J32: =SUM(D32:I32) -> 21113.9 | K32: =J32=C32 -> TRUE
A33: 10 | B33: =RESUMO_ONE!B23 -> OBRAS COMPLEMENTARES | C33: =C35/$C$40 -> 0.010786977 | H33: 0.5 | I33: 0.5 | J33: =SUM(D33:I33) -> 1 | K33: =J33=100% -> TRUE
C35: =VLOOKUP(B33,RESUMO_ONE!$B:$K,9,FALSE) -> 145556.91 | H35: =H33*$C$35 -> 72778.455 | I35: =I33*$C$35 -> 72778.455 | J35: =SUM(D35:I35) -> 145556.91 | K35: =J35=C35 -> TRUE
A36: DESEMBOLSO MENSAL (R$) | C36: PARCIAL | D36: =D8+D11+D14+D17+D20+D23+D26+D29+D32+D35 -> 260613.67 | E36: =E8+E11+E14+E17+E20+E23+E26+E29+E32+E35 -> 3764963.6 | F36: =F8+F11+F14+F17+F20+F23+F26+F29+F32+F35 -> 4882464.6 | G36: =G8+G11+G14+G17+G20+G23+G26+G29+G32+G35 -> 3628218.9 | H36: =H8+H11+H14+H17+H20+H23+H26+H29+H32+H35 -> 511493.57 | I36: =I8+I11+I14+I17+I20+I23+I26+I29+I32+I35 -> 446008.09
C37: ACUMULADO | D37: =D36 -> 260613.67 | E37: =E36+D37 -> 4025577.3 | F37: =F36+E37 -> 8908041.9 | G37: =G36+F37 -> 12536261 | H37: =H36+G37 -> 13047754 | I37: =I36+H37 -> 13493762
A38: DESEMBOLSO MENSAL (%) | C38: PARCIAL | D38: =D36/$C$40 -> 0.01931364 | E38: =E36/$C$40 -> 0.27901511 | F38: =F36/$C$40 -> 0.36183122 | G38: =G36/$C$40 -> 0.26888119 | H38: =H36/$C$40 -> 0.037905927 | I38: =I36/$C$40 -> 0.033052908
C39: ACUMULADO | D39: =D38 -> 0.01931364 | E39: =E38+D39 -> 0.29832875 | F39: =F38+E39 -> 0.66015998 | G39: =G38+F39 -> 0.92904117 | H39: =H38+G39 -> 0.96694709 | I39: =I38+H39 -> 1
C40: =C8+C11+C14+C17+C20+C23+C26+C29+C32+C35 -> 13493762 | D40: =SUM(D29,D26,D23,D20,D17,D14,D11,D32,D35) -> 246571.42 | E40: =SUM(E29,E26,E23,E20,E17,E14,E11,E32,E35) -> 3562101.8 | F40: =SUM(F29,F26,F23,F20,F17,F14,F11,F32,F35) -> 4619390.1 | G40: =SUM(G29,G26,G23,G20,G17,G14,G11,G32,G35) -> 3432725 | H40: =SUM(H29,H26,H23,H20,H17,H14,H11,H32,H35) -> 483933.54 | I40: =SUM(I29,I26,I23,I20,I17,I14,I11,I32,I35) -> 421976.51 | J40: =SUM(D40:I40) -> 12766698 | K40: =(J40+C8)=C40 -> TRUE
D41: =ROUND(D40/$J$40,4) -> 0.0193 | E41: =ROUND(E40/$J$40,4) -> 0.279 | F41: =ROUND(F40/$J$40,4) -> 0.3618 | G41: =ROUND(G40/$J$40,4) -> 0.2689 | H41: =ROUND(H40/$J$40,4) -> 0.0379 | I41: =ROUND(I40/$J$40,4) -> 0.0331 | J41: =SUM(D41:I41) -> 1

Sheet CURVA ABC
B1: DEPARTAMENTO DE ESTRADAS DE RODAGEM DE PERNAMBUCO DIRETORIA DE PLANEJAMENTO E PROJETOS RELATÓRIO SINTÉTICO DO ORÇAMENTO
B4: Setor: DIRETORIA DE PLANEJAMENTO E PROJETOS
A6: =ORÇAMENTO_ONE!A6 -> Serviço: RESTAURAÇÃO DA RODOVIA PE-460 | I6: Ano: 2025 | L6: BDI GERAL | M6: 23.78
A7: Orçamento: EXECUÇÃO DE OBRAS E SERVIÇOS DE ENGENHARIA PARA RESTAURAÇÃO DA PE-460, NO MUNICÍPIO DE BELÉM DE SÃO FRANCISCO - PE (SEM DESONERAÇÂO) | I7: Rodovia: PE-460 | L7: BDI DIF | M7: 17.42
A8: SEGMENTO: ACESSO AO PORTO DA BARRA DE TARRACHIL | I8: Extensão: 4,86 km
A9: =CONCATENATE("BDI: ",M6,"% (Geral) e ",M7,"% (Diferenciado)") -> BDI: 23,78% (Geral) e 17,42% (Diferenciado) | F9: Data Base: JULHO/2025 | I9: Preço Total: | J9: =K91 -> 13493762
A11: CURVA ABC - ONERADO
A12: Item | B12: Código | C12: Código Aux. | D12: Fonte | E12: Descrição Completa | F12: Unid. | G12: Qtde | H12: Custo Unitário | I12: BDI (%) | J12: Preço Unitário | K12: Preço Total | L12: % | M12: % Acumulada
A13: 1 | B13: CPU0027 | C13: CPU0027 | D13: Apropriada | E13: SUB-BASE ESTABILIZADA GRANULOMETRICAMENTE COM MISTURA BRITA SOLO (75% - 25%) NA PISTA COM MATERIAL DE JAZIDA E BRITA COMERCIAL - 100% PROCTOR MODIFICADO | F13: m³ | G13: 12757.2 | H13: =VLOOKUP(B13,ORÇAMENTO_ONE!$B$13:$I$106,7,FALSE) -> 277.62 | I13: =$M$6 -> 23.78 | J13: =ROUND(H13*((I13/100)+1),2) -> 343.64 | K13: =TRUNC(G13*J13,2) -> 4383884.2 | L13: =K13/$K$91 -> 0.32488227 | M13: =L13 -> 0.32488227
A14: 2 | B14: CPU0028 | C14: CPU0028 | D14: Apropriada | E14: AQUISIÇÃO DE MASSA ASFÁLTICA COMERCIAL FAIXA C | F14: t | G14: 4723.12 | H14: =VLOOKUP(B14,ORÇAMENTO_ONE!$B$13:$I$106,7,FALSE) -> 493.57 | I14: =$M$7 -> 17.42 | J14: =ROUND(H14*((I14/100)+1),2) -> 579.55 | K14: =TRUNC(G14*J14,2) -> 2737284.2 | L14: =K14/$K$91 -> 0.20285552 | M14: =M13+L14 -> 0.52773779
A15: 3 | B15: CPU0026 | C15: CPU0026 | D15: Apropriada | E15: BASE ESTABILIZADA GRANULOMETRICAMENTE COM MISTURA SOLO BRITA (75% - 25%) EM USINA COM MATERIAL DE JAZIDA E BRITA COMERCIAL | F15: m³ | G15: 5865.69 | H15: =VLOOKUP(B15,ORÇAMENTO_ONE!$B$13:$I$106,7,FALSE) -> 282.41 | I15: =$M$6 -> 23.78 | J15: =ROUND(H15*((I15/100)+1),2) -> 349.57 | K15: =TRUNC(G15*J15,2) -> 2050469.2 | L15: =K15/$K$91 -> 0.15195682 | M15: =M14+L15 -> 0.67969462
A16: 4 | B16: 4011464 | C16: C40045 | D16: DNIT PE 07/2025 | E16: CONCRETO ASFÁLTICO - FAIXA C-12,5 - MASSA COMERCIAL | F16: t | G16: 4723.12 | H16: =VLOOKUP(B16,ORÇAMENTO_ONE!$B$13:$I$106,7,FALSE) -> 136.06 | I16: =$M$6 -> 23.78 | J16: =ROUND(H16*((I16/100)+1),2) -> 168.42 | K16: =TRUNC(G16*J16,2) -> 795467.87 | L16: =K16/$K$91 -> 0.058950784 | M16: =M15+L16 -> 0.7386454
A17: 5 | B17: CPU0017 | C17: CPU0017 | D17: Apropriada | E17: ADMINISTRAÇÃO LOCAL DE OBRA | F17: un | G17: 1 | H17: =VLOOKUP(B17,ORÇAMENTO_ONE!$B$13:$I$106,7,FALSE) -> 587384.1 | I17: =$M$6 -> 23.78 | J17: =ROUND(H17*((I17/100)+1),2) -> 727064.04 | K17: =TRUNC(G17*J17,2) -> 727064.04 | L17: =K17/$K$91 -> 0.053881491 | M17: =M16+L17 -> 0.79252689
A18: 6 | B18: CPU0007 | C18: CPU0007 | D18: Apropriada | E18: MEIO-FIO DE CONCRETO - MFC 01 - AREIA E BRITA COMERCIAIS - FÔRMA DE MADEIRA | F18: m | G18: 4283.72 | H18: =VLOOKUP(B18,ORÇAMENTO_ONE!$B$13:$I$106,7,FALSE) -> 117.74 | I18: =$M$6 -> 23.78 | J18: =ROUND(H18*((I18/100)+1),2) -> 145.74 | K18: =TRUNC(G18*J18,2) -> 624309.35 | L18: =K18/$K$91 -> 0.046266514 | M18: =M17+L18 -> 0.8387934
A19: 7 | B19: CPU0019 | C19: CPU0019 | D19: Apropriada | E19: MOBILIZAÇÃO E DESMOBILIZAÇÃO DE EQUIPAMENTOS E PESSOAL | F19: un | G19: 1 | H19: =VLOOKUP(B19,ORÇAMENTO_ONE!$B$13:$I$106,7,FALSE) -> 259833.56 | I19: =$M$6 -> 23.78 | J19: =ROUND(H19*((I19/100)+1),2) -> 321621.98 | K19: =TRUNC(G19*J19,2) -> 321621.98 | L19: =K19/$K$91 -> 0.023834863 | M19: =M18+L19 -> 0.86262827
A20: 8 | B20: CPU0009 | C20: CPU0009 | D20: Apropriada | E20: EXECUÇÃO DE PAVIMENTO EM PARALELEPÍPEDOS, REJUNTAMENTO COM ARGAMASSA TRAÇO 1:3 (CIMENTO E AREIA). | F20: m2 | G20: 2280 | H20: =VLOOKUP(B20,ORÇAMENTO_ONE!$B$13:$I$106,7,FALSE) -> 87.69 | I20: =$M$6 -> 23.78 | J20: =ROUND(H20*((I20/100)+1),2) -> 108.54 | K20: =TRUNC(G20*J20,2) -> 247471.2 | L20: =K20/$K$91 -> 0.018339674 | M20: =M19+L20 -> 0.88096794
A21: 9 | B21: CPU0013 | C21: CPU0013 | D21: Apropriada | E21: AQUISIÇÃO DE EMULSÃO ASFÁLTICA PARA IMPRIMAÇÃO | F21: t | G21: 51.2 | H21: =VLOOKUP(B21,ORÇAMENTO_ONE!$B$13:$I$106,7,FALSE) -> 2731.69 | I21: =$M$7 -> 17.42 | J21: =ROUND(H21*((I21/100)+1),2) -> 3207.55 | K21: =TRUNC(G21*J21,2) -> 164226.56 | L21: =K21/$K$91 -> 0.012170554 | M21: =M20+L21 -> 0.8931385
A22: 10 | B22: 3713608 | C22: C37020 | D22: DNIT PE 07/2025 | E22: CERCA COM 4 FIOS DE ARAME FARPADO E MOURÃO DE MADEIRA A CADA 2,5 M E ESTICADOR A CADA 50 M | F22: m | G22: 4886.1 | H22: =VLOOKUP(B22,ORÇAMENTO_ONE!$B$13:$I$106,7,FALSE) -> 24.07 | I22: =$M$6 -> 23.78 | J22: =ROUND(H22*((I22/100)+1),2) -> 29.79 | K22: =TRUNC(G22*J22,2) -> 145556.91 | L22: =K22/$K$91 -> 0.010786977 | M22: =M21+L22 -> 0.90392547
A23: 11 | B23: 5219623 | C23: C52475 | D23: DNIT PE 07/2025 | E23: TACHA REFLETIVA EM RESINA SINTÉTICA - BIDIRECIONAL TIPO III - COM UM PINO - FORNECIMENTO E COLOCAÇÃO | F23: un | G23: 1605 | H23: =VLOOKUP(B23,ORÇAMENTO_ONE!$B$13:$I$106,7,FALSE) -> 54.39 | I23: =$M$6 -> 23.78 | J23: =ROUND(H23*((I23/100)+1),2) -> 67.32 | K23: =TRUNC(G23*J23,2) -> 108048.6 | L23: =K23/$K$91 -> 0.0080072997 | M23: =M22+L23 -> 0.91193277
A24: 12 | B24: 5503041 | C24: C55006 | D24: DNIT PE 07/2025 | E24: COMPACTAÇÃO DE ATERROS A 100% DO PROCTOR INTERMEDIÁRIO | F24: m³ | G24: 11635.84 | H24: =VLOOKUP(B24,ORÇAMENTO_ONE!$B$13:$I$106,7,FALSE) -> 6.48 | I24: =$M$6 -> 23.78 | J24: =ROUND(H24*((I24/100)+1),2) -> 8.02 | K24: =TRUNC(G24*J24,2) -> 93319.43 | L24: =K24/$K$91 -> 0.0069157458 | M24: =M23+L24 -> 0.91884852
A25: 13 | B25: 4011209 | C25: C40174 | D25: DNIT PE 07/2025 | E25: REGULARIZAÇÃO DO SUBLEITO - 100% PROCTOR INTERMEDIÁRIO | F25: m² | G25: 41080.13 | H25: =VLOOKUP(B25,ORÇAMENTO_ONE!$B$13:$I$106,7,FALSE) -> 1.8 | I25: =$M$6 -> 23.78 | J25: =ROUND(H25*((I25/100)+1),2) -> 2.23 | K25: =TRUNC(G25*J25,2) -> 91608.68 | L25: =K25/$K$91 -> 0.006788965 | M25: =M24+L25 -> 0.92563748
A26: 14 | B26: 5502116 | C26: C55071 | D26: DNIT PE 07/2025 | E26: ESCAVAÇÃO, CARGA E TRANSPORTE DE MATERIAL DE 1ª CATEGORIA - DMT DE 1.400 A 1.600 M - CAMINHO DE SERVIÇO EM LEITO NATURAL - COM ESCAVADEIRA E CAMINHÃO BASCULANTE DE 14 M³ | F26: m³ | G26: 7656 | H26: =VLOOKUP(B26,ORÇAMENTO_ONE!$B$13:$I$106,7,FALSE) -> 9.41 | I26: =$M$6 -> 23.78 | J26: =ROUND(H26*((I26/100)+1),2) -> 11.65 | K26: =TRUNC(G26*J26,2) -> 89192.4 | L26: =K26/$K$91 -> 0.0066098985 | M26: =M25+L26 -> 0.93224738
A27: 15 | B27: 5213850 | C27: C52200 | D27: DNIT PE 07/2025 | E27: OPERAÇÃO DE SINALIZAÇÃO POR BANDEIROLA DE TECIDO OU COM PLACA METÁLICA | F27: h | G27: 2640 | H27: =VLOOKUP(B27,ORÇAMENTO_ONE!$B$13:$I$106,7,FALSE) -> 22.27 | I27: =$M$6 -> 23.78 | J27: =ROUND(H27*((I27/100)+1),2) -> 27.57 | K27: =TRUNC(G27*J27,2) -> 72784.8 | L27: =K27/$K$91 -> 0.0053939589 | M27: =M26+L27 -> 0.93764134
A28: 16 | B28: 5213401 | C28: C52208 | D28: DNIT PE 07/2025 | E28: PINTURA DE FAIXA COM TINTA ACRÍLICA - ESPESSURA DE 0,6 MM | F28: m² | G28: 1944.65 | H28: =VLOOKUP(B28,ORÇAMENTO_ONE!$B$13:$I$106,7,FALSE) -> 28.94 | I28: =$M$6 -> 23.78 | J28: =ROUND(H28*((I28/100)+1),2) -> 35.82 | K28: =TRUNC(G28*J28,2) -> 69657.36 | L28: =K28/$K$91 -> 0.0051621896 | M28: =M27+L28 -> 0.94280353
A29: 17 | B29: 0705241 | C29: C07017 | D29: DNIT PE 07/2025 | E29: BOCA DE BSCC 2,50 X 2,50 M - ESCONSIDADE 0° - AREIA E BRITA COMERCIAIS | F29: un | G29: 2 | H29: =VLOOKUP(B29,ORÇAMENTO_ONE!$B$13:$I$106,7,FALSE) -> 26303.16 | I29: =$M$6 -> 23.78 | J29: =ROUND(H29*((I29/100)+1),2) -> 32558.05 | K29: =TRUNC(G29*J29,2) -> 65116.1 | L29: =K29/$K$91 -> 0.0048256445 | M29: =M28+L29 -> 0.94762917
A30: 18 | B30: 0705287 | C30: C07183 | D30: DNIT PE 07/2025 | E30: CORPO DE BDCC 2,50 X 2,50 M - MOLDADO NO LOCAL - ALTURA DO ATERRO 1,00 A 2,50 M - AREIA E BRITA COMERCIAIS | F30: m | G30: 6 | H30: =VLOOKUP(B30,ORÇAMENTO_ONE!$B$13:$I$106,7,FALSE) -> 7356.86 | I30: =$M$6 -> 23.78 | J30: =ROUND(H30*((I30/100)+1),2) -> 9106.32 | K30: =TRUNC(G30*J30,2) -> 54637.92 | L30: =K30/$K$91 -> 0.0040491242 | M30: =M29+L30 -> 0.9516783
A31: 19 | B31: CPU0008 | C31: CPU0008 | D31: Apropriada | E31: MEIO-FIO DE CONCRETO - MFC 05 - AREIA E BRITA COMERCIAIS - FÔRMA DE MADEIRA | F31: m | G31: 595.75 | H31: =VLOOKUP(B31,ORÇAMENTO_ONE!$B$13:$I$106,7,FALSE) -> 72.4 | I31: =$M$6 -> 23.78 | J31: =ROUND(H31*((I31/100)+1),2) -> 89.62 | K31: =TRUNC(G31*J31,2) -> 53391.11 | L31: =K31/$K$91 -> 0.0039567252 | M31: =M30+L31 -> 0.95563502
A32: 20 | B32: CPU0018 | C32: CPU0018 | D32: Apropriada | E32: INSTALAÇÃO DE CANTEIRO DE OBRA | F32: un | G32: 1 | H32: =VLOOKUP(B32,ORÇAMENTO_ONE!$B$13:$I$106,7,FALSE) -> 36534.62 | I32: =$M$6 -> 23.78 | J32: =ROUND(H32*((I32/100)+1),2) -> 45222.55 | K32: =TRUNC(G32*J32,2) -> 45222.55 | L32: =K32/$K$91 -> 0.003351367 | M32: =M31+L32 -> 0.95898639
A33: 21 | B33: 0903802 | C33: C09019 | D33: DNIT PE 07/2025 | E33: BACIA DE CONTENÇÃO PARA TANQUE DE EMULSÃO DE 30.000 L - INCLUSIVE DEMOLIÇÃO | F33: un | G33: 2 | H33: =VLOOKUP(B33,ORÇAMENTO_ONE!$B$13:$I$106,7,FALSE) -> 16374.97 | I33: =$M$6 -> 23.78 | J33: =ROUND(H33*((I33/100)+1),2) -> 20268.94 | K33: =TRUNC(G33*J33,2) -> 40537.88 | L33: =K33/$K$91 -> 0.003004194 | M33: =M32+L33 -> 0.96199059
A34: 22 | B34: 4011352 | C34: C40067 | D34: DNIT PE 07/2025 | E34: IMPRIMAÇÃO COM EMULSÃO ASFÁLTICA | F34: m² | G34: 39359.33 | H34: =VLOOKUP(B34,ORÇAMENTO_ONE!$B$13:$I$106,7,FALSE) -> 0.69 | I34: =$M$6 -> 23.78 | J34: =ROUND(H34*((I34/100)+1),2) -> 0.85 | K34: =TRUNC(G34*J34,2) -> 33455.43 | L34: =K34/$K$91 -> 0.0024793256 | M34: =M33+L34 -> 0.96446991
A35: 23 | B35: CPU0015 | C35: CPU0015 | D35: Apropriada | E35: TRANSPORTE DE EMULSÃO ASFÁLTICA PARA IMPRIMAÇÃO | F35: t | G35: 51.2 | H35: =VLOOKUP(B35,ORÇAMENTO_ONE!$B$13:$I$106,7,FALSE) -> 530.24 | I35: =$M$7 -> 17.42 | J35: =ROUND(H35*((I35/100)+1),2) -> 622.61 | K35: =TRUNC(G35*J35,2) -> 31877.63 | L35: =K35/$K$91 -> 0.0023623975 | M35: =M34+L35 -> 0.96683231
A36: 24 | B36: 5213577 | C36: C52122 | D36: DNIT PE 07/2025 | E36: PLACA EM AÇO, MODULADA - ACIMA DE 2 M² - PELÍCULA I + III - FORNECIMENTO E IMPLANTAÇÃO | F36: m² | G36: 35.25 | H36: =VLOOKUP(B36,ORÇAMENTO_ONE!$B$13:$I$106,7,FALSE) -> 640.83 | I36: =$M$6 -> 23.78 | J36: =ROUND(H36*((I36/100)+1),2) -> 793.22 | K36: =TRUNC(G36*J36,2) -> 27961 | L36: =K36/$K$91 -> 0.0020721426 | M36: =M35+L36 -> 0.96890445
A37: 25 | B37: 1600438 | C37: C16002 | D37: DNIT PE 07/2025 | E37: DEMOLIÇÃO MANUAL DE CONCRETO ARMADO | F37: m³ | G37: 36.53 | H37: =VLOOKUP(B37,ORÇAMENTO_ONE!$B$13:$I$106,7,FALSE) -> 611.48 | I37: =$M$6 -> 23.78 | J37: =ROUND(H37*((I37/100)+1),2) -> 756.89 | K37: =TRUNC(G37*J37,2) -> 27649.19 | L37: =K37/$K$91 -> 0.0020490349 | M37: =M36+L37 -> 0.97095349
A38: 26 | B38: 0804053 | C38: C08430 | D38: DNIT PE 07/2025 | E38: CORPO DE BSTC D = 1,50 M PA1 - AREIA, BRITA E PEDRA DE MÃO COMERCIAIS | F38: m | G38: 13 | H38: =VLOOKUP(B38,ORÇAMENTO_ONE!$B$13:$I$106,7,FALSE) -> 1627.46 | I38: =$M$6 -> 23.78 | J38: =ROUND(H38*((I38/100)+1),2) -> 2014.47 | K38: =TRUNC(G38*J38,2) -> 26188.11 | L38: =K38/$K$91 -> 0.0019407567 | M38: =M37+L38 -> 0.97289424
A39: 27 | B39: 4915669 | C39: C49097 | D39: DNIT PE 07/2025 | E39: REMOÇÃO MECANIZADA DE CAMADA GRANULAR DO PAVIMENTO | F39: m³ | G39: 1626 | H39: =VLOOKUP(B39,ORÇAMENTO_ONE!$B$13:$I$106,7,FALSE) -> 11.99 | I39: =$M$6 -> 23.78 | J39: =ROUND(H39*((I39/100)+1),2) -> 14.84 | K39: =TRUNC(G39*J39,2) -> 24129.84 | L39: =K39/$K$91 -> 0.0017882218 | M39: =M38+L39 -> 0.97468246
A40: 28 | B40: 5501710 | C40: C55264 | D40: DNIT PE 07/2025 | E40: ESCAVAÇÃO, CARGA E TRANSPORTE EM MATERIAL DE 1ª CATEGORIA - DMT DE 50 M | F40: m³ | G40: 4973 | H40: =VLOOKUP(B40,ORÇAMENTO_ONE!$B$13:$I$106,7,FALSE) -> 3.72 | I40: =$M$6 -> 23.78 | J40: =ROUND(H40*((I40/100)+1),2) -> 4.6 | K40: =TRUNC(G40*J40,2) -> 22875.8 | L40: =K40/$K$91 -> 0.001695287 | M40: =M39+L40 -> 0.97637775
A41: 29 | B41: 5502119 | C41: C55089 | D41: DNIT PE 07/2025 | E41: ESCAVAÇÃO, CARGA E TRANSPORTE DE MATERIAL DE 1ª CATEGORIA - DMT DE 2.000 A 2.500 M - CAMINHO DE SERVIÇO EM LEITO NATURAL - COM ESCAVADEIRA E CAMINHÃO BASCULANTE DE 14 M³ | F41: m³ | G41: 1558 | H41: =VLOOKUP(B41,ORÇAMENTO_ONE!$B$13:$I$106,7,FALSE) -> 10.91 | I41: =$M$6 -> 23.78 | J41: =ROUND(H41*((I41/100)+1),2) -> 13.5 | K41: =TRUNC(G41*J41,2) -> 21033 | L41: =K41/$K$91 -> 0.0015587202 | M41: =M40+L41 -> 0.97793647
A42: 30 | B42: 5213571 | C42: C52125 | D42: DNIT PE 07/2025 | E42: PLACA EM AÇO - PELÍCULA I + III - FORNECIMENTO E IMPLANTAÇÃO | F42: m² | G42: 31.38 | H42: =VLOOKUP(B42,ORÇAMENTO_ONE!$B$13:$I$106,7,FALSE) -> 525.31 | I42: =$M$6 -> 23.78 | J42: =ROUND(H42*((I42/100)+1),2) -> 650.23 | K42: =TRUNC(G42*J42,2) -> 20404.21 | L42: =K42/$K$91 -> 0.0015121216 | M42: =M41+L42 -> 0.97944859
A43: 31 | B43: 0804029 | C43: C08406 | D43: DNIT PE 07/2025 | E43: CORPO DE BSTC D = 0,80 M PA1 - AREIA, BRITA E PEDRA DE MÃO COMERCIAIS | F43: m | G43: 24 | H43: =VLOOKUP(B43,ORÇAMENTO_ONE!$B$13:$I$106,7,FALSE) -> 663.46 | I43: =$M$6 -> 23.78 | J43: =ROUND(H43*((I43/100)+1),2) -> 821.23 | K43: =TRUNC(G43*J43,2) -> 19709.52 | L43: =K43/$K$91 -> 0.0014606393 | M43: =M42+L43 -> 0.98090923
A44: 32 | B44: 5219631 | C44: C52483 | D44: DNIT PE 07/2025 | E44: TACHA REFLETIVA EM RESINA SINTÉTICA - MONODIRECIONAL TIPO III - COM UM PINO - FORNECIMENTO E COLOCAÇÃO | F44: un | G44: 276 | H44: =VLOOKUP(B44,ORÇAMENTO_ONE!$B$13:$I$106,7,FALSE) -> 52.15 | I44: =$M$6 -> 23.78 | J44: =ROUND(H44*((I44/100)+1),2) -> 64.55 | K44: =TRUNC(G44*J44,2) -> 17815.8 | L44: =K44/$K$91 -> 0.0013202989 | M44: =M43+L44 -> 0.98222953
A45: 33 | B45: 5213442 | C45: C52066 | D45: DNIT PE 07/2025 | E45: PLACA DE REGULAMENTAÇÃO EM AÇO D = 1,00 M - PELÍCULA RETRORREFLETIVA TIPO I + SI - FORNECIMENTO E IMPLANTAÇÃO | F45: un | G45: 20 | H45: =VLOOKUP(B45,ORÇAMENTO_ONE!$B$13:$I$106,7,FALSE) -> 697.63 | I45: =$M$6 -> 23.78 | J45: =ROUND(H45*((I45/100)+1),2) -> 863.53 | K45: =TRUNC(G45*J45,2) -> 17270.6 | L45: =K45/$K$91 -> 0.0012798951 | M45: =M44+L45 -> 0.98350943
A46: 34 | B46: 0804045 | C46: C08422 | D46: DNIT PE 07/2025 | E46: CORPO DE BSTC D = 1,20 M PA1 - AREIA, BRITA E PEDRA DE MÃO COMERCIAIS | F46: m | G46: 13 | H46: =VLOOKUP(B46,ORÇAMENTO_ONE!$B$13:$I$106,7,FALSE) -> 1029.8 | I46: =$M$6 -> 23.78 | J46: =ROUND(H46*((I46/100)+1),2) -> 1274.69 | K46: =TRUNC(G46*J46,2) -> 16570.97 | L46: =K46/$K$91 -> 0.0012280467 | M46: =M45+L46 -> 0.98473747
A47: 35 | B47: 5501700 | C47: C55010 | D47: DNIT PE 07/2025 | E47: DESMATAMENTO, DESTOCAMENTO E LIMPEZA DE ÁREA COM ÁRVORES DE DIÂMETRO ATÉ 0,15 M | F47: m² | G47: 18497.12 | H47: =VLOOKUP(B47,ORÇAMENTO_ONE!$B$13:$I$106,7,FALSE) -> 0.7 | I47: =$M$6 -> 23.78 | J47: =ROUND(H47*((I47/100)+1),2) -> 0.87 | K47: =TRUNC(G47*J47,2) -> 16092.49 | L47: =K47/$K$91 -> 0.0011925873 | M47: =M46+L47 -> 0.98593006
... A89: 77 | B89: 5502113 | C89: C55052 | D89: DNIT PE 07/2025 | E89: ESCAVAÇÃO, CARGA E TRANSPORTE DE MATERIAL DE 1ª CATEGORIA - DMT DE 800 A 1.000 M - CAMINHO DE SERVIÇO EM LEITO NATURAL - COM ESCAVADEIRA E CAMINHÃO BASCULANTE DE 14 M³ | F89: m³ | G89: 1 | H89: =VLOOKUP(B89,ORÇAMENTO_ONE!$B$13:$I$106,7,FALSE) -> 8.16 | I89: =$M$6 -> 23.78 | J89: =ROUND(H89*((I89/100)+1),2) -> 10.1 | K89: =TRUNC(G89*J89,2) -> 10.1 | L89: =K89/$K$91 -> 7.4849399e-07 | M89: =M88+L89 -> 1
K91: =SUM(K13:K89) -> 13493762

Sheet CPUS
G1: DEPARTAMENTO DE ESTRADAS DE RODAGEM DE PERNAMBUCO DIRETORIA DE PLANEJAMENTO E PROJETO | AB1: Pág: 1/153
AB4: Data:
G5: Relatório de Composições do Orçamento (Sem Desoneração)
A8: Rodovia: PE-460
A9: Objeto: EXECUÇÃO DE OBRAS E SERVIÇOS DE ENGENHARIA PARA RESTAURAÇÃO DO ACESSO AO PORTO DE BARRA DE TARRACHIL | Y9: BDI: 0,00%
A11: Código: | I11: ADMINISTRAÇÃO LOCAL DE OBRA | Y11: Unid.: | AD11: UN
E12: Data base: | H12: Serviço:
A13: CPU0017 | Y13: Prod. Equipe: | AD13: 1
A15: OBS.: Origem: Este Projeto
A16: *VALORES EXPRESSOS EM REAIS (R$)
A17: Equipamento (A) | M17: Qtde. | N17: Utilização | T17: Custo Operacional | AC17: Custo Horário
N18: Operat. | P18: Improd. | T18: Operat. | X18: Improd.
M19: CUSTO HORÁRIO DE EQUIPAMENTO = | Z19: 0
A20: Mão de Obra (B) | O20: Encargos | S20: Qtde. | W20: Salário-Hora | AC20: Custo Horário
M21: CUSTO HORÁRIO DE MÃO DE OBRA = | Z21: 0
M22: CUSTO HORÁRIO DE EXECUÇÃO = | Z22: 0
M23: CUSTO UNITÁRIO DE EXECUÇÃO = | Z23: 0
M24: CUSTO DO FIC = | Z24: 0
M25: CUSTO DO FIT = | Z25: 0
A26: Material (C) | O26: Qtde. | S26: Unidade | W26: Preço Unit. | AC26: Custo Unitário
C27: ADM0001 | D27: ADMINISTRAÇÃO LOCAL DE OBRA | O27: 1 | S27: UN | W27: 587384.1 | AC27: 587384.1
M28: CUSTO TOTAL DO MATERIAL = | Z28: 587384.1
A29: Atividades Auxiliares (D) | O29: Qtde. | S29: Unidade | W29: Preço Unit. | AC29: Custo Unitário
M30: CUSTO TOTAL DAS ATIVIDADES = | Z30: 0
A31: Tempo Fixo (E) | O31: Qtde. | S31: Unidade | W31: Preço Unit. | AC31: Custo Unitário
M32: CUSTO UNITÁRIO TOTAL DO TEMPO FIXO = | Z32: 0
A33: Momento de Transporte (F) | J33: Qtde. | L33: DMT-LN | M33: DMT-RP | N33: DMT-P | P33: P1 | T33: P2 | X33: P3 | AC33: Custo Unitário
M34: CUSTO UNITÁRIO TOTAL DE TRANSPORTE = | Z34: 0
M36: CUSTO UNITÁRIO DIRETO TOTAL = | Z36: 587384.1
K37: BONIFICAÇÕES E DESPESAS INDIRETAS ( | R37: 0 | V37: % ) = | Z37: 0
M39: PREÇO UNITÁRIO TOTAL = | Z39: 587384.1
G43: DEPARTAMENTO DE ESTRADAS DE RODAGEM DE PERNAMBUCO DIRETORIA DE PLANEJAMENTO E PROJETO | AB43: Pág: 2/153
AB46: Data:
G47: Relatório de Composições do Orçamento (Sem Desoneração)
A50: Rodovia: PE-460
A52: Objeto: EXECUÇÃO DE OBRAS E SERVIÇOS DE ENGENHARIA PARA RESTAURAÇÃO DO ACESSO AO PORTO DE BARRA DE TARRACHIL | Y52: BDI: 0,00%
A54: Código: | I54: INSTALAÇÃO DE CANTEIRO DE OBRA | Y54: Unid.: | AD54: UN
E55: Data base: | H55: Serviço:
A56: CPU0018 | Y56: Prod. Equipe: | AD56: 1
A58: OBS.: Origem: Este Projeto
A59: *VALORES EXPRESSOS EM REAIS (R$)
A60: Equipamento (A) | M60: Qtde. | N60: Utilização | T60: Custo Operacional | AC60: Custo Horário
N61: Operat. | P61: Improd. | T61: Operat. | X61: Improd.
M62: CUSTO HORÁRIO DE EQUIPAMENTO = | Z62: 0
A63: Mão de Obra (B) | O63: Encargos | S63: Qtde. | W63: Salário-Hora | AC63: Custo Horário
M64: CUSTO HORÁRIO DE MÃO DE OBRA = | Z64: 0
M65: CUSTO HORÁRIO DE EXECUÇÃO = | Z65: 0
M66: CUSTO UNITÁRIO DE EXECUÇÃO = | Z66: 0
M67: CUSTO DO FIC = | Z67: 0
M68: CUSTO DO FIT = | Z68: 0
A69: Material (C) | O69: Qtde. | S69: Unidade | W69: Preço Unit. | AC69: Custo Unitário
C70: ADM0002 | D70: CUSTO DE INSTALAÇÃO DE CANTEIRO DE OBRA | O70: 1 | S70: UN | W70: 36534.62 | AC70: 36534.62
M71: CUSTO TOTAL DO MATERIAL = | Z71: 36534.62
A72: Atividades Auxiliares (D) | O72: Qtde. | S72: Unidade | W72: Preço Unit. | AC72: Custo Unitário
M73: CUSTO TOTAL DAS ATIVIDADES = | Z73: 0
A74: Tempo Fixo (E) | O74: Qtde. | S74: Unidade | W74: Preço Unit. | AC74: Custo Unitário
M75: CUSTO UNITÁRIO TOTAL DO TEMPO FIXO = | Z75: 0
A76: Momento de Transporte (F) | J76: Qtde. | L76: DMT-LN | M76: DMT-RP | N76: DMT-P | P76: P1 | T76: P2 | X76: P3 | AC76: Custo Unitário
M77: CUSTO UNITÁRIO TOTAL DE TRANSPORTE = | Z77: 0
M79: CUSTO UNITÁRIO DIRETO TOTAL = | Z79: 36534.62
K80: BONIFICAÇÕES E DESPESAS INDIRETAS ( | R80: 0
V81: % ) = | Z81: 0
M82: PREÇO UNITÁRIO TOTAL = | Z82: 36534.62
G86: DEPARTAMENTO DE ESTRADAS DE RODAGEM DE PERNAMBUCO DIRETORIA DE PLANEJAMENTO E PROJETO | AB86: Pág: 3/153
AB89: Data:
G90: Relatório de Composições do Orçamento (Sem Desoneração)
A93: Rodovia: PE-460
A94: Objeto: EXECUÇÃO DE OBRAS E SERVIÇOS DE ENGENHARIA PARA RESTAURAÇÃO DO ACESSO AO PORTO DE BARRA DE TARRACHIL | Y94: BDI: 0,00%
A96: Código: | I96: BACIA DE CONTENÇÃO PARA TANQUE DE EMULSÃO DE 30.000 L - INCLUSIVE DEMOLIÇÃO | Y96: Unid.: | AD96: UN
E97: Data base: | H97: Serviço:
A98: 0903802 | Y98: Prod. Equipe: | AD98: 1
A100: OBS.: Origem: DNIT PE 07/2025
A101: *VALORES EXPRESSOS EM REAIS (R$)
A102: Equipamento (A) | M102: Qtde. | N102: Utilização | T102: Custo Operacional | AC102: Custo Horário
N103: Operat. | P103: Improd. | T103: Operat. | X103: Improd.
M104: CUSTO HORÁRIO DE EQUIPAMENTO = | Z104: 0
A105: Mão de Obra (B) | O105: Encargos | S105: Qtde. | W105: Salário-Hora | AC105: Custo Horário
M106: CUSTO HORÁRIO DE MÃO DE OBRA = | Z106: 0
M107: CUSTO HORÁRIO DE EXECUÇÃO = | Z107: 0
M108: CUSTO UNITÁRIO DE EXECUÇÃO = | Z108: 0
M109: CUSTO DO FIC = | Z109: 0
M110: CUSTO DO FIT = | Z110: 0
A111: Material (C) | O111: Qtde. | S111: Unidade | W111: Preço Unit. | AC111: Custo Unitário
M112: CUSTO TOTAL DO MATERIAL = | Z112: 0
A113: Atividades Auxiliares (D) | O113: Qtde. | S113: Unidade | W113: Preço Unit. | AC113: Custo Unitário
C114: 0903818 | D114: TINTA LÁTEX - DUAS CAMADAS COM APLICAÇÃO MANUAL | O114: 58.976 | S114: M² | W114: 16.0253 | AC114: 945.3853
C115: 0903860 | D115: SELADOR ACRÍLICO - CAMADA DE FUNDO COM APLICAÇÃO MANUAL | O115: 58.976 | S115: M² | W115: 2.9564 | AC115: 174.569
C116: 0919250 | D116: FORNECIMENTO E INSTALAÇÃO DE EXTINTOR DE ESPUMA 10 L | O116: 1 | S116: UN | W116: 654.8149 | AC116: 654.81
C117: 0903788 | D117: CHAPISCO COM ARGAMASSA DE CIMENTO E AREIA 1:3 - APLICAÇÃO MANUAL | O117: 58.976 | S117: M² | W117: 4.2955 | AC117: 253.5968
C118: 0903789 | D118: EMBOÇO COM ARGAMASSA DE CIMENTO, CAL HIDRATADA E AREIA 1:2:8 COM ESPESSURA DE 2 CM - APLICAÇÃO MANUAL | O118: 58.976 | S118: M² | W118: 31.959 | AC118: 1884.873
C119: 1619004 | D119: DEMOLIÇÃO MECÂNICA DE ALVENARIA COM CARREGADEIRA DE PNEUS | O119: 5.2768 | S119: M³ | W119: 8.0128 | AC119: 42.2672
C120: 1619006 | D120: DEMOLIÇÃO MECÂNICA DE CONCRETO SIMPLES COM ESCAVADEIRA HIDRÁULICA | O120: 13.97193 | S120: M³ | W120: 44.8585 | AC120: 626.7808
C121: 2009619 | D121: ALVENARIA DE BLOCOS DE CONCRETO 19 X 19 X 39 CM COM ESPESSURA DE 20 CM - AREIA COMERCIAL | O121: 26.384 | S121: M² | W121: 147.9771 | AC121: 3904.3043
C122: 3107997 | D122: FÔRMAS DE COMPENSADO RESINADO 10 MM - USO GERAL - UTILIZAÇÃO DE 3 VEZES - CONFECÇÃO, INSTALAÇÃO E RETIRADA | O122: 6.392 | S122: M² | W122: 84.2857 | AC122: 538.7817
C123: 1107892A | D123: CONCRETO FCK = 20 MPA - CONFECÇÃO EM BETONEIRA E LANÇAMENTO MANUAL - AREIA E BRITA COMERCIAIS (DMT PARA CANTEIRO) | O123: 11.17754 | S123: M³ | W123: 528.3934 | AC123: 5906.1004
C124: 1106057A | D124: CONCRETO MAGRO - CONFECÇÃO EM BETONEIRA E LANÇAMENTO MANUAL - AREIA E BRITA COMERCIAIS (DMT PARA O CANTEIRO) | O124: 2.79439 | S124: M³ | W124: 516.5749 | AC124: 1443.498
M125: CUSTO TOTAL DAS ATIVIDADES = | Z125: 16374.967
A126: Tempo Fixo (E) | O126: Qtde. | S126: Unidade | W126: Preço Unit. | AC126: Custo Unitário
M127: CUSTO UNITÁRIO TOTAL DO TEMPO FIXO = | Z127: 0
A128: Momento de Transporte (F) | J128: Qtde. | L128: DMT-LN | M128: DMT-RP | N128: DMT-P | P128: P1 | T128: P2 | X128: P3 | AC128: Custo Unitário
...

Sheet 01-ADM-Resumo
A1: Rodovia: PE-460
A2: Trecho: Acesso ao Porto da Barra do Tarrachil | H2: 6 | I2: MESES
A3: Extensão: 4,86 km
A5: RESUMO DAS PARCELAS DA ADMINISTRAÇÃO LOCAL
A6: (Não considerando a desoneração da mão de obra)
E7: Data-base: | F7: 45839
F8: Não desonerado
A9: Item | B9: Discriminação | C9: Unidade | D9: Quantidade | E9: Custo unitário (R$) | F9: Custo total (R$)
A10: 1. | B10: Parcela Fixa Principal
A11: 1.1 | B11: Mão de Obra | C11: mês | D11: 5 | E11: ='02-ADM-Fixa'!G43 -> 22198.45 | F11: =E11*D11 -> 110992.25
A12: 1.2 | B12: Veículos | C12: mês | D12: 5 | E12: ='02-ADM-Fixa'!J61 -> 30830.34 | F12: =E12*D12 -> 154151.7
A13: Subtotal do Item 1 | F13: =SUM(F11:F12) -> 265143.95
A14: 2. | B14: Parcela Vinculada
A15: 2.1 | B15: Equipe de topografia | C15: mês | D15: 5 | E15: ='03-ADM-Vinculada'!G47 -> 23615.77 | F15: =E15*D15 -> 118078.85
A16: Subtotal do Item 2 | F16: =SUM(F15:F15) -> 118078.85
A17: 3. | B17: Parcela Variável
A18: 3.1 | B18: Equipes de frente de serviço | C18: eq x mês | D18: ='04-ADM-Variavel'!G10 -> 16.348264 | E18: ='05-ADM-Variavel$'!G14 -> 8473.8 | F18: =E18*D18 -> 138531.92
A19: 3.2 | B19: Controle Tecnológico | C19: eq x mês | D19: ='04-ADM-Variavel'!G12 -> 1.5083813 | E19: ='05-ADM-Variavel$'!G27 -> 22182.61 | F19: =E19*D19 -> 33459.834
A20: 3.5 | B20: Manejo florestal | C20: eq x mês | D20: ='04-ADM-Variavel'!G11 -> 0.066122366 | E20: ='05-ADM-Variavel$'!G32 -> 7622.15 | F20: =E20*D20 -> 503.99459
A21: Subtotal do Item 3 | F21: =SUM(F18:F20) -> 172495.75
A22: 4. | B22: Manutenção dos Canteiros de Obras e Acampamentos
A23: 4.1 | B23: Equipe de manutenção | C23: mês | D23: 4 | E23: ='06-Manutenção Canteiro'!G17 -> 923.72 | F23: =E23*D23 -> 3694.88
A24: Subtotal do Item 4 | F24: =F23 -> 3694.88
A26: Subtotal | F26: =F21+F16+F13+F24 -> 559413.43
A28: 5. | B28: Despesas Diversas
A29: 5.1 | B29: Despesas Diversas | C29: % | D29: 0.05 | F29: =F26*D29 -> 27970.671
A31: Custo total da Administração Local | F31: =F29+F26 -> 587384.1
A32: OBS: As parcelas de custo incluem mão de obra e veículos

Sheet 02-ADM-Fixa
A1: ='01-ADM-Resumo'!A1 -> Rodovia: PE-460
A2: ='01-ADM-Resumo'!A2 -> Trecho: Acesso ao Porto da Barra do Tarrachil
A3: ='01-ADM-Resumo'!A3 -> Extensão: 4,86 km
A5: ADMINISTRAÇÃO LOCAL
A6: PARCELA FIXA - DIMENSIONAMENTO
A8: Quantidades das equipes da parcela fixa e complementar | D8: Homens
A9: Total das equipes de parcela fixa e complementar | D9: =E43 -> 2.25
F11: Data-base: | G11: ='01-ADM-Resumo'!$F$7 -> 45839 | H11: Não desonerada
A12: Administração local - parcela fixa principal - mão de obra
A13: Código | B13: Discriminação | C13: Código SICRO | D13: Unidade | E13: Quantidade | F13: Custo Unitário (R$) | G13: Custo Total (R$)
A14: 1. | B14: Mão de obra (principal fixa)
A15: 1.1. | B15: Gerência Técnica
A16: 1.1.1. | B16: Geral
A17: 1.1.1.1. | B17: Engenheiro Chefe | C17: P9955 | D17: mês | E17: 0 | F17: =IFERROR(VLOOKUP(C17,'[149]MÃO DE OBRA-JUL25'!$A:$D,4,0),"nloc") -> 34476.996 | G17: =ROUND(F17*E17,2) -> 0
A18: 1.1.1.1. | B18: =IFERROR(VLOOKUP(C18,'[149]MÃO DE OBRA-JUL25'!$A:$D,2,0),"nloc") -> Engenheiro supervisor | C18: P9819 | D18: mês | E18: 0.25 | F18: =IFERROR(VLOOKUP(C18,'[149]MÃO DE OBRA-JUL25'!$A:$D,4,0),"nloc") -> 27139.329 | G18: =ROUND(F18*E18,2) -> 6784.83
A19: 1.1.1.2. | B19: =IFERROR(VLOOKUP(C19,'[149]MÃO DE OBRA-JUL25'!$A:$D,2,0),"nloc") -> Encarregado geral | C19: P9840 | D19: mês | E19: 1 | F19: =IFERROR(VLOOKUP(C19,'[149]MÃO DE OBRA-JUL25'!$A:$D,4,0),"nloc") -> 11171.625 | G19: =ROUND(F19*E19,2) -> 11171.63
A20: 1.1.1.3. | B20: Técnico de meio ambiente | C20: P9897 | D20: mês | E20: 0 | F20: =IFERROR(VLOOKUP(C20,'[149]MÃO DE OBRA-JUL25'!$A:$D,4,0),"nloc") -> 7622.1497 | G20: =ROUND(F20*E20,2) -> 0
A21: 1.1.1.6. | B21: Motorista | C21: P9948 | D21: mês | E21: 0 | F21: =IFERROR(VLOOKUP(C21,'[149]MÃO DE OBRA-JUL25'!$A:$D,4,0),"nloc") -> 5896.6377 | G21: =ROUND(F21*E21,2) -> 0
A22: 1.1.1.7. | B22: Secretária | C22: P9878 | D22: mês | E22: 0 | F22: =IFERROR(VLOOKUP(C22,'[149]MÃO DE OBRA-JUL25'!$A:$D,4,0),"nloc") -> 6719.5959 | G22: =ROUND(F22*E22,2) -> 0
A23: 1.1.2. | B23: Auxiliar
A24: 1.1.2.1. | B24: =IFERROR(VLOOKUP(C24,'[149]MÃO DE OBRA-JUL25'!$A:$D,2,0),"nloc") -> Engenheiro auxiliar | C24: P9946 | D24: mês | E24: 0 | F24: =IFERROR(VLOOKUP(C24,'[149]MÃO DE OBRA-JUL25'!$A:$D,4,0),"nloc") -> 24878.431 | G24: =ROUND(F24*E24,2) -> 0
A25: 1.1.2.2. | B25: =IFERROR(VLOOKUP(C25,'[149]MÃO DE OBRA-JUL25'!$A:$D,2,0),"nloc") -> Auxiliar técnico | C25: P9903 | D25: mês | E25: 0 | F25: =IFERROR(VLOOKUP(C25,'[149]MÃO DE OBRA-JUL25'!$A:$D,4,0),"nloc") -> 4763.972 | G25: =ROUND(F25*E25,2) -> 0
A26: 1.2. | B26: Gerência Administrativa
A27: 1.2.1. | B27: Geral
A28: 1.2.1.1. | B28: Chefe do setor administrativo | C28: P9883 | D28: mês | E28: 0 | F28: =IFERROR(VLOOKUP(C28,'[149]MÃO DE OBRA-JUL25'!$A:$D,4,0),"nloc") -> 7357.4391 | G28: =ROUND(F28*E28,2) -> 0
A29: 1.2.1.2. | B29: Encarregado administrativo | C29: P9809 | D29: mês | E29: 0 | F29: =IFERROR(VLOOKUP(C29,'[149]MÃO DE OBRA-JUL25'!$A:$D,4,0),"nloc") -> 7357.4401 | G29: =ROUND(F29*E29,2) -> 0
A30: 1.2.1.2. | B30: Porteiro | C30: P9896 | D30: mês | E30: 0 | F30: =IFERROR(VLOOKUP(C30,'[149]MÃO DE OBRA-JUL25'!$A:$D,4,0),"nloc") -> 4232.8134 | G30: =ROUND(F30*E30,2) -> 0
A31: 1.2.1.3. | B31: =IFERROR(VLOOKUP(C31,'[149]MÃO DE OBRA-JUL25'!$A:$D,2,0),"nloc") -> Vigia | C31: P9827 | D31: mês | E31: 0 | F31: =IFERROR(VLOOKUP(C31,'[149]MÃO DE OBRA-JUL25'!$A:$D,4,0),"nloc") -> 4843.939 | G31: =ROUND(F31*E31,2) -> 0
A32: 1.2.1.5. | B32: Motorista | C32: P9948 | D32: mês | E32: 0 | F32: =IFERROR(VLOOKUP(C32,'[149]MÃO DE OBRA-JUL25'!$A:$D,4,0),"nloc") -> 5896.6377 | G32: =ROUND(F32*E32,2) -> 0
A33: 1.2.2. | B33: Auxiliar
A34: 1.2.2.1. | B34: =IFERROR(VLOOKUP(C34,'[149]MÃO DE OBRA-JUL25'!$A:$D,2,0),"nloc") -> Auxiliar administrativo | C34: P9806 | D34: mês | E34: 0 | F34: =IFERROR(VLOOKUP(C34,'[149]MÃO DE OBRA-JUL25'!$A:$D,4,0),"nloc") -> 5029.8543 | G34: =ROUND(F34*E34,2) -> 0
A35: 1.2.2.1. | B35: Faxineiro | C35: P9842 | D35: mês | E35: 1 | F35: =IFERROR(VLOOKUP(C35,'[149]MÃO DE OBRA-JUL25'!$A:$D,4,0),"nloc") -> 4241.9864 | G35: =ROUND(F35*E35,2) -> 4241.99
A36: 1.3 | B36: Obra de Arte Especial
A37: 1.3.1 | B37: Gerência Técnica Auxiliar
A38: 1.3.1.1 | B38: =IFERROR(VLOOKUP(C38,'[149]MÃO DE OBRA-JUL25'!$A:$D,2,0),"nloc") -> Engenheiro auxiliar | C38: P9946 | D38: mês | E38: 0 | F38: =IFERROR(VLOOKUP(C38,'[149]MÃO DE OBRA-JUL25'!$A:$D,4,0),"nloc") -> 24878.431 | G38: =ROUND(F38*E38,2) -> 0
A39: 1.3.1.2 | B39: =IFERROR(VLOOKUP(C39,'[149]MÃO DE OBRA-JUL25'!$A:$D,2,0),"nloc") -> Auxiliar técnico | C39: P9903 | D39: mês | E39: 0 | F39: =IFERROR(VLOOKUP(C39,'[149]MÃO DE OBRA-JUL25'!$A:$D,4,0),"nloc") -> 4763.972 | G39: =ROUND(F39*E39,2) -> 0
A40: 1.3.2 | B40: Gerência Administrativa Auxiliar
A41: 1.3.2.1. | B41: =IFERROR(VLOOKUP(C41,'[149]MÃO DE OBRA-JUL25'!$A:$D,2,0),"nloc") -> Auxiliar administrativo | C41: P9806 | D41: mês | E41: 0 | F41: =IFERROR(VLOOKUP(C41,'[149]MÃO DE OBRA-JUL25'!$A:$D,4,0),"nloc") -> 5029.8543 | G41: =ROUND(F41*E41,2) -> 0
A42: 1.3.2.2. | B42: Faxineiro | C42: P9842 | D42: mês | E42: 0 | F42: =IFERROR(VLOOKUP(C42,'[149]MÃO DE OBRA-JUL25'!$A:$D,4,0),"nloc") -> 4241.9864 | G42: =ROUND(F42*E42,2) -> 0
A43: 1A.Total da mão de obra da parcela principal fixa | E43: =TRUNC(SUM(E15:E42),2) -> 2.25 | G43: =SUM(G15:G42) -> 22198.45
A44: OBS: Ajustes segundo o Memorando-Circular n° 491/2018/DIREX/DNIT
A46: Administração local - parcela fixa principal - veículos
A47: Código | B47: Discriminação | C47: Código SICRO | D47: Unidade | E47: Quantidade | F47: Utilização (h) | H47: Custo horário (R$) | J47: Custo Total
F48: Produtiva | G48: Improdutiva | H48: Produtivo | I48: Improdutivo
A49: 2. | B49: Veículos (principal fixa)
A50: 2.1. | B50: Gerência Técnica
A51: 2.1.1. | B51: Geral
A52: 2.1.1.1. | B52: Veículo leve - 53 kW | C52: E9093 | D52: mês | E52: 1.25 | F52: 44 | G52: 176 | H52: =VLOOKUP(C52,'[149]EQUIPAMENTOS-JUL25'!$A:$K,10,FALSE()) -> 36.7983 | I52: =VLOOKUP(C52,'[149]EQUIPAMENTOS-JUL25'!$A:$K,11,FALSE()) -> 6.7814 | J52: =ROUND(E52*(H52*F52+I52*G52),2) -> 3515.81
A53: 2.1.1.2. | B53: Miniônibus com capacidade para 30 passageiros - 111 kW | C53: E9134 | D53: mês | E53: 1 | F53: 44 | G53: 176 | H53: =VLOOKUP(C53,'[149]EQUIPAMENTOS-JUL25'!$A:$K,10,FALSE()) -> 234.1965 | I53: =VLOOKUP(C53,'[149]EQUIPAMENTOS-JUL25'!$A:$K,11,FALSE()) -> 80.6661 | J53: =ROUND(E53*(H53*F53+I53*G53),2) -> 24501.88
A54: 2.1.2. | B54: Auxiliar
A55: 2.1.2.1. | B55: Veículo leve - 53 kW | C55: E9093 | D55: mês | E55: 0 | F55: 44 | G55: 176 | H55: =VLOOKUP(C55,'[149]EQUIPAMENTOS-JUL25'!$A:$K,10,FALSE()) -> 36.7983 | I55: =VLOOKUP(C55,'[149]EQUIPAMENTOS-JUL25'!$A:$K,11,FALSE()) -> 6.7814 | J55: =ROUND(E55*(H55*F55+I55*G55),2) -> 0
A56: 2.2. | B56: Gerência Administrativa
A57: 2.2.1. | B57: Veículo leve - 53 kW | C57: E9093 | D57: mês | E57: 1 | F57: 44 | G57: 176 | H57: =VLOOKUP(C57,'[149]EQUIPAMENTOS-JUL25'!$A:$K,10,FALSE()) -> 36.7983 | I57: =VLOOKUP(C57,'[149]EQUIPAMENTOS-JUL25'!$A:$K,11,FALSE()) -> 6.7814 | J57: =ROUND(E57*(H57*F57+I57*G57),2) -> 2812.65
A58: 2.3. | B58: Obra de Arte Especial
A59: 2.3.1. | B59: Gerência Técnica Auxiliar
A60: 2.3.1.1. | B60: Veículo leve - 53 kW | C60: E9093 | D60: mês | E60: 0 | F60: 44 | G60: 176 | H60: =VLOOKUP(C60,'[149]EQUIPAMENTOS-JUL25'!$A:$K,10,FALSE()) -> 36.7983 | I60: =VLOOKUP(C60,'[149]EQUIPAMENTOS-JUL25'!$A:$K,11,FALSE()) -> 6.7814 | J60: =ROUND(E60*(H60*F60+I60*G60),2) -> 0
A61: 2A. Total da parcela principal fixa | E61: =SUM(E52:E60) -> 3.25 | J61: =SUM(J50:J57) -> 30830.34

Sheet 03-ADM-Vinculada
A1: ='01-ADM-Resumo'!A1 -> Rodovia: PE-460
A2: ='01-ADM-Resumo'!A2 -> Trecho: Acesso ao Porto da Barra do Tarrachil
A3: ='01-ADM-Resumo'!A3 -> Extensão: 4,86 km
A6: ADMINISTRAÇÃO LOCAL
A7: PARCELA VINCULADA - DIMENSIONAMENTO
A9: Quantidades das equipes da parcela vinculada | D9: Homens | H9: Data-base: | I9: ='01-ADM-Resumo'!$F$7 -> 45839
A10: Total das equipes de parcela vinculada | D10: =E85 -> 3 | I10: Não desonerada
A12: Equipe de produção de terraplenagem
A13: Código | B13: Discriminação | C13: Código SICRO | D13: Unidade | E13: Quantidade | F13: Custo Unitário (R$) | G13: Custo Totral (R$)
A14: 1. | B14: Equipe de Produção de Terraplenagem
A15: 1.1. | B15: Mão de obra
A16: 1.1.1. | B16: Encarregado de terraplenagem | C16: P9884 | D16: mês | E16: 0 | F16: =VLOOKUP(C16,'[149]MÃO DE OBRA-JUL25'!$A:$D,4,FALSE()) -> 7997.6522 | G16: =ROUND(F16*E16,2) -> 0
A17: 1.2. | B17: Veículos
B18: Discriminação | C18: Código SICRO | D18: Unidade | E18: Quantidade | F18: Utilização (h) | H18: Custo horário (R$) | J18: Custo Total
F19: Produtiva | G19: Improdutiva | H19: Produtivo | I19: Improdutivo
A20: 1.2.1. | B20: Veículo leve - 53 kW | C20: E9093 | D20: mês | E20: 0 | F20: 44 | G20: 176 | H20: =VLOOKUP(C20,'[149]EQUIPAMENTOS-JUL25'!$A:$K,10,FALSE()) -> 36.7983 | I20: =VLOOKUP(C20,'[149]EQUIPAMENTOS-JUL25'!$A:$K,11,FALSE()) -> 6.7814 | J20: =ROUND(E20*(H20*F20+I20*G20),2) -> 0
A22: Total da Equipe de Produção de Terraplenagem | E22: =E16 -> 0 | G22: =G16+J20 -> 0
A24: Equipe de produção de pavimentação
A25: Código | B25: Discriminação | C25: Código SICRO | D25: Unidade | E25: Quantidade | F25: Custo Unitário (R$) | G25: Custo Totral (R$)
A26: 2. | B26: Equipe de Produção de Pavimentação
A27: 2.1. | B27: Mão de obra
A28: 2.1.1. | B28: Encarregado de pavimentação | C28: P9893 | D28: mês | E28: 0 | F28: =VLOOKUP(C28,'[149]MÃO DE OBRA-JUL25'!$A:$D,4,FALSE()) -> 7997.6522 | G28: =ROUND(F28*E28,2) -> 0
A29: 2.2. | B29: Veículos
B30: Discriminação | C30: Código SICRO | D30: Unidade | E30: Quantidade | F30: Utilização (h) | H30: Custo horário (R$) | J30: Custo Total
F31: Produtiva | G31: Improdutiva | H31: Produtivo | I31: Improdutivo
A32: 2.2.1. | B32: Veículo leve - 53 kW | C32: E9093 | D32: mês | E32: 0 | F32: 44 | G32: 176 | H32: =VLOOKUP(C32,'[149]EQUIPAMENTOS-JUL25'!$A:$K,10,FALSE()) -> 36.7983 | I32: =VLOOKUP(C32,'[149]EQUIPAMENTOS-JUL25'!$A:$K,11,FALSE()) -> 6.7814 | J32: =ROUND(E32*(H32*F32+I32*G32),2) -> 0
A34: Total da Equipe de Produção de Pavimentação | E34: =E28 -> 0 | G34: =G28+J32 -> 0
A36: Equipe de topografia para obras de infraestrutura de transportes
A37: Código | B37: Discriminação | C37: Código SICRO | D37: Unidade | E37: Quantidade | F37: Custo Unitário (R$) | G37: Custo Totral (R$)
A38: 4. | B38: Equipe de Topografia
A39: 4.1 | B39: Mão de obra
A40: 4.1.1. | B40: Topógrafo | C40: P9949 | D40: mês | E40: 1 | F40: =VLOOKUP(C40,'[149]MÃO DE OBRA-JUL25'!$A:$D,4,FALSE()) -> 8914.4106 | G40: =ROUND(F40*E40,2) -> 8914.41
A41: 4.1.2. | B41: Auxiliar de topografia | C41: P9950 | D41: mês | E41: 2 | F41: =VLOOKUP(C41,'[149]MÃO DE OBRA-JUL25'!$A:$D,4,FALSE()) -> 5944.3549 | G41: =ROUND(F41*E41,2) -> 11888.71
A42: 4.2. | B42: Veículos
B43: Discriminação | C43: Código SICRO | D43: Unidade | E43: Quantidade | F43: Utilização (h) | H43: Custo horário (R$) | J43: Custo Total
F44: Produtiva | G44: Improdutiva | H44: Produtivo | I44: Improdutivo
A45: 4.2.1. | B45: Veículo leve - 53 kW | C45: E9093 | D45: mês | E45: 1 | F45: 44 | G45: 176 | H45: =VLOOKUP(C45,'[149]EQUIPAMENTOS-JUL25'!$A:$K,10,FALSE()) -> 36.7983 | I45: =VLOOKUP(C45,'[149]EQUIPAMENTOS-JUL25'!$A:$K,11,FALSE()) -> 6.7814 | J45: =ROUND(E45*(H45*F45+I45*G45),2) -> 2812.65
A47: Total da Equipe de Topografia para obras de infraestrutura de transportes | E47: =E40+E41 -> 3 | G47: =SUM(G40:G41)+J45 -> 23615.77
A49: Equipe de produção de Obras de artes especiais
A50: Código | B50: Discriminação | C50: Código SICRO | D50: Unidade | E50: Quantidade | F50: Custo Unitário (R$) | G50: Custo Totral (R$)
A51: 3. | B51: Equipe de Produção de Obras de artes especiais
A52: 3.1. | B52: Mão de obra
A53: 3.1.1. | B53: Encarregado de Obras de artes especiais | C53: P9869 | D53: mês | E53: 0 | F53: =VLOOKUP(C53,'[149]MÃO DE OBRA-JUL25'!$A:$D,4,FALSE()) -> 7997.6522 | G53: =ROUND(F53*E53,2) -> 0
A54: 3.1.2. | B54: Encarregado de turma | C54: P9875 | D54: mês | E54: 0 | F54: =VLOOKUP(C54,'[149]MÃO DE OBRA-JUL25'!$A:$D,4,FALSE()) -> 5961.6777 | G54: =ROUND(F54*E54,2) -> 0
A55: 3.1.3. | B55: Apontador | C55: P9804 | D55: mês | E55: 0 | F55: =VLOOKUP(C55,'[149]MÃO DE OBRA-JUL25'!$A:$D,4,FALSE()) -> 5024.237 | G55: =ROUND(F55*E55,2) -> 0
A56: 3.2. | B56: Veículos
B57: Discriminação | C57: Código SICRO | D57: Unidade | E57: Quantidade | F57: Utilização (h) | H57: Custo horário (R$) | J57: Custo Total
F58: Produtiva | G58: Improdutiva | H58: Produtivo | I58: Improdutivo
A59: 3.2.1. | B59: Veículo leve - 53 kW | C59: E9093 | D59: mês | E59: 0 | F59: 44 | G59: 176 | H59: =VLOOKUP(C59,'[149]EQUIPAMENTOS-JUL25'!$A:$K,10,FALSE()) -> 36.7983 | I59: =VLOOKUP(C59,'[149]EQUIPAMENTOS-JUL25'!$A:$K,11,FALSE()) -> 6.7814 | J59: =ROUND(E59*(H59*F59+I59*G59),2) -> 0
A61: Total da Equipe de Produção de Obras de Artes Especiais | E61: =E53+E54+E55 -> 0 | G61: =G53+G54+G55+J59 -> 0
A63: Equipe de topografia para obras de arte especiais
A64: Código | B64: Discriminação | C64: Código SICRO | D64: Unidade | E64: Quantidade | F64: Custo Unitário (R$) | G64: Custo Totral (R$)
A65: 4. | B65: Equipe de Topografia
A66: 4.1 | B66: Mão de obra
A67: 4.1.1. | B67: Topógrafo | C67: P9949 | D67: mês | E67: 0 | F67: =VLOOKUP(C67,'[149]MÃO DE OBRA-JUL25'!$A:$D,4,FALSE()) -> 8914.4106 | G67: =ROUND(F67*E67,2) -> 0
A68: 4.1.2. | B68: Auxiliar de topografia | C68: P9950 | D68: mês | E68: 0 | F68: =VLOOKUP(C68,'[149]MÃO DE OBRA-JUL25'!$A:$D,4,FALSE()) -> 5944.3549 | G68: =ROUND(F68*E68,2) -> 0
A69: 4.2. | B69: Veículos
B70: Discriminação | C70: Código SICRO | D70: Unidade | E70: Quantidade | F70: Utilização (h) | H70: Custo horário (R$) | J70: Custo Total
F71: Produtiva | G71: Improdutiva | H71: Produtivo | I71: Improdutivo
A72: 4.2.1. | B72: Veículo leve - 53 kW | C72: E9093 | D72: mês | E72: 0 | F72: 44 | G72: 176 | H72: =VLOOKUP(C72,'[149]EQUIPAMENTOS-JUL25'!$A:$K,10,FALSE()) -> 36.7983 | I72: =VLOOKUP(C72,'[149]EQUIPAMENTOS-JUL25'!$A:$K,11,FALSE()) -> 6.7814 | J72: =ROUND(E72*(H72*F72+I72*G72),2) -> 0
A74: Total da Equipe de Topografia | E74: =E67+E68 -> 0 | G74: =SUM(G67:G68)+J72 -> 0
A76: Mão de obra da equipe de medicina e segurança do trabalho
A77: Código | B77: Discriminação | C77: Código SICRO | D77: Unidade | E77: Quantidade | F77: Custo Unitário (R$) | G77: Custo Totral (R$)
A78: 5.1. | B78: Técnico de segurança do trabalho | C78: P9876 | D78: mês | E78: 0 | F78: =VLOOKUP(C78,'[149]MÃO DE OBRA-JUL25'!$A:$D,4,FALSE()) -> 7365.8624 | G78: =ROUND(F78*E78,2) -> 0
A79: 5.2. | B79: Engenheiro de segurança do trabalho | C79: P9864 | D79: mês | E79: 0 | F79: =VLOOKUP(C79,'[149]MÃO DE OBRA-JUL25'!$A:$D,4,FALSE()) -> 24959.615 | G79: =ROUND(F79*E79,2) -> 0
A80: 5.3. | B80: Médico do trabalho | C80: P9851 | D80: mês | E80: 0 | F80: =VLOOKUP(C80,'[149]MÃO DE OBRA-JUL25'!$A:$D,4,FALSE()) -> 18676.234 | G80: =ROUND(F80*E80,2) -> 0
A81: 5.4. | B81: Médico de câmara hiperbárica | C81: P9951 | D81: mês | E81: 0 | F81: =VLOOKUP(C81,'[149]MÃO DE OBRA-JUL25'!$A:$D,4,FALSE()) -> 21265.91 | G81: =ROUND(F81*E81,2) -> 0
A82: Total da mão de obra da equipe de medicina e segurança do trabalho | E82: =SUM(E78:E81) -> 0 | G82: =SUM(G78:G81) -> 0
A85: 1A.Total da mão de obra da parcela vinculada | E85: =SUM(E22+E74+E47+E61+E82) -> 3 | G85: =G47 -> 23615.77

Sheet 04-ADM-Variavel
A1: ='01-ADM-Resumo'!A1 -> Rodovia: PE-460
A2: ='01-ADM-Resumo'!A2 -> Trecho: Acesso ao Porto da Barra do Tarrachil
A3: ='01-ADM-Resumo'!A3 -> Extensão: 4,86 km
A5: ADMINISTRAÇÃO LOCAL
A6: PARCELA VARIÁVEL - DIMENSIONAMENTO
E7: Data-base: | F7: ='01-ADM-Resumo'!$F$7 -> 45839
F8: Não desonerada
A9: Quantidades das equipes da parcela variável | D9: Homens | E9: Equipes | F9: HxM | G9: Equipes
A10: Total das equipes de frente de serviço | D10: ='05-ADM-Variavel$'!E14 -> 1.5 | E10: 7 | F10: =TRUNC(D10*E10,0) -> 10 | G10: =G90 -> 16.348264 | I10: =155.05*G10 -> 2534.7983
A11: Total da equipe de controle e manejo florestal | D11: ='05-ADM-Variavel$'!E32 -> 1 | E11: 1 | F11: =D11*E11 -> 1 | G11: =G132 -> 0.066122366
A12: Controle Tecnológico | D12: ='05-ADM-Variavel$'!E27 -> 3 | E12: 5 | F12: =D12*E12 -> 15 | G12: =G106+G113+G126+G132 -> 1.5083813
A13: Total das equipes | F13: =SUM(F10:F12) -> 26 | G13: =SUM(G10:G12) -> 17.922768
A14: Média de HxM mensal | F14: =ROUNDUP(F13/'01-ADM-Resumo'!$H$2,0) -> 5
A16: Demonstrativo
A18: Equipes de acompanhamento das frentes de serviço de terraplenagem
A19: Item da Planilha | B19: Código SICRO | C19: Discriminação | D19: Unidade | E19: Quantidade | F19: Produção Horária | G19: Efs
B20: 5502978 | C20: COMPACTAÇÃO DE ATERROS A 100% DO PROCTOR NORMAL | D20: m³ | E20: 711.28 | F20: 168.2 | G20: =E20/(F20*182.49) -> 0.023172641
B21: 5503041 | C21: COMPACTAÇÃO DE ATERROS A 100% DO PROCTOR INTERMEDIÁRIO | D21: m³ | E21: 11635.84 | F21: 134.56 | G21: =E21/(F21*182.49) -> 0.47385197
A22: Total de Equipes para Terraplenagem | G22: =SUM(G20:G21) -> 0.49702461
A24: Equipes de acompanhamento das frentes de serviço de pavimentação
A25: Item da Planilha | B25: Código SICRO | C25: Discriminação | D25: Unidade | E25: Quantidade | F25: Produção Horária | G25: Efs
B26: 4915667 | C26: REMOÇÃO MECANIZADA DE REVESTIMENTO ASFÁLTICO | D26: m³ | E26: 234 | F26: 76.5 | G26: =E26/(F26*182.49) -> 0.016761595
B27: 4915669 | C27: REMOÇÃO MECANIZADA DE CAMADA GRANULAR DO PAVIMENTO | D27: m³ | E27: 1626 | F27: 228.21 | G27: =E27/(F27*182.49) -> 0.039043325
B28: CPU0027 | C28: SUB-BASE ESTABILIZADA GRANULOMETRICAMENTE COM MISTURA BRITA SOLO (75% - 25%) NA PISTA COM MATERIAL DE JAZIDA E BRITA COMERCIAL - 100% PROCTOR MODIFICADO | D28: m³ | E28: 12757.2 | F28: 150.88 | G28: =E28/(F28*182.49) -> 0.46332381
B29: CPU0026 | C29: BASE ESTABILIZADA GRANULOMETRICAMENTE COM MISTURA BRITA SOLO (75% - 25%) NA PISTA COM MATERIAL DE JAZIDA E BRITA COMERCIAL - 100% PROCTOR MODIFICADO | D29: m³ | E29: 5865.69 | F29: 150.88 | G29: =E29/(F29*182.49) -> 0.21303372
B30: 4011352 | C30: IMPRIMAÇÃO COM EMULSÃO ASFÁLTICA | D30: m² | E30: 39359.33 | F30: 1038.46 | G30: =E30/(F30*182.49) -> 0.20769156
B31: 4011212 | C31: VARREDURA DA SUPERFÍCIE PARA EXECUÇÃO DE REVESTIMENTO ASFÁLTICO | D31: m² | E31: 78718.66 | F31: 2430.24 | G31: =E31/(F31*182.49) -> 0.17749636
B32: 4011464 | C32: CONCRETO ASFÁLTICO - FAIXA C-12,5 - MASSA COMERCIAL | D32: t | E32: 4723.12 | F32: 99.6 | G32: =E32/(F32*182.49) -> 0.2598547
B33: 4011209 | C33: REGULARIZAÇÃO DO SUBLEITO – 100% PROCTOR INTERMEDIÁRIO | D33: m² | E33: 41080.13 | F33: 672.8 | G33: =E33/(F33*182.49) -> 0.33458522
B34: CPU0009 | C34: EXECUÇÃO DE PAVIMENTO EM PARALELEPÍPEDOS, REJUNTAMENTO COM ARGAMASSA TRAÇO 1:3 (CIMENTO E AREIA). | D34: m2 | E34: 2280 | F34: 1 | G34: =E34/(F34*182.49) -> 12.493835
A35: Total de Equipes para Pavimentação | G35: =SUM(G26:G34) -> 14.205626
A37: Equipes de acompanhamento das frentes de serviço de drenagem
A38: Item da Planilha | B38: Código SICRO | C38: Discriminação | D38: Unidade | E38: Quantidade | F38: Efsdu | G38: Efs
A39: 5 | C39: DRENAGEM
B40: CPU0007 | C40: MEIO-FIO DE CONCRETO - MFC 01 - AREIA E BRITA COMERCIAIS - FÔRMA DE MADEIRA | D40: m | E40: 4283.72 | F40: 0.0001 | G40: =E40*F40 -> 0.428372
B41: CPU0008 | C41: MEIO-FIO DE CONCRETO - MFC 05 - AREIA E BRITA COMERCIAIS - FÔRMA DE MADEIRA | D41: m | E41: 595.75 | F41: 0.0001 | G41: =E41*F41 -> 0.059575
A42: Total de Equipes para Drenagem | G42: =SUM(G40:G41) -> 0.487947
A44: Equipes de acompanhamento das frentes de serviço de obras de arte correntes
A45: Item da Planilha | B45: Código SICRO | C45: Discriminação | E45: Quantidade | F45: Efsdu | G45: Efs
B46: 0804029 | C46: CORPO DE BSTC D = 0,80 M PA1 - AREIA, BRITA E PEDRA DE MÃO COMERCIAIS | D46: m | E46: 24 | F46: 0.00181 | G46: =E46*F46 -> 0.04344
B47: 0804045 | C47: CORPO DE BSTC D = 1,20 M PA1 - AREIA, BRITA E PEDRA DE MÃO COMERCIAIS | D47: m | E47: 13 | F47: 0.00297 | G47: =E47*F47 -> 0.03861
B48: 0804053 | C48: CORPO DE BSTC D = 1,50 M PA1 - AREIA, BRITA E PEDRA DE MÃO COMERCIAIS | D48: m | E48: 13 | F48: 0.00384 | G48: =E48*F48 -> 0.04992
B49: 0705287 | C49: CORPO DE BDCC 2,50 X 2,50 M - MOLDADO NO LOCAL - ALTURA DO ATERRO 1,00 A 2,50 M - AREIA E BRITA COMERCIAIS | D49: m | E49: 6 | F49: 0.00903 | G49: =E49*F49 -> 0.05418
B50: 0705241 | C50: BOCA DE BSCC 2,50 X 2,50 M - ESCONSIDADE 0° - AREIA E BRITA COMERCIAIS | D50: un | E50: 2 | F50: 0.03119 | G50: =E50*F50 -> 0.06238
B51: 0804101 | C51: BOCA DE BSTC D = 0,80 M - ESCONSIDADE 0° - AREIA E BRITA COMERCIAIS - ALAS RETAS | D51: un | E51: 8 | F51: 0.00301 | G51: =E51*F51 -> 0.02408
B52: 0804141 | C52: BOCA DE BSTC D = 1,20 M - ESCONSIDADE 0° - AREIA E BRITA COMERCIAIS - ALAS RETAS | D52: un | E52: 2 | F52: 0.00696 | G52: =E52*F52 -> 0.01392
B53: 0804161 | C53: BOCA DE BSTC D = 1,50 M - ESCONSIDADE 0° - AREIA E BRITA COMERCIAIS - ALAS RETAS | D53: un | E53: 2 | F53: 0.01196 | G53: =E53*F53 -> 0.02392
A54: Total de Equipes para Obra de Arte Correntes: | G54: =SUM(G46:G53) -> 0.31045
A57: Equipes de acompanhamento das frentes de serviço de sinalização
A58: Item da Planilha | B58: Código SICRO | C58: Discriminação | D58: Unidade | E58: Quantidade | F58: Produção Horária | G58: Efs
C59: SINALIZAÇÃO HORIZONTAL
B60: 5213401 | C60: PINTURA DE FAIXA COM TINTA ACRÍLICA - ESPESSURA DE 0,6 MM | D60: m² | E60: 1944.65 | F60: 149.4 | G60: =0.2*(E60/(F60*182.49)) -> 0.014265328
B61: 5213405 | C61: PINTURA DE SETAS E ZEBRADOS COM TINTA ACRÍLICA - ESPESSURA DE 0,6 MM | D61: m² | E61: 128.5 | F61: 30.18 | G61: =0.2*(E61/(F61*182.49)) -> 0.0046663232
B62: 5219631 | C62: TACHA REFLETIVA EM RESINA SINTÉTICA - MONODIRECIONAL TIPO III - COM UM PINO - FORNECIMENTO E COLOCAÇÃO | D62: un | E62: 276 | F62: 36 | G62: =0.2*(E62/(F62*182.49)) -> 0.0084022869
B63: 5219623 | C63: TACHA REFLETIVA EM RESINA SINTÉTICA - BIDIRECIONAL TIPO III - COM UM PINO - FORNECIMENTO E COLOCAÇÃO | D63: un | E63: 1605 | F63: 36 | G63: =0.2*(E63/(F63*182.49)) -> 0.048861125
B64: 5219631 | C64: TACHA REFLETIVA EM RESINA SINTÉTICA - MONODIRECIONAL TIPO III - COM UM PINO - FORNECIMENTO E COLOCAÇÃO | D64: un | E64: 40 | F64: 36 | G64: =0.2*(E64/(F64*182.49)) -> 0.0012177227
C65: SINALIZAÇÃO VERTICAL
B66: 5213442 | C66: PLACA DE REGULAMENTAÇÃO EM AÇO D = 1,00 M - PELÍCULA RETRORREFLETIVA TIPO I + SI - FORNECIMENTO E IMPLANTAÇÃO | D66: un | E66: 20 | F66: 3 | G66: =0.2*(E66/(F66*182.49)) -> 0.0073063364
B67: 5213446 | C67: PLACA DE REGULAMENTAÇÃO EM AÇO, R1 LADO 0,414 M - PELÍCULA RETRORREFLETIVA TIPO I + SI - FORNECIMENTO E IMPLANTAÇÃO | D67: un | E67: 3 | F67: 3 | G67: =0.2*(E67/(F67*182.49)) -> 0.0010959505
B68: 5213450 | C68: PLACA DE REGULAMENTAÇÃO EM AÇO, R2 LADO 1,00 M - PELÍCULA RETRORREFLETIVA TIPO I + SI - FORNECIMENTO E IMPLANTAÇÃO | D68: un | E68: 2 | F68: 3 | G68: =0.2*(E68/(F68*182.49)) -> 0.00073063364
B69: CPU0029 | C69: PLACA EM AÇO - PELÍCULA I + IV - FORNECIMENTO E IMPLANTAÇÃO | D69: m² | E69: 10.8 | F69: 3 | G69: =0.2*(E69/(F69*182.49)) -> 0.0039454217
B70: 5213466 | C70: PLACA DE ADVERTÊNCIA EM AÇO, LADO DE 1,00 M - PELÍCULA RETRORREFLETIVA TIPO I + SI - FORNECIMENTO E IMPLANTAÇÃO | D70: un | E70: 2 | F70: 3 | G70: =0.2*(E70/(F70*182.49)) -> 0.00073063364
B71: 5213571 | C71: PLACA EM AÇO - PELÍCULA I + III - FORNECIMENTO E IMPLANTAÇÃO | D71: m² | E71: 31.38 | F71: 3 | G71: =0.2*(E71/(F71*182.49)) -> 0.011463642
B72: 5213577 | C72: PLACA EM AÇO, MODULADA - ACIMA DE 2 M² - PELÍCULA I + III - FORNECIMENTO E IMPLANTAÇÃO | D72: m² | E72: 35.25 | F72: 3 | G72: =0.2*(E72/(F72*182.49)) -> 0.012877418
B73: 5213477 | C73: PLACA DELINEADOR EM AÇO - 0,30 X 0,90 M - PELÍCULA RETRORREFLETIVA TIPO I + IV - FORNECIMENTO E IMPLANTAÇÃO | D73: un | E73: 6 | F73: 3 | G73: =0.2*(E73/(F73*182.49)) -> 0.0021919009
B74: 5213472 | C74: PLACA DE MARCO QUILOMÉTRICO EM AÇO - 0,60 X 0,865 M - PELÍCULA RETRORREFLETIVA TIPO I + I - FORNECIMENTO E IMPLANTAÇÃO | D74: un | E74: 9 | F74: 3 | G74: =0.2*(E74/(F74*182.49)) -> 0.0032878514
B75: 5216111 | C75: SUPORTE PARA PLACA DE SINALIZAÇÃO EM MADEIRA DE LEI TRATADA 8 X 8 CM - FORNECIMENTO E IMPLANTAÇÃO | D75: un | E75: 80 | F75: 4 | G75: =0.2*(E75/(F75*182.49)) -> 0.021919009
A76: Total de Equipes para Sinalização | G76: =SUM(G60:G75) -> 0.14296158
A78: Equipes de acompanhamento das frentes de serviço de obras complementares
A79: Item da Planilha | B79: Código SICRO | C79: Discriminação | D79: Unidade | E79: Quantidade | F79: Produção Horária | G79: Efs
B80: 3713608 | C80: CERCA COM 4 FIOS DE ARAME FARPADO E MOURÃO DE MADEIRA A CADA 2,5 M E ESTICADOR A CADA 50 M | D80: m | E80: 4886.1 | F80: 10 | G80: =0.2*(E80/(F80*182.49)) -> 0.53549236
A81: Total de Equipes de Acompanhamento das Frentes de Serviços Complementares | G81: =SUM(G80:G80) -> 0.53549236
A83: Equipes de acompanhamento das frentes de serviço de proteção ambiental
A84: Item da Planilha | B84: Código SICRO | C84: Discriminação | D84: Unidade | E84: Quantidade | F84: Produção Horária | G84: Efs
B85: 4413990 | C85: PLANTIO DE MUDA DE ARBUSTO COM ALTURA ATÉ 0,50 M EM COVA DE 0,40 X 0,40 X 0,40 M | D85: un | E85: 52 | F85: 6 | G85: =0.2*(E85/(F85*182.49)) -> 0.0094982373
B86: 2003305 | C86: VALETA DE PROTEÇÃO DE CORTES COM REVESTIMENTO VEGETAL - VPCG 120-30 - ESCAVAÇÃO MECÂNICA | D86: m | E86: 110 | F86: 1 | G86: =0.2*(E86/(F86*182.49)) -> 0.12055455
B87: 4413993 | C87: REVESTIMENTO VEGETAL POR SEMEADURA A LANÇO MANUAL DE GRAMÍNEAS E LEGUMINOSAS | D87: m² | E87: 17660.5 | F87: 500 | G87: =0.2*(E87/(F87*182.49)) -> 0.038710066
A88: Total de Equipes para Proteção Ambiental | G88: =SUM(G85:G87) -> 0.16876285
A90: TOTAL DAS EQUIPES DE ACOMPANHAMENTO DAS FRENTES DE SERVIÇOS | G90: =G88+G42+G35+G81+G76+G54+G22 -> 16.348264
A92: Equipes de controle tecnológico
A93: Item da Planilha | B93: Código SICRO | C93: Discriminação | D93: Unidade | E93: Quantidade | F93: QE | G93: ELs
A94: Laboratório de solos para terraplenagem
B95: =B20 -> 5502978 | C95: =C20 -> COMPACTAÇÃO DE ATERROS A 100% DO PROCTOR NORMAL | D95: =D20 -> m³ | E95: =E20 -> 711.28 | F95: 165000 | G95: =E95/F95 -> 0.0043107879
B96: =B21 -> 5503041 | C96: =C21 -> COMPACTAÇÃO DE ATERROS A 100% DO PROCTOR INTERMEDIÁRIO | D96: =D21 -> m³ | E96: =E21 -> 11635.84 | F96: 24300 | G96: =E96/F96 -> 0.47884115
A97: Total das equipes de laboratório de solos para terraplenagem | G97: =SUM(G95:G96) -> 0.48315194
A99: Item da Planilha | B99: Código SICRO | C99: Discriminação | D99: Unidade | E99: Quantidade | F99: QE | G99: ELs
A100: Laboratório de solos para pavimentação
B101: =B28 -> CPU0027 | C101: =C28 -> SUB-BASE ESTABILIZADA GRANULOMETRICAMENTE COM MISTURA BRITA SOLO (75% - 25%) NA PISTA COM MATERIAL DE JAZIDA E BRITA COMERCIAL - 100% PROCTOR MODIFICADO | D101: =D28 -> m³ | E101: =E28 -> 12757.2 | F101: 14600 | G101: =E101/F101 -> 0.87378082
B102: =B29 -> CPU0026 | C102: =C29 -> BASE ESTABILIZADA GRANULOMETRICAMENTE COM MISTURA BRITA SOLO (75% - 25%) NA PISTA COM MATERIAL DE JAZIDA E BRITA COMERCIAL - 100% PROCTOR MODIFICADO | D102: =D29 -> m³ | E102: =E29 -> 5865.69 | F102: 14600 | G102: =E102/F102 -> 0.40175959
B103: =B33 -> 4011209 | C103: =C33 -> REGULARIZAÇÃO DO SUBLEITO – 100% PROCTOR INTERMEDIÁRIO | D103: =D33 -> m² | E103: =E33 -> 41080.13 | F103: 76500 | G103: =E103/F103 -> 0.53699516
A104: Total das equipes de laboratório de solos para pavimentação | G104: =SUM(G101:G101) -> 0.87378082
A106: TOTAL DAS EQUIPES DE LABORATÓRIO DE SOLOS | G106: =G97+G104 -> 1.3569328
A108: Item da Planilha | B108: Código SICRO | C108: Discriminação | D108: Unidade | E108: Quantidade | F108: QE | G108: ELA
A109: Laboratório de asfalto
B110: =B30 -> 4011352 | C110: =C30 -> IMPRIMAÇÃO COM EMULSÃO ASFÁLTICA | D110: =D30 -> m² | E110: =E30 -> 39359.33 | F110: 1674000 | G110: =E110/F110 -> 0.023512145
A111: Total das equipes de laboratório de asfalto | G111: =SUM(G110:G110) -> 0.023512145
A113: TOTAL DAS EQUIPES DE LABORATÓRIO DE ASFALTO | G113: =G111 -> 0.023512145
A114: Item da Planilha | B114: Código SICRO | C114: Discriminação | D114: Unidade | E114: Quantidade | F114: ELU | G114: ELC
A116: Laboratório concreto para obras de arte especiais
B117: 1107900 | C117: CONCRETO FCK = 30 MPA - CONFECÇÃO EM BETONEIRA E LANÇAMENTO MANUAL - AREIA E BRITA COMERCIAIS | D117: m³ | E117: 0 | F117: 3.853 | G117: =E117/F117 -> 0
...

Sheet 05-ADM-Variavel$
A1: ='01-ADM-Resumo'!A1 -> Rodovia: PE-460
A2: ='01-ADM-Resumo'!A2 -> Trecho: Acesso ao Porto da Barra do Tarrachil
A3: ='01-ADM-Resumo'!A3 -> Extensão: 4,86 km
A5: ADMINISTRAÇÃO LOCAL
A6: PARCELA VARIÁVEL - EQUIPES PADRÃO
G7: Data-base: | H7: ='01-ADM-Resumo'!$F$7 -> 45839 | I7: Não desonerada
A8: DEMONSTRATIVO
A9: Composição de custo das equipes da parcela variável da administração local
A10: Código | B10: Discriminação | C10: Código SICRO | D10: Unidade | E10: Quantidade | F10: Custo Unitário (R$) | G10: Custo Totral (R$)
A11: Mão de obra de acompanhamento de frentes de serviço
A12: 1.1. | B12: Encarregado de turma | C12: P9875 | D12: mês | E12: 1 | F12: =IFERROR(VLOOKUP(C12,'[149]MÃO DE OBRA-JUL25'!$A:$D,4,0),"nloc") -> 5961.6777 | G12: =ROUND(F12*E12,2) -> 5961.68
A13: 1.2. | B13: Apontador | C13: P9804 | D13: mês | E13: 0.5 | F13: =IFERROR(VLOOKUP(C13,'[149]MÃO DE OBRA-JUL25'!$A:$D,4,0),"nloc") -> 5024.237 | G13: =ROUND(F13*E13,2) -> 2512.12 | L13: =E14+E27+E32 -> 5.5
A14: Total da mão de obra da equipe de acompanhamento de frentes de serviço | E14: =SUM(E12:E13) -> 1.5 | G14: =SUM(G12:G13) -> 8473.8
A18: Equipe de Controle Tecnológico
A19: 1.1. | B19: Mão de obra
A20: 1.1.1. | B20: Laboratorista | C20: P9858 | D20: mês | E20: 1 | F20: =IFERROR(VLOOKUP(C20,'[149]MÃO DE OBRA-JUL25'!$A:$D,4,0),"nloc") -> 7520.1358 | G20: =ROUND(F20*E20,2) -> 7520.14
A21: 1.1.2. | B21: Auxiliar de laboratório | C21: P9833 | D21: mês | E21: 2 | F21: =IFERROR(VLOOKUP(C21,'[149]MÃO DE OBRA-JUL25'!$A:$D,4,0),"nloc") -> 5924.9119 | G21: =ROUND(F21*E21,2) -> 11849.82
A22: 1.2. | B22: Veículos
B23: Discriminação | C23: Código SICRO | D23: Unidade | E23: Quantidade | F23: Utilização (h) | H23: Custo horário (R$) | J23: Custo Total
F24: Produtiva | G24: Improdutiva | H24: Produtivo | I24: Improdutivo
A25: 1.2.1. | B25: Veículo leve - 53 kW | C25: E9093 | D25: mês | E25: 1 | F25: 44 | G25: 176 | H25: =VLOOKUP(C25,'[149]EQUIPAMENTOS-JUL25'!$A:$K,10,FALSE()) -> 36.7983 | I25: =VLOOKUP(C25,'[149]EQUIPAMENTOS-JUL25'!$A:$K,11,FALSE()) -> 6.7814 | J25: =ROUND(E25*(H25*F25+I25*G25),2) -> 2812.65
A27: Equipe de Controle Tecnológico | E27: =SUM(E20:E21) -> 3 | G27: =(SUM(G20:G21))+J25 -> 22182.61
A29: Código | B29: Discriminação | C29: Código SICRO | D29: Unidade | E29: Quantidade | F29: Custo Unitário (R$) | G29: Custo Totral (R$)
A30: Mão de obra da equipe de Controle e Manejo Florestal
A31: 1.1. | B31: Técnico florestal | C31: P9947 | D31: mês | E31: 1 | F31: =IFERROR(VLOOKUP(C31,'[149]MÃO DE OBRA-JUL25'!$A:$D,4,0),"nloc") -> 7622.1497 | G31: =ROUND(F31*E31,2) -> 7622.15
A32: Total da mão de obra da equipe de Controle e Manejo Florestal | E32: =SUM(E31:E31) -> 1 | G32: =SUM(G31:G31) -> 7622.15

Sheet 06-Manutenção Canteiro
A1: ='01-ADM-Resumo'!A1 -> Rodovia: PE-460
A2: ='01-ADM-Resumo'!A2 -> Trecho: Acesso ao Porto da Barra do Tarrachil
A3: ='01-ADM-Resumo'!A3 -> Extensão: 4,86 km
A6: ADMINISTRAÇÃO LOCAL
A7: Manutenção do Canteiro de Obras e Acampamentos
F8: Data-base: | G8: ='01-ADM-Resumo'!$F$7 -> 45839 | H8: Não desonerada
A10: Equipe de Manutenção do Canteiro de Obras e Acampamentos
A11: Código | B11: Discriminação | C11: Código SICRO | D11: Unidade | E11: Quantidade | F11: Custo Unitário (R$) | G11: Custo Totral (R$)
A12: 1. | B12: Manutenção do Canteiro de Obras e Acampamentos
A13: 1.1. | B13: Mão de obra
A14: 1.1.1. | B14: Pedreiro - mensalista | C14: P9952 | D14: mês | E14: =(0.1)*$E$20 -> 0.061 | F14: =IFERROR(VLOOKUP(C14,'[149]MÃO DE OBRA-JUL25'!$A:$D,4,0),"nloc") -> 5095.9624 | G14: =ROUND(F14*E14,2) -> 310.85
A15: 1.1.2. | B15: Servente - mensalista | C15: P9954 | D15: mês | E15: =(0.1)*$E$20 -> 0.061 | F15: =IFERROR(VLOOKUP(C15,'[149]MÃO DE OBRA-JUL25'!$A:$D,4,0),"nloc") -> 4112.1828 | G15: =ROUND(F15*E15,2) -> 250.84
A16: 1.1.3. | B16: Eletricista - mensalista | C16: P9953 | D16: mês | E16: =(0.1)*$E$20 -> 0.061 | F16: =IFERROR(VLOOKUP(C16,'[149]MÃO DE OBRA-JUL25'!$A:$D,4,0),"nloc") -> 5934.9302 | G16: =ROUND(F16*E16,2) -> 362.03
A17: Total da Equipe para Manutenção do Canteiro de Obras e Acampamentos | G17: =SUM(G14:G16) -> 923.72
D20: CAC= | E20: =ROUND(184.9/305.17,2) -> 0.61

Sheet MO
A1: RELAÇÃO DA MÃO DE OBRA ORDINÁRIA
A2: ITEM | B2: CÓDIGO | C2: DISCRIMINAÇÃO | D2: UNIDADE | E2: QUANTIDADE | F2: HORAS/MÊS | G2: HOMENS/MÊS
A4: 1 | B4: P9801 | C4: AJUDANTE | D4: H | E4: 3918.9286 | F4: 182.49 | G4: =ROUNDUP(E4/F4,0) -> 22
A5: 3 | B5: P9805 | C5: ARMADOR | D5: H | E5: 286.74414 | F5: 182.49 | G5: =ROUNDUP(E5/F5,0) -> 2
A6: 4 | B6: P9807 | C6: BOMBEIRO HIDRÁULICO | D6: H | E6: 0.8 | F6: 182.49 | G6: =ROUNDUP(E6/F6,0) -> 1
A7: 5 | B7: P9808 | C7: CARPINTEIRO | D7: H | E7: 3560.6366 | F7: 182.49 | G7: =ROUNDUP(E7/F7,0) -> 20
A8: 7 | B8: P9815 | C8: JARDINEIRO | D8: H | E8: 8.666667 | F8: 182.49 | G8: =ROUNDUP(E8/F8,0) -> 1
A9: 8 | B9: P9821 | C9: PEDREIRO | D9: H | E9: 1200.537 | F9: 182.49 | G9: =ROUNDUP(E9/F9,0) -> 7
A10: 9 | B10: P9822 | C10: PINTOR | D10: H | E10: 69.236283 | F10: 182.49 | G10: =ROUNDUP(E10/F10,0) -> 1
A11: 10 | B11: P9823 | C11: SERRALHEIRO | D11: H | E11: 37.076688 | F11: 182.49 | G11: =ROUNDUP(E11/F11,0) -> 1
A12: 11 | B12: P9824 | C12: SERVENTE | D12: H | E12: 11196.341 | F12: 182.49 | G12: =ROUNDUP(E12/F12,0) -> 62
A13: 12 | B13: P9825 | C13: SOLDADOR | D13: H | E13: 2.552485 | F13: 182.49 | G13: =ROUNDUP(E13/F13,0) -> 1
A14: 13 | B14: P9830 | C14: MONTADOR | D14: H | E14: 134.18 | F14: 182.49 | G14: =ROUNDUP(E14/F14,0) -> 1
A15: 14 | B15: P9853 | C15: PRÉ-MARCADOR | D15: H | E15: 17.274186 | F15: 182.49 | G15: =ROUNDUP(E15/F15,0) -> 1
A17: TOTAL | E17: =SUM(E4:E15) -> 20432.974 | G17: =SUM(G4:G15) -> 120
A18: PRAZO DA OBRA | D18: meses | E18: 6
A19: HOMENS/MÊS MÉDIO | G19: =ROUNDUP(G17/E18,0) -> 20
A21: QUANTIDADE MÉDIA TOTAL DOS PROFISSIONAIS NO MÊS DE PICO DA OBRA (QM)
A23: QMO | B23: =G19 -> 20 | C23: REPRESENTA A QUANTIDADE MÉDIA DE PROFISSIONAIS DA MÃO DE OBRA ORDINÁRIA (UND/MÊS);
A24: QF | B24: ='02-ADM-Fixa'!E43 -> 2.25 | C24: REPRESENTA A QUANTIDADE MÉDIA DE PROFISSIONAIS DA PARCELA FIXA DA ADMINISTRAÇÃO LOCAL (UND/MÊS);
A25: QVI | B25: ='03-ADM-Vinculada'!D10 -> 3 | C25: REPRESENTA A QUANTIDADE MÉDIA DE PROFISSIONAIS DA PARCELA VINCULADA DA ADMINISTRAÇÃO LOCAL (UND/MÊS);
A26: QVA | B26: ='05-ADM-Variavel$'!L13 -> 5.5 | C26: REPRESENTA A QUANTIDADE MÉDIA DE PROFISSIONAIS DA PARCELA VARIÁVEL DA ADMINISTRAÇÃO LOCAL (UND/MÊS).
A28: QM | B28: =ROUNDUP((B23*1.33)+B24+B25+(B26*1.33),0) -> 40

Sheet CUSTO PRINCIPAL
A1: DIMENSIONAMENTO DO CANTEIRO - ONERADO
A2: Baseado no Anexo 03/2024 do Volume 09 da Sicro
A4: RELAÇÃO DA MÃO DE OBRA
A5: ITEM | B5: Quantidades (funcionários/mês)
A7: Parcela fixa - Npf | B7: 2.25
A8: Mão de obra ordinária - Nmo | B8: 20
A9: Parcela Vinculada | B9: 3
A10: Parcela variável - Npv | B10: 5.5
A11: Parcela fixa e vinculada - Npf-v | B11: =B7+B9 -> 5.25
A12: Máximo de funcionários - Nmax | B12: =ROUNDUP(B11+B10+B8,0) -> 31
A14: Número de Funcionários da Parcela Fixa da Administração Local (NPF) - | C14: =B7 -> 2.25
A15: Número de Funcionários da Mão de Obra Ordinária no Mês de Pico (NMO) - | C15: =ROUND(B8*1.33,0) -> 27
A16: Número de Funcionários da Parcela Variável no Mês de Pico (NPV) - | C16: =ROUND(B10*1.33,0) -> 7
A17: Número de Funcionários das Parcelas Fixa e Vinculada (NPF-V) - | C17: =C14+C16 -> 9.25
A18: Número Máximo de Funcionários (NMAX) - | C18: =ROUNDUP(C15+C16+C17,0) -> 44
A21: Fator de Mobiliário e Aparelhagem (k2)
B28: k2 = | C28: 1.33
A31: Fator de Equivalência de Áreas Totais do Terreno (FEAT)
B37: FEAT = | C37: 0.0097
A40: CMCC | B40: 1777.58
A42: Instalação | B42: Área (m²) | C42: Capacidade Qt. Pessoas | D42: Critério de ocupação Qt. Pessoas | E42: Quantidade
A43: Escritório | B43: 14.79 | C43: 2 | D43: =B7 -> 2.25 | E43: 1
A44: Seção Técnica | B44: 14.79 | C44: 3 | D44: =B9 -> 3 | E44: 1
A45: Refeitório | B45: 29.57 | C45: 48 | D45: =C18*0.5 -> 22 | E45: 1
A46: Cozinha | B46: 29.57 | C46: 1 | D46: 1 | E46: 1
A47: Instalação sanitária e vestiário | B47: 14.79 | C47: 20 | D47: =C16+C15 -> 34 | E47: 2
A48: Guarita | B48: 7.44 | C48: 1 | D48: 1 | E48: 1
A49: Almoxarifado | B49: 14.79 | C49: 1 | D49: 1 | E49: 1
A50: Laboratório | B50: 14.79 | C50: 3 | D50: 3 | E50: 3
A52: Instalação | B52: Código Sicro | C52: Und | D52: Quantidade
A53: Escritório | B53: M0295 | C53: UN | D53: =E43 -> 1
A54: Seção Técnica | B54: M0295 | C54: UN | D54: =E44 -> 1
A55: Refeitório | B55: M0293 | C55: =C53 -> UN | D55: =E45 -> 1
A56: Cozinha | B56: M0294 | C56: =C55 -> UN | D56: =E46 -> 1
A57: Instalação sanitária e vestiário | B57: M0291 | C57: =C56 -> UN | D57: =E47 -> 2
A58: =A48 -> Guarita | B58: M0297 | C58: =C60 -> UN | D58: =E48 -> 1
A59: Almoxarifado | B59: M0292 | C59: UN | D59: =E49 -> 1
A60: =A50 -> Laboratório | B60: M0292 | C60: =C57 -> UN | D60: =E50 -> 3
A62: Fator de Equivalência de Áreas do Canteiro de Obras
A64: Áreas Cobertas – AC
A65: Instalação | B65: Quantidade | C65: Área da estrutura modular (m²) | D65: Area da coberta total (m²)
A66: =A53 -> Escritório | B66: =VLOOKUP(A66,$A$53:$D$60,4,FALSE) -> 1 | C66: =VLOOKUP(A66,$A$43:$E$48,2,FALSE) -> 14.79 | D66: =B66*C66 -> 14.79
A67: =A44 -> Seção Técnica | B67: =E44 -> 1 | C67: =VLOOKUP(A67,$A$43:$E$50,2,FALSE) -> 14.79 | D67: =B67*C67 -> 14.79
A68: =A55 -> Refeitório | B68: =VLOOKUP(A68,$A$53:$D$60,4,FALSE) -> 1 | C68: =VLOOKUP(A68,$A$43:$E$48,2,FALSE) -> 29.57 | D68: =B68*C68 -> 29.57
A69: =A56 -> Cozinha | B69: =VLOOKUP(A69,$A$53:$D$60,4,FALSE) -> 1 | C69: =VLOOKUP(A69,$A$43:$E$48,2,FALSE) -> 29.57 | D69: =B69*C69 -> 29.57
A70: =A57 -> Instalação sanitária e vestiário | B70: =VLOOKUP(A70,$A$53:$D$60,4,FALSE) -> 2 | C70: =VLOOKUP(A70,$A$43:$E$48,2,FALSE) -> 14.79 | D70: =B70*C70 -> 29.58
A71: =A58 -> Guarita | B71: =VLOOKUP(A71,$A$53:$D$60,4,FALSE) -> 1 | C71: =VLOOKUP(A71,$A$43:$E$48,2,FALSE) -> 7.44 | D71: =B71*C71 -> 7.44
A72: =A59 -> Almoxarifado | B72: =VLOOKUP(A72,$A$53:$D$60,4,FALSE) -> 1 | C72: =VLOOKUP(A72,$A$43:$E$50,2,FALSE) -> 14.79 | D72: =B72*C72 -> 14.79
A73: =A60 -> Laboratório | B73: =VLOOKUP(A73,$A$53:$D$60,4,FALSE) -> 3 | C73: =B50 -> 14.79 | D73: =B73*C73 -> 44.37
A74: Total da área coberta | D74: =SUM(D66:D73) -> 184.9
A76: Área Total - AT
B88: AT | C88: =ROUND(D74/23.4%,4) -> 790.1709
A91: Área Descoberta - AD
B101: AD | C101: =C88-D74 -> 605.2709
A104: Custo Total do Canteiro de Obras para Intervenções Pontuais
A120: Estrutura Modular | B120: Quantidade | C120: Valor unitário | D120: Valor total
A121: M0295 | B121: =SUMIFS(D52:D59,B52:B59,A121) -> 2 | C121: =VLOOKUP(A121,[150]JULHO_2025!$A$1:$D$1674,4,FALSE) -> 72423.538 | D121: =ROUND(B121*C121,2) -> 144847.08
A122: M0292 | B122: =SUMIFS(D53:D60,B53:B60,A122) -> 4 | C122: =VLOOKUP(A122,[150]JULHO_2025!$A$1:$D$1674,4,FALSE) -> 64213.982 | D122: =ROUND(B122*C122,2) -> 256855.93
A123: M0293 | B123: =SUMIFS(D55:D61,B55:B61,A123) -> 1 | C123: =VLOOKUP(A123,[150]JULHO_2025!$A$1:$D$1674,4,FALSE) -> 130200.7 | D123: =ROUND(B123*C123,2) -> 130200.7
A124: M0294 | B124: =SUMIFS(D55:D61,B55:B61,A124) -> 1 | C124: =VLOOKUP(A124,[150]JULHO_2025!$A$1:$D$1674,4,FALSE) -> 130749.73 | D124: =ROUND(B124*C124,2) -> 130749.73
A125: M0291 | B125: =SUMIFS(D56:D62,B56:B62,A125) -> 2 | C125: =VLOOKUP(A125,[150]JULHO_2025!$A$1:$D$1674,4,FALSE) -> 79230.863 | D125: =ROUND(B125*C125,2) -> 158461.73
A126: M0297 | B126: =SUMIFS(D57:D63,B57:B63,A126) -> 1 | C126: =VLOOKUP(A126,[150]JULHO_2025!$A$1:$D$1674,4,FALSE) -> 40166.096 | D126: =ROUND(B126*C126,2) -> 40166.1
A127: Total Geral | D127: =SUM(D121:D126) -> 861281.27
A129: CIP | B129: =6/300*(1.33*D127)+C88*C37*B40 -> 36534.624

Sheet Mat. BetuM
A1: EXECUÇÃO DAS OBRAS E SERVIÇOS DA RESTAURAÇÃO DA RODOVIA PE-460
L3: MÊS BASE: | M3: 45839
A4: AQUISIÇÃO E TRANSPORTE DE MATERIAIS BETUMINOSOS
A5: COMPARATIVO DE TRANSPORTE
A6: ORIGEM | B6: DESTINO | C6: TRECHO | D6: EQUAÇÃO TARIFÁRIA DE TRANSPORTE (R$) Rodovia pavimentada - (26,939 + 0,253 x D) Rodovia leito natural - (26,939 + 0,299 x D) Rodovia Revestimento primário - (26,939 + 0,412 x D) | J6: Custo direto sem ICMS | K6: Custo c/ ICMS (Jul/14) | L6: Custo c/ ICMS (Julho/25) | M6: Custo Total s/ BDI
K7: 0.205 | L7: 0.205 | M7: 0
A8: REGAP(Betim/MG) | B8: CANTEIRO | C8: PAV | D8: 26.939 | E8: + | F8: 0.253 | G8: x | H8: =F253 -> 1878 | I8: = | J8: =TRUNC(D8+((F8*H8)+(F9*H9)),2) -> 502.08 | K8: =TRUNC(J8/(1-$K$7),2) -> 631.54 | L8: =TRUNC(K8*$K$24,2) -> 1372.92 | M8: =L8 -> 1372.92 | P8: REFINARIA
C9: LN | F9: 0.299 | G9: x | H9: =F254 -> 0.04
A10: LUBNOR (Fortaleza/CE) | B10: CANTEIRO | C10: PAV | D10: 26.939 | E10: + | F10: 0.253 | G10: x | H10: =F133 -> 645 | I10: = | J10: =TRUNC(D10+((F10*H10)+(F11*H11)),2) -> 190.13 | K10: =TRUNC(J10/(1-$K$7),2) -> 239.15 | L10: =TRUNC(K10*$K$24,2) -> 519.89 | M10: =L10 -> 519.89 | P10: REFINARIA
C11: LN | F11: 0.299 | G11: x | H11: =F134 -> 0.04
A12: REFINARIA DE MATARIPE(São Francisco do Conde/BA) | B12: CANTEIRO | C12: PAV | D12: 26.939 | E12: + | F12: 0.253 | G12: x | H12: =F192 -> 652 | I12: = | J12: =TRUNC(D12+((F12*H12)+(F13*H13)),2) -> 191.9 | K12: =TRUNC(J12/(1-$K$7),2) -> 241.38 | L12: =TRUNC(K12*$K$24,2) -> 524.74 | M12: =L12 -> 524.74 | P12: REFINARIA
C13: LN | F13: 0.299 | G13: x | H13: =F193 -> 0.04
A14: ASFALTOS NORDESTE (CE) | B14: CANTEIRO | C14: PAV | D14: 26.939 | E14: + | F14: 0.253 | G14: x | H14: =F314 -> 666 | I14: = | J14: =TRUNC(D14+((F14*H14)+(F15*H15)),2) -> 196.19 | K14: =TRUNC(J14/(1-$K$7),2) -> 246.77 | L14: =TRUNC(K14*$K$24,2) -> 536.46 | M14: =L14 -> 536.46 | P14: DISTRIBUIDOR
C15: LN | F15: 0.299 | G15: x | H15: =F315 -> 2.52
A16: BETUNEL (Fortaleza/CE) | B16: CANTEIRO | C16: PAV | D16: 26.939 | E16: + | F16: 0.253 | G16: x | H16: =F374 -> 657 | I16: = | J16: =TRUNC(D16+((F16*H16)+(F17*H17)),2) -> 193.91 | K16: =TRUNC(J16/(1-$K$7),2) -> 243.91 | L16: =TRUNC(K16*$K$24,2) -> 530.24 | M16: =L16 -> 530.24 | P16: DISTRIBUIDOR
C17: LN | F17: 0.299 | G17: x | H17: =F375 -> 2.52
A18: BRASQUÍMICA (Salvador/BA) | B18: CANTEIRO | C18: PAV | D18: 26.939 | E18: + | F18: 0.253 | G18: x | H18: =F434 -> 532 | I18: = | J18: =TRUNC(D18+((F18*H18)+(F19*H19)),2) -> 162.28 | K18: =TRUNC(J18/(1-$K$7),2) -> 204.12 | L18: =TRUNC(K18*$K$24,2) -> 443.74 | M18: =L18 -> 443.74 | P18: DISTRIBUIDOR
C19: LN | F19: 0.299 | G19: x | H19: =F435 -> 2.52
K20: ATUALIZAÇÃO
K21: índice FGV Pavimentação
K22: 41821 | L22: 45839
K23: 270.237 | L23: 587.477
K24: =L23/K23 -> 2.1739325
A25: PORTARIA Nº 1.977, DE 25 DE OUTUBRO DE 2017 | D25: (Implanta nova equação de transportes)
A26: MEMORANDO CIRCULAR Nº.03/2016/DIREX
A27: MEMORANDO CIRCULAR Nº.12/2012/DIREX
A28: AQUISIÇÃO
A29: LOCALIDADE | C29: UF | D29: DATA-BASE | G29: (R$/ton) ANP | I29: ICMS (%) | K29: PIS (%) | L29: COFINS (%) | M29: TOTAL (R$/ton)
A30: CIMENTO ASFÁLTICO CAP 50/70
A31: REGAP(Betim/MG) | C31: MG | D31: 45839 | G31: =ROUND(3.78955947414634*1000,2) -> 3789.56 | I31: 0.205 | K31: 0.0065 | L31: 0.03 | M31: =(TRUNC((G31/(1-(($I$31+$K$31+$L$31)-($K$31+$L$31)*$I$31))),2)) -> 4947.31 | N31: Estadual
A32: REFINARIA DE MATARIPE(São Francisco do Conde/BA) | C32: BA | G32: =ROUND(3.58096390560305*1000,2) -> 3580.96 | M32: =(TRUNC((G32/(1-(($I$31+$K$31+$L$31)-($K$31+$L$31)*$I$31))),2)) -> 4674.98 | N32: Estadual
A33: LUBNOR (Fortaleza/CE) | C33: CE | G33: =ROUND(3.4879862434645*1000,2) -> 3487.99 | M33: =(TRUNC((G33/(1-(($I$31+$K$31+$L$31)-($K$31+$L$31)*$I$31))),2)) -> 4553.61 | N33: Estadual
A34: EMULSÃO ASFÁLTICA PARA IMPRIMAÇÃO
A35: ASFALTOS NORDESTE (CE) | C35: PE | D35: 45839 | G35: =ROUND(2.18249432032353*1000,2) -> 2182.49 | I35: 0.205 | K35: 0.0065 | L35: 0.03 | M35: =(TRUNC((G35/(1-(($I$35+$K$35+$L$35)-($K$35+$L$35)*$I$35))),2)) -> 2849.26 | N35: Regional (Nordeste)
A36: BETUNEL (Fortaleza/CE) | C36: CE | G36: =ROUND(2.09243409781438*1000,2) -> 2092.43 | M36: =(TRUNC((G36/(1-(($I$35+$K$35+$L$35)-($K$35+$L$35)*$I$35))),2)) -> 2731.69 | N36: Estadual
A37: BRASQUÍMICA (Salvador/BA) | C37: BA | G37: =ROUND(2.18249432032353*1000,2) -> 2182.49 | M37: =(TRUNC((G37/(1-(($I$35+$K$35+$L$35)-($K$35+$L$35)*$I$35))),2)) -> 2849.26 | N37: Regional (Nordeste)
A38: EMULSÕES ASFÁLTICAS RR-1C
A39: BRASQUÍMICA (Salvador/BA) | C39: BA | D39: 45839 | G39: =ROUND(2.64838220879943*1000,2) -> 2648.38 | I39: 0.205 | K39: 0.0065 | L39: 0.03 | M39: =(TRUNC((G39/(1-($I$39+$K$39+$L$39-($K$39+$L$39)*$I$39))),2)) -> 3457.49 | N39: Regional (Nordeste)
A40: BETUNEL (Fortaleza/CE) | C40: CE | G40: =ROUND(2.46994113130555*1000,2) -> 2469.94 | M40: =(TRUNC((G40/(1-($I$39+$K$39+$L$39-($K$39+$L$39)*$I$39))),2)) -> 3224.53 | N40: Estadual
A41: ASFALTO NORDESTE (Maracanau/CE) | C41: CE | G41: =ROUND(2.46994113130555*1000,2) -> 2469.94 | M41: =(TRUNC((G41/(1-($I$39+$K$39+$L$39-($K$39+$L$39)*$I$39))),2)) -> 3224.53 | N41: Estadual
A42: EMULSÕES ASFÁLTICAS RR-2C
A43: =A39 -> BRASQUÍMICA (Salvador/BA) | C43: BA | D43: 45839 | G43: =TRUNC(1000*VLOOKUP(C43,#REF!,3,FALSE()),2) -> #REF! | I43: 0.205 | K43: 0.0065 | L43: 0.03 | M43: =(TRUNC((G43/(1-($I$43+$K$43+$L$43-($K$43+$L$43)*$I$43))),2)) -> #REF! | N43: Regional (Nordeste)
A44: =A40 -> BETUNEL (Fortaleza/CE) | C44: CE | G44: =TRUNC(1000*VLOOKUP(C44,#REF!,3,FALSE()),2) -> #REF! | M44: =(TRUNC((G44/(1-($I$43+$K$43+$L$43-($K$43+$L$43)*$I$43))),2)) -> #REF! | N44: Estadual
A45: =A41 -> ASFALTO NORDESTE (Maracanau/CE) | C45: CE | G45: =TRUNC(1000*VLOOKUP(C45,#REF!,3,FALSE()),2) -> #REF! | M45: =(TRUNC((G45/(1-($I$43+$K$43+$L$43-($K$43+$L$43)*$I$43))),2)) -> #REF! | N45: Estadual
A47: OFÍCIO-CIRCULAR Nº 3784/2025/ACE - DPP/DPP/DNIT SEDE DE 13 DE JUNHO DE 2025
A52: Consulta em http://www.anp.gov.br/wwwanp/precos-e-defesa-da-concorrencia/precos/precos-de-distribuicao
A53: Considerar como origem do cimento asfáltico de petróleo as refinarias, e para as emulsões asfálticas, a origem será definida nas distribuidoras mais próximas da obra, conforme estabelece a PORTARIA Nº 1.977, 25/10/17 – DNIT (Art. 4º).
A55: BINÔMIO (AQUISIÇÃO + TRANSPORTE)
A57: LOCALIDADE | D57: DATA-BASE | G57: TRANSPORTE (R$/ton) | I57: AQUISIÇÃO (R$/ton) | K57: TOTAL AQUISIÇÃO + TRANSPORTE (R$/ton)
A58: =A30 -> CIMENTO ASFÁLTICO CAP 50/70
A59: =A31 -> REGAP(Betim/MG) | C59: =C31 -> MG | D59: =D31 -> 45839 | G59: =VLOOKUP(A59,$A$8:$M$10,13,FALSE()) -> 1372.92 | I59: =VLOOKUP(A59,$A$31:$M$33,13,FALSE()) -> 4947.31 | K59: =I59+G59 -> 6320.23
A60: =A32 -> REFINARIA DE MATARIPE(São Francisco do Conde/BA) | C60: =C32 -> BA | G60: =VLOOKUP(A60,$A$8:$M$19,13,FALSE()) -> 524.74 | I60: =VLOOKUP(A60,$A$31:$M$33,13,FALSE()) -> 4674.98 | K60: =I60+G60 -> 5199.72
A61: =A33 -> LUBNOR (Fortaleza/CE) | C61: =C33 -> CE | G61: =VLOOKUP(A61,$A$8:$M$10,13,FALSE()) -> 519.89 | I61: =VLOOKUP(A61,$A$31:$M$33,13,FALSE()) -> 4553.61 | K61: =I61+G61 -> 5073.5
A62: =A34 -> EMULSÃO ASFÁLTICA PARA IMPRIMAÇÃO
A63: =A35 -> ASFALTOS NORDESTE (CE) | C63: CE | D63: =D35 -> 45839 | G63: =VLOOKUP(A63,$A$8:$M$19,13,FALSE()) -> 536.46 | H63: =MIN(H12) -> 652 | I63: =VLOOKUP(A63,$A$35:$M$37,13,FALSE()) -> 2849.26 | K63: =I63+G63 -> 3385.72
A64: =A36 -> BETUNEL (Fortaleza/CE) | C64: =C36 -> CE | G64: =VLOOKUP(A64,$A$8:$M$19,13,FALSE()) -> 530.24 | H64: =MIN(H14) -> 666 | I64: =VLOOKUP(A64,$A$35:$M$37,13,FALSE()) -> 2731.69 | K64: =I64+G64 -> 3261.93
A65: =A37 -> BRASQUÍMICA (Salvador/BA) | C65: =C37 -> BA | G65: =VLOOKUP(A65,$A$8:$M$19,13,FALSE()) -> 443.74 | H65: =MIN(H16) -> 657 | I65: =VLOOKUP(A65,$A$35:$M$37,13,FALSE()) -> 2849.26 | K65: =I65+G65 -> 3293
A66: =A38 -> EMULSÕES ASFÁLTICAS RR-1C
A67: =A39 -> BRASQUÍMICA (Salvador/BA) | C67: =C39 -> BA | D67: =D39 -> 45839 | G67: =VLOOKUP(A67,$A$8:$M$19,13,FALSE()) -> 443.74 | H67: =MIN(H20) -> 0 | I67: =VLOOKUP(A67,$A$39:$M$41,13,FALSE()) -> 3457.49 | K67: =I67+G67 -> 3901.23
A68: =A40 -> BETUNEL (Fortaleza/CE) | C68: =C40 -> CE | G68: =VLOOKUP(A68,$A$8:$M$19,13,FALSE()) -> 530.24 | H68: =MIN(H21) -> 0 | I68: =VLOOKUP(A68,$A$39:$M$41,13,FALSE()) -> 3224.53 | K68: =I68+G68 -> 3754.77
A69: =A41 -> ASFALTO NORDESTE (Maracanau/CE) | C69: =C41 -> CE | G69: =VLOOKUP(A69,$A$8:$M$19,13,FALSE()) -> #N/A | H69: =MIN(H22) -> 0 | I69: =VLOOKUP(A69,$A$39:$M$41,13,FALSE()) -> 3224.53 | K69: =I69+G69 -> #N/A
A70: =A42 -> EMULSÕES ASFÁLTICAS RR-2C
A71: =A43 -> BRASQUÍMICA (Salvador/BA) | C71: =C43 -> BA | D71: =D43 -> 45839 | G71: =VLOOKUP(A71,$A$8:$M$10,13,FALSE()) -> #N/A | H71: =MIN(H24) -> 0 | I71: =VLOOKUP(A71,$A$43:$M$45,13,FALSE()) -> #REF! | K71: =I71+G71 -> #REF!
A72: =A44 -> BETUNEL (Fortaleza/CE) | C72: =C44 -> CE | G72: =VLOOKUP(A72,$A$8:$M$10,13,FALSE()) -> #N/A | H72: =MIN(H25) -> 0 | I72: =VLOOKUP(A72,$A$43:$M$45,13,FALSE()) -> #REF! | K72: =I72+G72 -> #REF!
A73: =A45 -> ASFALTO NORDESTE (Maracanau/CE) | C73: =C45 -> CE | G73: =VLOOKUP(A73,$A$8:$M$10,13,FALSE()) -> #N/A | H73: =MIN(H26) -> 0 | I73: =VLOOKUP(A73,$A$43:$M$45,13,FALSE()) -> #REF! | K73: =I73+G73 -> #REF!
A76: ROTAS CAP 50/70
A77: LUBNOR (FORTALEZA/CE) - CANTEIRO:
I116: CANTEIRO
J118: LN
J119: 0.02
G122: =((1)*20)/1000 -> 0.02 | H122: KM (LN) | K122: =(((702-1)*20)+(7.075))/1000 -> 14.027075 | L122: KM (LN)
B123: REFINARIA LUBNOR FORTALEZA/CE | C123: 645 | D123: KM (PV)
F125: E0 | J125: E1+0,00 | L125: E702+7,075
B129: DMT (LUBNOR (Fortaleza/CE) - E0+0,00)= | F129: =C123 -> 645 | G129: km
B130: DMT (E0+0,00 - E1)= | F130: =G122 -> 0.02 | G130: km
B131: DMT (E1 - CANTEIRO)= | F131: =J119 -> 0.02 | G131: km
B132: DMT (LUBNOR (Fortaleza/CE) - CANTEIRO) | F132: =SUM(F129:F131) -> 645.04 | G132: km
E133: PV= | F133: =F129 -> 645 | G133: km
E134: LN= | F134: =F132-F133 -> 0.04 | G134: km
A136: REFINARIA MATARIPE (SÃO FRANCISCO DO CONDE/BA) - CANTEIRO
I175: CANTEIRO
J177: LN
J178: 0.02
G181: =((1)*20)/1000 -> 0.02 | H181: KM (LN) | K181: =(((702-1)*20)+(7.075))/1000 -> 14.027075 | L181: KM (LN)
B182: REFINARIA MATARIPE BA | C182: 652 | D182: KM (PV)
F184: E0 | J184: E1+0,00 | L184: E702+7,075
B188: DMT (MATARIPE/BA) - E0+0,00)= | F188: =C182 -> 652 | G188: km
B189: DMT (E0+0,00 - E1)= | F189: =G181 -> 0.02 | G189: km
B190: DMT (E1 - CANTEIRO)= | F190: =J178 -> 0.02 | G190: km
B191: DMT (MATARIPE/BA) - CANTEIRO) | F191: =SUM(F188:F190) -> 652.04 | G191: km
E192: PV= | F192: =F188 -> 652 | G192: km
E193: LN= | F193: =F191-F192 -> 0.04 | G193: km
A195: REGAP BETIM/MG
I236: CANTEIRO
J238: LN
J239: 0.02
G242: =((1)*20)/1000 -> 0.02 | H242: KM (LN) | K242: =(((702-1)*20)+(7.075))/1000 -> 14.027075 | L242: KM (LN)
B243: REGAP BETIM/MG | C243: 1878 | D243: KM (PV)
F245: E0 | J245: E1+0,00 | L245: E702+7,075
B249: DMT (REGAP(BETIM/MG) - E0+0,00)= | F249: =C243 -> 1878 | G249: km
...

Sheet MOB_DESMOB
A1: CUSTO DE MOBILIZAÇÃO DE EQUIPAMENTOS E PESSOAL - ONERADO
A3: RESUMO
A4: CUSTO TOTAL DE MOBILIZAÇÃO DE EQUIPAMENTOS DE GRANDE PORTE | E4: =Q29 -> 85250.29
A5: CUSTO TOTAL DE MOBILIZAÇÃO DE EQUIPAMENTOS DE PEQUENO PORTE | E5: =Q69 -> 356.77
A6: CUSTO TOTAL DE MOBILIZAÇÃO DE VEÍCULOS AUTOPROPELIDOS | E6: =Q42 -> 44309.72
A7: CUSTO TOTAL DE MOBILIZAÇÃO DE PESSOAL | E7: -
A8: CUSTO DA MOBILIZAÇÃO DE EQUIPAMENTOS E PESSOAL | E8: =SUM(E4:E7) -> 129916.78
A9: CUSTO DA DESMOBILIZAÇÃO DE EQUIPAMENTOS E PESSOAL | E9: =E8 -> 129916.78
A10: CUSTO TOTAL DE MOBILIZAÇÃO E DESMOBILIZAÇÃO DE EQUIPAMENTOS E PESSOAL | E10: =E9+E8 -> 259833.56
A12: EQUIPAMENTOS DE GRANDE PORTE
A13: ITEM | B13: CÓDIGO | C13: DISCRIÇÃO | D13: ORIGEM | E13: DESTINO | F13: DISTANCIA DE MOBILIZAÇÃO (km) | G13: DISTANCIA DE MOBILIZAÇÃO (km) | H13: VELOCIDADE MÉDIA (km/h) (PAV) | I13: VELOCIDADE MÉDIA (km/h) (LN) | J13: TEMPO DE VIAGEM (h) | K13: QUANTIDADE (número) | L13: FATOR DE UTILIZAÇÃO (FU) | M13: TRANSPORTE | N13: IDA/ VOLTA (K) | O13: CUSTO HORÁRIO - CH (R$) | P13: CUSTO DO TRANSPORTE - Cmob (R$) | Q13: CUSTO TOTAL DE MOBILIZAÇÃO (R$)
A14: 1.2 | B14: E9076 | C14: =VLOOKUP(B14,[151]Equipamentos_Julho2025!$A$1:$K$542,2,FALSE) -> Equipamento para pintura eletrostática com cabine dupla de 7,00 kW e estufa de 80.000 kCal | D14: ARACAJU/SE | E14: Canteiro | F14: =[151]DIST.CENTRO!$G$170 -> 442 | G14: =[151]DIST.CENTRO!$G$171 -> 2.52 | H14: 60 | I14: 40 | J14: =(F14/H14)+(G14/I14) -> 7.4296667 | K14: 1 | L14: 1 | M14: E9665 | N14: 2 | O14: =VLOOKUP(M14,[151]Equipamentos_Julho2025!$A$1:$K$542,10,FALSE) -> 415.4473 | P14: =J14*K14*L14*N14*O14 -> 6173.2699 | Q14: =P14 -> 6173.2699
A15: 1.3 | B15: E9127 | C15: =VLOOKUP(B15,[151]Equipamentos_Julho2025!$A$1:$K$542,2,FALSE) -> Escavadeira hidráulica com martelo hidráulico de 520 kg - 75 kW | D15: ARACAJU/SE | E15: Canteiro | F15: =[151]DIST.CENTRO!$G$170 -> 442 | G15: =[151]DIST.CENTRO!$G$171 -> 2.52 | H15: 60 | I15: 40 | J15: =(F15/H15)+(G15/I15) -> 7.4296667 | K15: 1 | L15: 1 | M15: E9665 | N15: 2 | O15: =VLOOKUP(M15,[151]Equipamentos_Julho2025!$A$1:$K$542,10,FALSE) -> 415.4473 | P15: =J15*K15*L15*N15*O15 -> 6173.2699 | Q15: =P15 -> 6173.2699
A16: 1.6 | B16: E9515 | C16: =VLOOKUP(B16,[151]Equipamentos_Julho2025!$A$1:$K$542,2,FALSE) -> Escavadeira hidráulica sobre esteiras com caçamba com capacidade de 1,56 m³ - 118 kW | D16: ARACAJU/SE | E16: Canteiro | F16: =[151]DIST.CENTRO!$G$170 -> 442 | G16: =[151]DIST.CENTRO!$G$171 -> 2.52 | H16: 60 | I16: 40 | J16: =(F16/H16)+(G16/I16) -> 7.4296667 | K16: 1 | L16: 1 | M16: E9666 | N16: 2 | O16: =VLOOKUP(M16,[151]Equipamentos_Julho2025!$A$1:$K$542,10,FALSE) -> 464.6614 | P16: =J16*K16*L16*N16*O16 -> 6904.5586 | Q16: =P16 -> 6904.5586
A17: 1.7 | B17: E9524 | C17: =VLOOKUP(B17,[151]Equipamentos_Julho2025!$A$1:$K$542,2,FALSE) -> Motoniveladora - 93 kW | D17: ARACAJU/SE | E17: Canteiro | F17: =[151]DIST.CENTRO!$G$170 -> 442 | G17: =[151]DIST.CENTRO!$G$171 -> 2.52 | H17: 60 | I17: 40 | J17: =(F17/H17)+(G17/I17) -> 7.4296667 | K17: 1 | L17: 1 | M17: E9665 | N17: 2 | O17: =VLOOKUP(M17,[151]Equipamentos_Julho2025!$A$1:$K$542,10,FALSE) -> 415.4473 | P17: =J17*K17*L17*N17*O17 -> 6173.2699 | Q17: =P17 -> 6173.2699
A18: 1.8 | B18: E9530 | C18: =VLOOKUP(B18,[151]Equipamentos_Julho2025!$A$1:$K$542,2,FALSE) -> Rolo compactador liso vibratório autopropelido por pneus de 11 t - 97 kW | D18: ARACAJU/SE | E18: Canteiro | F18: =[151]DIST.CENTRO!$G$170 -> 442 | G18: =[151]DIST.CENTRO!$G$171 -> 2.52 | H18: 60 | I18: 40 | J18: =(F18/H18)+(G18/I18) -> 7.4296667 | K18: 1 | L18: 0.5 | M18: E9666 | N18: 2 | O18: =VLOOKUP(M18,[151]Equipamentos_Julho2025!$A$1:$K$542,10,FALSE) -> 464.6614 | P18: =J18*K18*L18*N18*O18 -> 3452.2793 | Q18: =P18 -> 3452.2793
A19: 1.10 | B19: E9541 | C19: =VLOOKUP(B19,[151]Equipamentos_Julho2025!$A$1:$K$542,2,FALSE) -> Trator sobre esteiras com lâmina - 259 kW | D19: ARACAJU/SE | E19: Canteiro | F19: =[151]DIST.CENTRO!$G$170 -> 442 | G19: =[151]DIST.CENTRO!$G$171 -> 2.52 | H19: 60 | I19: 40 | J19: =(F19/H19)+(G19/I19) -> 7.4296667 | K19: 1 | L19: 1 | M19: E9018 | N19: 2 | O19: =VLOOKUP(M19,[151]Equipamentos_Julho2025!$A$1:$K$542,10,FALSE) -> 552.5587 | P19: =J19*K19*L19*N19*O19 -> 8210.6539 | Q19: =P19 -> 8210.6539
A20: 1.11 | B20: E9545 | C20: =VLOOKUP(B20,[151]Equipamentos_Julho2025!$A$1:$K$542,2,FALSE) -> Vibroacabadora de asfalto sobre esteiras - 97 kW | D20: ARACAJU/SE | E20: Canteiro | F20: =[151]DIST.CENTRO!$G$170 -> 442 | G20: =[151]DIST.CENTRO!$G$171 -> 2.52 | H20: 60 | I20: 40 | J20: =(F20/H20)+(G20/I20) -> 7.4296667 | K20: 1 | L20: 0.5 | M20: E9018 | N20: 2 | O20: =VLOOKUP(M20,[151]Equipamentos_Julho2025!$A$1:$K$542,10,FALSE) -> 552.5587 | P20: =J20*K20*L20*N20*O20 -> 4105.327 | Q20: =P20 -> 4105.327
A21: 1.12 | B21: E9558 | C21: =VLOOKUP(B21,[151]Equipamentos_Julho2025!$A$1:$K$542,2,FALSE) -> Tanque de estocagem de asfalto com capacidade de 30.000 l | D21: ARACAJU/SE | E21: Canteiro | F21: =[151]DIST.CENTRO!$G$170 -> 442 | G21: =[151]DIST.CENTRO!$G$171 -> 2.52 | H21: 60 | I21: 40 | J21: =(F21/H21)+(G21/I21) -> 7.4296667 | K21: 2 | L21: 1 | M21: E9665 | N21: 2 | O21: =VLOOKUP(M21,[151]Equipamentos_Julho2025!$A$1:$K$542,10,FALSE) -> 415.4473 | P21: =J21*K21*L21*N21*O21 -> 12346.54 | Q21: =P21 -> 12346.54
A22: 1.13 | B22: E9577 | C22: =VLOOKUP(B22,[151]Equipamentos_Julho2025!$A$1:$K$542,2,FALSE) -> Trator agrícola sobre pneus - 77 kW | D22: ARACAJU/SE | E22: Canteiro | F22: =[151]DIST.CENTRO!$G$170 -> 442 | G22: =[151]DIST.CENTRO!$G$171 -> 2.52 | H22: 60 | I22: 40 | J22: =(F22/H22)+(G22/I22) -> 7.4296667 | K22: 1 | L22: 0.5 | M22: E9665 | N22: 2 | O22: =VLOOKUP(M22,[151]Equipamentos_Julho2025!$A$1:$K$542,10,FALSE) -> 415.4473 | P22: =J22*K22*L22*N22*O22 -> 3086.635 | Q22: =P22 -> 3086.635
A23: 1.14 | B23: E9584 | C23: =VLOOKUP(B23,[151]Equipamentos_Julho2025!$A$1:$K$542,2,FALSE) -> Carregadeira de pneus com capacidade de 1,72 m³ - 113 kW | D23: ARACAJU/SE | E23: Canteiro | F23: =[151]DIST.CENTRO!$G$170 -> 442 | G23: =[151]DIST.CENTRO!$G$171 -> 2.52 | H23: 60 | I23: 40 | J23: =(F23/H23)+(G23/I23) -> 7.4296667 | K23: 1 | L23: 1 | M23: E9665 | N23: 2 | O23: =VLOOKUP(M23,[151]Equipamentos_Julho2025!$A$1:$K$542,10,FALSE) -> 415.4473 | P23: =J23*K23*L23*N23*O23 -> 6173.2699 | Q23: =P23 -> 6173.2699
A24: 1.15 | B24: E9609 | C24: =VLOOKUP(B24,[151]Equipamentos_Julho2025!$A$1:$K$542,2,FALSE) -> Draga de sucção para extração de areia com tubo de descarga de 150 mm - 100 kW | D24: ARACAJU/SE | E24: Canteiro | F24: =[151]DIST.CENTRO!$G$170 -> 442 | G24: =[151]DIST.CENTRO!$G$171 -> 2.52 | H24: 60 | I24: 40 | J24: =(F24/H24)+(G24/I24) -> 7.4296667 | K24: 1 | L24: 1 | M24: E9603 | N24: 2 | O24: =VLOOKUP(M24,[151]Equipamentos_Julho2025!$A$1:$K$542,10,FALSE) -> 398.4776 | P24: =J24*K24*L24*N24*O24 -> 5921.1115 | Q24: =P24 -> 5921.1115
A25: 1.17 | B25: E9681 | C25: =VLOOKUP(B25,[151]Equipamentos_Julho2025!$A$1:$K$542,2,FALSE) -> Rolo compactador liso tandem vibratório autopropelido de 10,4 t - 82 kW | D25: ARACAJU/SE | E25: Canteiro | F25: =[151]DIST.CENTRO!$G$170 -> 442 | G25: =[151]DIST.CENTRO!$G$171 -> 2.52 | H25: 60 | I25: 40 | J25: =(F25/H25)+(G25/I25) -> 7.4296667 | K25: 1 | L25: 0.5 | M25: E9666 | N25: 2 | O25: =VLOOKUP(M25,[151]Equipamentos_Julho2025!$A$1:$K$542,10,FALSE) -> 464.6614 | P25: =J25*K25*L25*N25*O25 -> 3452.2793 | Q25: =P25 -> 3452.2793
... A28: 1.21 | B28: E9773 | C28: =VLOOKUP(B28,[151]Equipamentos_Julho2025!$A$1:$K$542,2,FALSE) -> Retroescavadeira de pneus com caçamba de escavação trapezoidal ou triangular com seção de corte de 0,20 a 0,30 m² - 58 kW | D28: ARACAJU/SE | E28: Canteiro | F28: =[151]DIST.CENTRO!$G$170 -> 442 | G28: =[151]DIST.CENTRO!$G$171 -> 2.52 | H28: 60 | I28: 40 | J28: =(F28/H28)+(G28/I28) -> 7.4296667 | K28: 1 | L28: 1 | M28: E9665 | N28: 2 | O28: =VLOOKUP(M28,[151]Equipamentos_Julho2025!$A$1:$K$542,10,FALSE) -> 415.4473 | P28: =J28*K28*L28*N28*O28 -> 6173.2699 | Q28: =P28 -> 6173.2699
A29: CUSTO TOTAL DE MOBILIZAÇÃO DE EQUIPAMENTOS PESADOS | Q29: =ROUND(SUM(Q14:Q28),2) -> 85250.29
A31: VEÍCULOS AUTOPROPELIDOS
A32: ITEM | B32: CÓDIGO | C32: DISCRIÇÃO | D32: ORIGEM | E32: DESTINO | F32: DISTANCIA DE MOBILIZAÇÃO (km) (PAV) | G32: DISTANCIA DE MOBILIZAÇÃO (km) (LN) | H32: VELOCIDADE MÉDIA (km/h) (PAV) | I32: VELOCIDADE MÉDIA (km/h) (LN) | J32: TEMPO DE VIAGEM (h) | K32: QUANTIDADE (número) | L32: FATOR DE UTILIZAÇÃO (FU) | M32: TRANSPORTE | N32: IDA/ VOLTA (K) | O32: CUSTO HORÁRIO - CH (R$) | P32: CUSTO DO TRANSPORTE - Cmob (R$) | Q32: CUSTO TOTAL DE MOBILIZAÇÃO (R$)
A33: 2.2 | B33: E9506 | C33: =VLOOKUP(B33,[151]Equipamentos_Julho2025!$A$1:$K$542,2,FALSE) -> Caminhão basculante com capacidade de 6 m³ - 136 kW | D33: ARACAJU/SE | E33: Canteiro | F33: =[151]DIST.CENTRO!$G$170 -> 442 | G33: =[151]DIST.CENTRO!$G$171 -> 2.52 | H33: 60 | I33: 40 | J33: =(F33/H33)+(G33/I33) -> 7.4296667 | K33: 1 | L33: 1 | M33: =B33 -> E9506 | N33: 1 | O33: =VLOOKUP(M33,[151]Equipamentos_Julho2025!$A$1:$K$542,10,FALSE) -> 199.8929 | P33: =J33*K33*L33*N33*O33 -> 1485.1376 | Q33: =P33 -> 1485.1376
A34: 2.2 | B34: E9509 | C34: =VLOOKUP(B34,[151]Equipamentos_Julho2025!$A$1:$K$542,2,FALSE) -> Caminhão tanque distribuidor de asfalto com capacidade de 6.000 l - 7 kW/136 kW | D34: ARACAJU/SE | E34: Canteiro | F34: =[151]DIST.CENTRO!$G$170 -> 442 | G34: =[151]DIST.CENTRO!$G$171 -> 2.52 | H34: 60 | I34: 40 | J34: =(F34/H34)+(G34/I34) -> 7.4296667 | K34: 1 | L34: 1 | M34: =B34 -> E9509 | N34: 1 | O34: =VLOOKUP(M34,[151]Equipamentos_Julho2025!$A$1:$K$542,10,FALSE) -> 330.8343 | P34: =J34*K34*L34*N34*O34 -> 2457.9886 | Q34: =P34 -> 2457.9886
A35: 2.3 | B35: E9571 | C35: =VLOOKUP(B35,[151]Equipamentos_Julho2025!$A$1:$K$542,2,FALSE) -> Caminhão tanque com capacidade de 10.000 l - 188 kW | D35: =D34 -> ARACAJU/SE | E35: Canteiro | F35: =[151]DIST.CENTRO!$G$170 -> 442 | G35: =[151]DIST.CENTRO!$G$171 -> 2.52 | H35: 60 | I35: 40 | J35: =(F35/H35)+(G35/I35) -> 7.4296667 | K35: 1 | L35: 1 | M35: =B35 -> E9571 | N35: 1 | O35: =VLOOKUP(M35,[151]Equipamentos_Julho2025!$A$1:$K$542,10,FALSE) -> 353.9942 | P35: =J35*K35*L35*N35*O35 -> 2630.0589 | Q35: =P35 -> 2630.0589
A36: 2.7 | B36: E9579 | C36: =VLOOKUP(B36,[151]Equipamentos_Julho2025!$A$1:$K$542,2,FALSE) -> Caminhão basculante com capacidade de 10 m³ - 210 kW | D36: =D34 -> ARACAJU/SE | E36: Canteiro | F36: =[151]DIST.CENTRO!$G$170 -> 442 | G36: =[151]DIST.CENTRO!$G$171 -> 2.52 | H36: 60 | I36: 40 | J36: =(F36/H36)+(G36/I36) -> 7.4296667 | K36: 4 | L36: 1 | M36: =B36 -> E9579 | N36: 1 | O36: =VLOOKUP(M36,[151]Equipamentos_Julho2025!$A$1:$K$542,10,FALSE) -> 304.4862 | P36: =J36*K36*L36*N36*O36 -> 9048.9239 | Q36: =P36 -> 9048.9239
A37: 2.7 | B37: E9592 | C37: =VLOOKUP(B37,[151]Equipamentos_Julho2025!$A$1:$K$542,2,FALSE) -> Caminhão carroceria com capacidade de 15 t - 188 kW | D37: =D35 -> ARACAJU/SE | E37: Canteiro | F37: =[151]DIST.CENTRO!$G$170 -> 442 | G37: =[151]DIST.CENTRO!$G$171 -> 2.52 | H37: 60 | I37: 40 | J37: =(F37/H37)+(G37/I37) -> 7.4296667 | K37: 7 | L37: 1 | M37: =B37 -> E9592 | N37: 1 | O37: =VLOOKUP(M37,[151]Equipamentos_Julho2025!$A$1:$K$542,10,FALSE) -> 280.3288 | P37: =J37*K37*L37*N37*O37 -> 14579.247 | Q37: =P37 -> 14579.247
A38: 2.4 | B38: E9644 | C38: =VLOOKUP(B38,[151]Equipamentos_Julho2025!$A$1:$K$542,2,FALSE) -> Caminhão demarcador de faixas com sistema de pintura a frio - 28 kW/129 kW | D38: =D35 -> ARACAJU/SE | E38: Canteiro | F38: =[151]DIST.CENTRO!$G$170 -> 442 | G38: =[151]DIST.CENTRO!$G$171 -> 2.52 | H38: 60 | I38: 40 | J38: =(F38/H38)+(G38/I38) -> 7.4296667 | K38: 1 | L38: 1 | M38: =B38 -> E9644 | N38: 1 | O38: =VLOOKUP(M38,[151]Equipamentos_Julho2025!$A$1:$K$542,10,FALSE) -> 454.4607 | P38: =J38*K38*L38*N38*O38 -> 3376.4915 | Q38: =P38 -> 3376.4915
A39: 2.5 | B39: E9667 | C39: =VLOOKUP(B39,[151]Equipamentos_Julho2025!$A$1:$K$542,2,FALSE) -> Caminhão basculante com capacidade de 14 m³ - 210 kW | D39: =D38 -> ARACAJU/SE | E39: Canteiro | F39: =[151]DIST.CENTRO!$G$170 -> 442 | G39: =[151]DIST.CENTRO!$G$171 -> 2.52 | H39: 60 | I39: 40 | J39: =(F39/H39)+(G39/I39) -> 7.4296667 | K39: 3 | L39: 1 | M39: =B39 -> E9667 | N39: 1 | O39: =VLOOKUP(M39,[151]Equipamentos_Julho2025!$A$1:$K$542,10,FALSE) -> 317.7566 | P39: =J39*K39*L39*N39*O39 -> 7082.4769 | Q39: =P39 -> 7082.4769
A40: 2.6 | B40: E9686 | C40: =VLOOKUP(B40,[151]Equipamentos_Julho2025!$A$1:$K$542,2,FALSE) -> Caminhão guindauto com capacidade de elevação de 6,2 t e carroceria de 7 t - 136 kW | D40: =D39 -> ARACAJU/SE | E40: Canteiro | F40: =[151]DIST.CENTRO!$G$170 -> 442 | G40: =[151]DIST.CENTRO!$G$171 -> 2.52 | H40: 60 | I40: 40 | J40: =(F40/H40)+(G40/I40) -> 7.4296667 | K40: 1 | L40: 1 | M40: =B40 -> E9686 | N40: 1 | O40: =VLOOKUP(M40,[151]Equipamentos_Julho2025!$A$1:$K$542,10,FALSE) -> 316.7969 | P40: =J40*K40*L40*N40*O40 -> 2353.6954 | Q40: =P40 -> 2353.6954
A41: 2.7 | B41: E9687 | C41: =VLOOKUP(B41,[151]Equipamentos_Julho2025!$A$1:$K$542,2,FALSE) -> Caminhão carroceria com capacidade de 5 t - 120 kW | D41: =D40 -> ARACAJU/SE | E41: Canteiro | F41: =[151]DIST.CENTRO!$G$170 -> 442 | G41: =[151]DIST.CENTRO!$G$171 -> 2.52 | H41: 60 | I41: 40 | J41: =(F41/H41)+(G41/I41) -> 7.4296667 | K41: 1 | L41: 1 | M41: =B41 -> E9687 | N41: 1 | O41: =VLOOKUP(M41,[151]Equipamentos_Julho2025!$A$1:$K$542,10,FALSE) -> 174.3949 | P41: =J41*K41*L41*N41*O41 -> 1295.696 | Q41: =P41 -> 1295.696
B42: CUSTO TOTAL DE MOBILIZAÇÃO DE VEÍCULOS DE TRANSPORTE | Q42: =ROUND(SUM(Q33:Q41),2) -> 44309.72
A45: EQUIPAMENTOS DE PEQUENO PORTE (EMBARCADOS EM CAMINHÕES)
A46: ITEM | B46: CÓDIGO | C46: DISCRIÇÃO | D46: ORIGEM | E46: DESTINO | F46: DISTANCIA DE MOBILIZAÇÃO (km) | G46: DISTANCIA DE MOBILIZAÇÃO (km) | H46: QUANTIDADE (número) | I46: IDA/ VOLTA (K) | J46: PESO UNITÁRIO (kg) | K46: PESO UNITÁRIO (t) | L46: PESO TOTAL (t) | M46: LOGÍSTICA
A47: 3.1 | B47: E9010 | C47: =VLOOKUP(B47,[151]Equipamentos_Julho2025!$A$1:$K$542,2,FALSE) -> Balança plataforma digital à bateria, com mesa de 75 x 75 cm e capacidade de 500 kg | D47: ARACAJU/SE | E47: Canteiro | F47: =[151]DIST.CENTRO!$G$170 -> 442 | G47: =[151]DIST.CENTRO!$G$171 -> 2.52 | H47: 1 | I47: 2 | J47: 89 | K47: =J47/1000 -> 0.089 | L47: =$H47*$K47 -> 0.089 | M47: Os equipamentos de pequeno porte, totalizam peso inferior à capacidade de carga dos caminhões a serem alocados à obra. Portanto, não será necessário transporte complementar para esses itens
A48: 3.2 | B48: E9064 | C48: =VLOOKUP(B48,[151]Equipamentos_Julho2025!$A$1:$K$542,2,FALSE) -> Transportador manual gerica com capacidade de 180 l | D48: =D47 -> ARACAJU/SE | E48: Canteiro | F48: =[151]DIST.CENTRO!$G$170 -> 442 | G48: =[151]DIST.CENTRO!$G$171 -> 2.52 | H48: 4 | I48: 2 | J48: 39.33 | K48: =J48/1000 -> 0.03933 | L48: =$H48*$K48 -> 0.15732
A49: 3.3 | B49: E9066 | C49: =VLOOKUP(B49,[151]Equipamentos_Julho2025!$A$1:$K$542,2,FALSE) -> Grupo gerador - 14 kVA | D49: =D48 -> ARACAJU/SE | E49: Canteiro | F49: =[151]DIST.CENTRO!$G$170 -> 442 | G49: =[151]DIST.CENTRO!$G$171 -> 2.52 | H49: 2 | I49: 2 | J49: 548 | K49: =J49/1000 -> 0.548 | L49: =$H49*$K49 -> 1.096
A50: 3.4 | B50: E9069 | C50: =VLOOKUP(B50,[151]Equipamentos_Julho2025!$A$1:$K$542,2,FALSE) -> Vibrador de imersão para concreto - 4,10 kW | D50: =D49 -> ARACAJU/SE | E50: Canteiro | F50: =[151]DIST.CENTRO!$G$170 -> 442 | G50: =[151]DIST.CENTRO!$G$171 -> 2.52 | H50: 1 | I50: 2 | J50: 13 | K50: =J50/1000 -> 0.013 | L50: =$H50*$K50 -> 0.013
A51: 3.5 | B51: E9071 | C51: =VLOOKUP(B51,[151]Equipamentos_Julho2025!$A$1:$K$542,2,FALSE) -> Transportador manual carrinho de mão com capacidade de 80 l | D51: =D50 -> ARACAJU/SE | E51: Canteiro | F51: =[151]DIST.CENTRO!$G$170 -> 442 | G51: =[151]DIST.CENTRO!$G$171 -> 2.52 | H51: 5 | I51: 2 | J51: 18.05 | K51: =J51/1000 -> 0.01805 | L51: =$H51*$K51 -> 0.09025
A52: 3.6 | B52: E9507 | C52: =VLOOKUP(B52,[151]Equipamentos_Julho2025!$A$1:$K$542,2,FALSE) -> Plotadora de recorte com computador e programa computacional | D52: =D51 -> ARACAJU/SE | E52: Canteiro | F52: =[151]DIST.CENTRO!$G$170 -> 442 | G52: =[151]DIST.CENTRO!$G$171 -> 2.52 | H52: 1 | I52: 2 | J52: 64 | K52: =J52/1000 -> 0.064 | L52: =$H52*$K52 -> 0.064
A53: 3.7 | B53: E9518 | C53: =VLOOKUP(B53,[151]Equipamentos_Julho2025!$A$1:$K$542,2,FALSE) -> Grade de 24 discos rebocável de D = 60 cm (24") | D53: =D52 -> ARACAJU/SE | E53: Canteiro | F53: =[151]DIST.CENTRO!$G$170 -> 442 | G53: =[151]DIST.CENTRO!$G$171 -> 2.52 | H53: 1 | I53: 2 | J53: 1860 | K53: =J53/1000 -> 1.86 | L53: =$H53*$K53 -> 1.86
A54: 3.8 | B54: E9519 | C54: =VLOOKUP(B54,[151]Equipamentos_Julho2025!$A$1:$K$542,2,FALSE) -> Betoneira com motor a gasolina com capacidade de 600 l - 10 kW | D54: =D53 -> ARACAJU/SE | E54: Canteiro | F54: =[151]DIST.CENTRO!$G$170 -> 442 | G54: =[151]DIST.CENTRO!$G$171 -> 2.52 | H54: 3 | I54: 2 | J54: 1050 | K54: =J54/1000 -> 1.05 | L54: =$H54*$K54 -> 3.15
A55: 3.9 | B55: E9521 | C55: =VLOOKUP(B55,[151]Equipamentos_Julho2025!$A$1:$K$542,2,FALSE) -> Grupo gerador - 3,2 kVA | D55: =D54 -> ARACAJU/SE | E55: Canteiro | F55: =[151]DIST.CENTRO!$G$170 -> 442 | G55: =[151]DIST.CENTRO!$G$171 -> 2.52 | H55: 1 | I55: 2 | J55: 52.5 | K55: =J55/1000 -> 0.0525 | L55: =$H55*$K55 -> 0.0525
A56: 3.10 | B56: E9535 | C56: =VLOOKUP(B56,[151]Equipamentos_Julho2025!$A$1:$K$542,2,FALSE) -> Serra circular com bancada - D = 30 cm - 4 kW | D56: =D55 -> ARACAJU/SE | E56: Canteiro | F56: =[151]DIST.CENTRO!$G$170 -> 442 | G56: =[151]DIST.CENTRO!$G$171 -> 2.52 | H56: 1 | I56: 2 | J56: 95 | K56: =J56/1000 -> 0.095 | L56: =$H56*$K56 -> 0.095
A57: 3.11 | B57: E9544 | C57: =VLOOKUP(B57,[151]Equipamentos_Julho2025!$A$1:$K$542,2,FALSE) -> Vassoura mecânica rebocável com largura de 2,44 m | D57: =D56 -> ARACAJU/SE | E57: Canteiro | F57: =[151]DIST.CENTRO!$G$170 -> 442 | G57: =[151]DIST.CENTRO!$G$171 -> 2.52 | H57: 1 | I57: 2 | J57: 820 | K57: =J57/1000 -> 0.82 | L57: =$H57*$K57 -> 0.82
A58: 3.12 | B58: E9547 | C58: =VLOOKUP(B58,[151]Equipamentos_Julho2025!$A$1:$K$542,2,FALSE) -> Máquina de solda elétrica transformadora 250 A - 9,20 kW | D58: =D57 -> ARACAJU/SE | E58: Canteiro | F58: =[151]DIST.CENTRO!$G$170 -> 442 | G58: =[151]DIST.CENTRO!$G$171 -> 2.52 | H58: 1 | I58: 2 | J58: 24.5 | K58: =J58/1000 -> 0.0245 | L58: =$H58*$K58 -> 0.0245
A59: 3.14 | B59: E9568 | C59: =VLOOKUP(B59,[151]Equipamentos_Julho2025!$A$1:$K$542,2,FALSE) -> Furadeira de impacto de 12,5 mm - 0,80 kW | D59: =D58 -> ARACAJU/SE | E59: Canteiro | F59: =[151]DIST.CENTRO!$G$170 -> 442 | G59: =[151]DIST.CENTRO!$G$171 -> 2.52 | H59: 1 | I59: 2 | J59: 2.5 | K59: =J59/1000 -> 0.0025 | L59: =$H59*$K59 -> 0.0025
... A67: 3.23 | B67: E9764 | C67: =VLOOKUP(B67,[151]Equipamentos_Julho2025!$A$1:$K$542,2,FALSE) -> Grupo gerador - 7,2 kVA | D67: =D66 -> ARACAJU/SE | E67: Canteiro | F67: =[151]DIST.CENTRO!$G$170 -> 442 | G67: =[151]DIST.CENTRO!$G$171 -> 2.52 | H67: 1 | I67: 2 | J67: 97 | K67: =J67/1000 -> 0.097 | L67: =$H67*$K67 -> 0.097
B68: PESO TOTAL (KG) | M68: =SUM(L47:L67) -> 10.43497 | N68: CÓDIGO | O68: CUSTO DO TRANSPORTE - Cmob (R$) | Q68: CUSTO TOTAL DE MOBILIZAÇÃO (R$)
B69: CARGA, MANOBRA E DESCARGA DE MATERIAIS DIVERSOS EM CAMINHÃO CARROCERIA DE 15 T - CARGA E DESCARGA COM CAMINHÃO GUINDAUTO DE 20 T.M | L69: =M68 -> 10.43497 | N69: 5914333 | O69: 34.19 | Q69: =ROUND(L69*O69,2) -> 356.77
A72: CUSTO DE MOBILIZAÇÃO DE PESSOAL
A73: ITEM | B73: CÓDIGO | C73: DISCRIÇÃO | D73: ORIGEM | E73: DESTINO | F73: DISTANCIA DE MOBILIZAÇÃO (DM) | G73: DISTANCIA DE MOBILIZAÇÃO (DM) | H73: QUANTIDADE | J73: TIPO DE VIAGEM | K73: VALOR DA PASAGEM (R$) | L73: CUSTO DO TRANSPORTE (R$) | M73: DIÁRIAS (R$) | N73: CUSTO TOTAL DE MOBILIZAÇÃO (R$)
A74: PESSOAL ALOCADO NA OBRA
A75: 4.1 | C75: Engenheiros | D75: =D47 -> ARACAJU/SE | E75: Canteiro | F75: =F47 -> 442 | G75: =G47 -> 2.52 | H75: 0.25 | J75: Auto | K75: Esses profissionais qualificados, em virtude da moderada distância, se deslocarão nos veículos alocados à obra, não havendo necessidade de passagens complementares
A76: 4.2 | C76: Encarregados/Laboratoristas/Topógrafos | D76: =D75 -> ARACAJU/SE | E76: Canteiro | F76: =F75 -> 442 | G76: =G75 -> 2.52 | H76: 8 | J76: Auto
A77: 4.3 | C77: Operador de equipamento pesado/especial | D77: =D76 -> ARACAJU/SE | E77: Canteiro | F77: =F76 -> 442 | G77: =G76 -> 2.52 | H77: 5 | J77: Auto
A78: 4.4 | C78: Profissionais com deslocamento rodoviário (Administração Local e 50% da mão de obra ordinária) | D78: =D77 -> ARACAJU/SE | E78: Canteiro | F78: =F77 -> 442 | G78: =G77 -> 2.52 | H78: =0.5*20 -> 10 | J78: Ônibus | K78: Foi considerado que a mão de obra destinada a execução da obra será locada nas cidades próximos a mesma
L80: Nota: Foram estudadas as distâncias entre as capitais até o canteiro para adotar a mais próxima:
L81: CIDADE | M81: ESTADO | N81: DMT ATÉ O INÍCIO DO TRECHO
L82: Recife | M82: PE | N82: =[151]DIST.CENTRO!C26 -> 482
L83: Teresina | M83: PI | N83: =[151]DIST.CENTRO!C51 -> 692
L84: Maceió | M84: AL | N84: =[151]DIST.CENTRO!C76 -> 480
L85: Salvador | M85: BA | N85: =[151]DIST.CENTRO!C101 -> 529
L86: Aracaju | M86: SE | N86: =[151]DIST.CENTRO!C126 -> 442
L87: João Pessoa | M87: PB | N87: =[151]DIST.CENTRO!C151 -> 555

Sheet ISS CALCULADO
A2: CÁLCULO DA DEDUÇÃO DO ISS (SEM DESONERAÇÃO)
A5: Valor total da obra | C5: ='[152]PLANILHA ORÇAMENTÁRIA '!K106 -> 11029714
A6: Materiais betuminosos | C6: ='[152]PLANILHA ORÇAMENTÁRIA '!K69+'[152]PLANILHA ORÇAMENTÁRIA '!K71 -> 167010.8
A7: Dedução (1) | C7: =C6/C5 -> 0.015141897
A8: ISS Código Art. 67 (2) | C8: 0.05
A9: Base de Cálculo (3) | C9: =1-C7 -> 0.9848581
A10: ISS Cálculado (4) | C10: =C8*C9 -> 0.049242905
A12: OBS:
A13: =CONCATENATE("(1) Dedução = ",TEXT(C6,"#.##0,00")," / ",TEXT(C5,"#.##0,00"),"= ",TEXT(C7,"0,0000")," x 100 = ",TEXT(C7*100,"0,00"),"%") -> (1) Dedução = 167.010,80 / 11.029.714,20= 0,0151 x 100 = 1,51%
A14: =CONCATENATE("(2) Base de cálculo = 1 - ",TEXT(C7,"0,0000"),"(dedução) = ",TEXT(C9,"0,0000")," x 100 = ",TEXT(C9*100,"0,00"),"%") -> (2) Base de cálculo = 1 - 0,0151(dedução) = 0,9849 x 100 = 98,49%
A15: =CONCATENATE("(3) ISS calculado = ",TEXT(C8*100,"0,00"),"% x ",TEXT(C9*100,"0,00"),"% = ",TEXT(C10*100,"0,00"),"%") -> (3) ISS calculado = 5,00% x 98,49% = 4,92%
A16: (4) Valores sem BDI

Sheet GERAL
A1: DER-PE
A3: COMPOSIÇÃO DA PARCELA DE BDI - Sem Desoneração (Bonificação e Depessas Indiretas)
A4: ITENS RELATIVOS À ADMINISTRAÇÃO DA OBRA | D4: % sobre CD
A5: A - Administração Central | D5: 0.038
A6: B - Seguros e Garantias Contratuais | D6: 0.0032
A7: C - Riscos | D7: 0.005
A8: D - Despesa Financeira | D8: 0.0102
A9: LUCRO | D9: % sobre CD
A10: E - Lucro | D10: 0.0708
A11: TAXAS E IMPOSTOS | D11: % sobre CD
A12: PIS | D12: 0.0065
A13: COFINS | D13: 0.03
A14: ISSQN | D14: ='ISS CALCULADO'!C10 -> 0.049242905
A15: CPRB | J15: =1-D16 -> 0.91425709
A16: I (Impostos) | D16: =SUM(D12:E15) -> 0.085742905
A17: BDI COM IMPOSTOS (%) | C17: Total | D17: =(((1+D5+D6+D7)*(1+D8)*(1+D10))/(1-D16)-1) -> 0.23783313 | M17: =J18*J19*J20 -> 6.0792785
A18: CD = Custo Direto CPRB – Contribuição Previdenciária sobre a Receita Bruta | J18: =1+3.8+0.32+0.5 -> 5.62 | M18: =M17/J15 -> 6.649419
A19: BDI DIFERENCIADO (sem desoneração) = 15,62% Memorando Circular DNIT nº 03/2016-DIREX | J19: =1+D8 -> 1.0102
A20: Observação: O percentual de ISSQN adotado esta previsto no Art. 67 da Lei Complementar n.º 001, de 29 de dezembro de 2009 (Código Tributário do Município de Belém de São Francisco/PE). | J20: =1+D10 -> 1.0708 | M20: =M18-1 -> 5.649419

Sheet DIFERENCIADO
A1: DER-PE
A3: COMPOSIÇÃO DA PARCELA DE BDI - Diferenciado (SEM DESONERAÇÃO) (Bonificação e Depessas Indiretas)
A4: ITENS RELATIVOS À ADMINISTRAÇÃO DA OBRA | D4: % sobre CD
A5: A - Administração Central | D5: 0.015
A6: B - Seguros e Garantias Contratuais | D6: 0.003
A7: C - Riscos | D7: 0.0056
A8: D - Despesa Financeira | D8: 0.0085
A9: LUCRO | D9: % sobre CD
A10: E - Lucro | D10: 0.0399
A11: TAXAS E IMPOSTOS | D11: % sobre CD
A12: PIS | D12: 0.0065
A13: COFINS | D13: 0.03
A14: ISSQN | D14: ='ISS CALCULADO'!C10 -> 0.049242905
A15: CPRB | J15: =1-D16 -> 0.91425709
A16: I (Impostos) | D16: =SUM(D12:E15) -> 0.085742905
A17: BDI COM IMPOSTOS (%) | C17: Total | D17: =(((1+D5+D6+D7)*(1+D8)*(1+D10))/(1-D16)-1) -> 0.17416578 | M17: =J18*#REF!*J19 -> #REF!
A18: CD = Custo Direto CPRB – Contribuição Previdenciária sobre a Receita Bruta | J18: =1+3.8+0.32+0.5 -> 5.62 | M18: =M17/J15 -> #REF!
A19: Observação: O percentual de ISSQN adotado esta previsto no Art. 67 da Lei Complementar n.º 001, de 29 de dezembro de 2009 (Código Tributário do Município de Belém de São Francisco/PE). | J19: =1+D10 -> 1.0399 | M19: =M18-1 -> #REF!
